Workbook
Name ___________nt1: #REF!
Name ___________nt2: #REF!
Name ___________nt3: #REF!
Name ___________nt4: #REF!
Name ___________nt5: #REF!
Name ___________nt6: #REF!
Name ___________nt7: #REF!
Name ___________nt8: #REF!
Name ___________nt9: #REF!
Name ___________tt5: #REF!
Name ___________tt6: #REF!
Name ___________ttt5: #REF!
Name ___________zt2: #REF!
Name ___________zt3: #REF!
Name ___________zt4: #REF!
Name ___________zt5: #REF!
Name ___________zt51: #REF!
Name ___________zt6: #REF!
Name ___________zt7: #REF!
Name ___________zt8: #REF!
Name __________nt1: #REF!
Name __________nt2: #REF!
Name __________nt3: #REF!
Name __________nt4: #REF!
Name __________nt5: #REF!
Name __________nt6: #REF!
Name __________nt7: #REF!
Name __________nt8: #REF!
Name __________nt9: #REF!
Name __________tt5: #REF!
Name __________tt6: #REF!
Name __________ttt5: #REF!
Name __________zt2: #REF!
Name __________zt3: #REF!
Name __________zt4: #REF!
Name __________zt5: #REF!
Name __________zt51: #REF!
Name __________zt6: #REF!
Name __________zt7: #REF!
Name __________zt8: #REF!
Name ________nt1: #REF!
Name ________nt2: #REF!
Name ________nt3: #REF!
Name ________nt4: #REF!
Name ________nt5: #REF!
Name ________nt6: #REF!
Name ________nt7: #REF!
Name ________nt8: #REF!
Name ________nt9: #REF!
Name ________tt5: #REF!
Name ________tt6: #REF!
Name ________ttt5: #REF!
Name ________zt2: #REF!
Name ________zt3: #REF!
Name ________zt4: #REF!
Name ________zt5: #REF!
Name ________zt51: #REF!
Name ________zt6: #REF!
Name ________zt7: #REF!
Name ________zt8: #REF!

Sheet П 1.13 2016 расчет 
I1: Таблица N П1.13
A3: Расчет суммы платы АО "РКЦ "Прогресс"
A4: за услуги по организации функционирования и развитию ЕЭС России,
A5: оперативно-диспетчерскому управлению в электроэнергетике,
A6: организации функционирования торговой системы оптового
A7: рынка электрической энергии (мощности), передаче
A8: электрической энергии по единой национальной
A9: (общероссийской) электрической сети
A11: № п/п | B11: технологический расход электроэнергии на транспортировку | G11: на содержание сетей | I11: Сумма платы за услуги
B12: Показатели | C12: плановый объем отпуска 220 кВ и ниже | D12: норматив потерь | E12: объем потерь | F12: тариф на оплату | G12: заявленная мощность | H12: тариф на оплату
C13: МВтч | D13: % | E13: МВтч | F13: руб./Мвтч | G13: МВт | H13: руб./Мвт | I13: тыс. руб.
B14: ОАО "ФСК ЕЭС"
A15: 1. | B15: Базовый период | L15: 17,604 МВт | M15: в дог.ФСК
B16: 1 полугодие 2015 г. | C16: 10340.648 | D16: 4.61 | E16: =C16*D16% -> 476.70387 | F16: 1730.59 | G16: 3.856 | H16: 134589.17 | I16: =(E16*F16+G16*6*H16)/1000 -> 3938.834 | J16: =(4+4+3.3+3+3+3)/6 -> 3.3833333 | K16: 2 п-е 2014г. был | L16: тариф был пересмотрен
B17: 2 полугодие 2015 г. | C17: 10257.907 | D17: 4.61 | E17: =C17*D17% -> 472.88951 | F17: 1860.38 | G17: 3.856 | H17: 144686.52 | I17: =(E17*F17+G17*6*H17)/1000 -> 4227.2215 | J17: =(3+3+3.3+3.3+4+4)/6 -> 3.4333333 | K17: 147681.2 | L17: протокол разногласий 5,05 МВт
B18: Итого 2015 г. | C18: =SUM(C16:C17) -> 20598.555 | D18: =D17 -> 4.61 | E18: =SUM(E16:E17) -> 949.59339 | G18: =(G16+G17)/2 -> 3.856 | I18: =SUM(I16:I17) -> 8166.0555 | J18: =(J16+J17)/2 -> 3.4083333 | L18: 11297.893 | M18: з.м. | N18: =755.798741*3+607.33827*3+605.65127*3+753.69935*3 -> 8167.4629 | O18: потери | P18: =191.45418+189.93766+146.00148+141.26387+127.32067+140.35634+162.60057+175.7855+189.4222+229.75914+193.11001+201.00106 -> 2088.0127 | Q18: =N18+P18 -> 10255.476
A19: 2. | B19: Период регулирования | J19: =(4+4+3.3+3+3+3+3+3+3.3+3.3+4+4)/12 -> 3.4083333 | N19: =(1923.99+1908.75+1467.22+1419.61+1279.49+1410.49) -> 9409.55
B20: 1 полугодие 2016 г. | C20: 10829.473 | D20: 3.76 | E20: =C20*D20% -> 407.1882 | F20: 1860.38 | G20: 2.79219 | H20: 144686.52 | I20: =(E20*F20+G20*6*H20)/1000 -> 3181.4783 | L20: =N19+N20 -> 20983.17 | N20: =(1634.03+1766.53+1903.57+2308.93+1940.63+2019.93) -> 11573.62
B21: 2 полугодие 2016 г. | C21: 10213.06 | D21: 3.76 | E21: =C21*D21% -> 384.01107 | F21: 1962.7 | G21: 2.76739 | H21: 155541.58 | I21: =(E21*F21+G21*6*H21)/1000 -> 3336.3638 | K21: рост с июля | L21: 1.075 | M21: по предлож.ФСК на 2015г.
B22: Итого 2016 г. | C22: =SUM(C20:C21) -> 21042.534 | D22: =(D20+D21)/2 -> 3.76 | E22: =C22*D22/100 -> 791.19927 | G22: =(G20+G21)/2 -> 2.77979 | I22: =SUM(I20:I21) -> 6517.8421 | K22: с июля 2015 г. | L22: =H21/H20 -> 1.0750247 | M22: 9322.2 | N22: =(E21*2030.3+G21*163310.63*6)/1000+I20 -> 6672.8012 | P22: =P18+N18 -> 10255.476
N23: =M22-I22 -> 2804.3579
J24: 6266,23 утверд.МЭ 2016
A25: Первый зам. генерального директора - | L25: 2014г. от бюджетного отдела
A26: главный инженер | H26: =#REF! -> #REF! | L26: 10652.16
C29: ='П1.30 -2020г., 1 и 2 п-е'!C14 -> 12023.386 | D29: ='П1.30 -2020г., 1 и 2 п-е'!D14 -> 2.9805483 | L29: в договоре ФСК | N29: з.м.
C30: ='П1.30 -2020г., 1 и 2 п-е'!E14 -> 10218.954 | D30: ='П1.30 -2020г., 1 и 2 п-е'!F14 -> 2.9806283 | N30: =2375.90731*6+2599.77984*6 -> 29854.123
C31: ='П1.30 -2020г., 1 и 2 п-е'!G14 -> 22242.34 | D31: ='П1.30 -2020г., 1 и 2 п-е'!H14 -> 2.9806033 | N31: потери
N32: =C18*D18/100*F16/1000 -> 1643.3568
N33: итого
N34: =N30+N32 -> 31497.48
L35: д.заплатить по тарифам с МРСК на пл.объем 2014 г.
N36: =11916.4+11621.3 -> 23537.7
L38: не хватает | N38: =N36-N34 -> -7959.7797

Sheet Выпад.дох.за 2015г.в тар.2017
A1: Расчет выпадающих по независящим причинам доходов от оказания услуг по передаче электрической энергии
A2: сетевой организации АО «РКЦ «Прогресс» за 2015 г., | H2: доход | I2: расход
A3: подлежащих включению в НВВ на передачу электрической энергии в 2017 г. | H3: =SUM(G12:G14)+G21 -> 17052.59 | I3: =SUM(G17:G20)+G22 -> 7877.17
A4: ???+доход от нк энергосбыт+ энергобытобслуживание ≈6,0+27,0=33,0т.р. | H4: Д.Б. | I4: =G7 -> 11020.37 | Q4: по сч-ф | R4: по плат.
A5: № п/п | B5: Показатели | G5: Сумма, тыс.руб. (без НДС) | H5: по ф.5 2013г. | I5: =I4-#REF! -> #REF!
B6: Утвержденнная выручка АО "РКЦ "Прогресс" на 2015 год
A7: 1. | B7: Утвержденная НВВ АО "РКЦ "Прогресс" (с учетом оплаты услуг ПАО "ФСК ЕЭС" и без уч.оплаты потерь на потребителя) на 2015 г. - | G7: 11020.37 | H7: 2302.9
A8: 1.1. | B8: в т.ч. Оплата услуг ПАО "ФСК ЕЭС" | G8: 8165.45 | H8: 14184.805
A9: 1.2. | B9: в т.ч. Утвержденная НВВ АО "РКЦ "Прогресс" на 2015 г. (без оплаты услуг ПАО "ФСК ЕЭС" и оплаты потерь) - | G9: =G7-G8 -> 2854.92 | H9: 14184.805
B10: Фактическая выручка АО "РКЦ "Прогресс" за 2015 год
A11: 2. | B11: Доход АО "РКЦ "Прогресс" всего | G11: =SUM(G12:G14) -> 16584.2 | R11: + псх
A12: 2.1. | B12: Доход АО "РКЦ "Прогресс" от ОАО "Самараэнерго" за услуги по передаче за 2015 г. (по котловым тарифам) - | G12: 13863.13 | H12: 14184.805 | Q12: =(1562692.98-489.19+1507438.53+1559332.1+1208328.25+932620.28+1067700.51+1022153.17+1073693.19+1078203.49+1257924.25+1688542.05+2360932.59)/1.18/1000 -> 13829.722 | R12: =(1562.96245+1507.73652+1559.56674+1208.5514+933.07772+1081.09326+1026.75988+1074.48587+1079.58811+1277.40177+1691.04973) -> 14002.273
A13: 2.2. | B13: в т.ч. Доход АО "РКЦ "Прогресс" от МП г.о.Самара "Самарский метрополитен" за услуги по передаче за 2015 г.- | G13: 799.55 | H13: 606.12 | Q13: =(145756.41+126872.99+139815.9+114721.95+52305.62+63205.15+67877.2+64578.67+61157.47+46958.91+41523.89)/1.18/1000 -> 783.70692 | S13: =G13-Q13 -> 15.843085 | T13: =(145756.41+126872.99+139815.9+114721.95+52305.62+63205.15+67877.2+64578.67+61157.47+46958.91+41523.89) -> 924774.16
A14: 2.3. | B14: в т.ч. Доход АО "РКЦ "Прогресс" от ЗАО "СГЭС" за услуги по передаче эл.энергии за 2015 г.- | G14: 1921.52 | H14: 8.85 | Q14: =(330757+358286.49+225297.83+270986.84+240988.94+311394.18+245198.13)/1.18/1000 -> 1680.4317
A15: 3. | B15: Платежи АО "РКЦ "Прогресс" | G15: =SUM(G16:G22) -> 16040.47
A16: 3.1. | B16: Оплата услуг ПАО "ФСК ЕЭС" | G16: 7694.91 | H16: 3495.9822 | J16: 1495.2 | K16: тыс.кВтч | Q16: 7639.4 | R16: =(8916.47073-1)/1.18 -> 7555.4837 | S16: =G16-Q16 -> 55.51
A17: 3.2. | B17: Платежи АО "РКЦ "Прогресс" в адрес ОАО "РЖД" КДЭ СП Трансэнерго за услуги по передаче эл.энергии за 2015 г.- | G17: 36.84 | H17: 4.54 | Q17: =(1972.57+2019.48+1612.24+1326.35+1501.68+1441.28+1974.96+4106.12+1942.88+3121.06+6007.26+16168.85)/1000/1.18 -> 36.605703
A18: 3.3. | B18: Платежи АО "РКЦ "Прогресс" в адрес ОАО "МРСК Волги" за услуги по передаче эл.энергии за 2015 г.- | G18: 2929.38 | H18: 17141.94 | Q18: =(3045.93693+190.46282+410.72779)/1.18 -> 3090.7861
A19: 3.4. | B19: Платежи АО "РКЦ "Прогресс" в адрес ЗАО "ССК"(подсобное хозяйство Борское) за услуги по передаче эл.энергии за 2015 г.- | G19: 891.68 | H19: 552.17058 | I19: только авг-сент.
A20: 3.5. | B20: Платежи АО "РКЦ "Прогресс" в адрес ЗАО "ССК"(промплощадка) за услуги по передаче эл.энергии за 2015 г.- | G20: 930.96 | H20: нет | J20: утв.потери 2013г. | P20: =SUM(G19:G20) -> 1822.64 | Q20: =(240.24978+274.24988+277.22959+955.44908) -> 1747.1783
A21: 3.6. | B21: Платежи АО "РКЦ "Прогресс" в адрес АО "Самаранефтегаз" за услуги по передаче эл.энергии за 2015 г.- | G21: 468.39 | H21: нет | I21: 261.35 | Q21: =(26368+32936.4+29698.68+30280.92+5332.99+31002.99+14489.38+8487.83+6880.86+20738.46+10233.3+21068.3+11410.64+28107.07+36877.05+11878.02+51119.76+62914.17)/1.18/1000 -> 372.7329 | R21: =26368+32936.4+29698.68+30280.92+5333.99+31002.99+14489.38+8487.83+6880.86+20738.46+10233.3+21068.3+11410.64+28107.07+36877.05+11878.02+51119.76+62914.17+18630.12+17031.36+16359.3 -> 491846.6
A22: 3.7. | B22: Покупка потерь на потребителя в ОАО "Самараэнерго" за 2015 г. | G22: 3088.31 | H22: 3495.9822 | J22: 1495.2 | K22: тыс.кВтч
B23: Фактическая выручка АО "РКЦ "Прогресс" на осуществления деятельности по передаче электрической энергии за 2015г.(на содержание сетей)
A24: 4. | B24: 16584,20-16040,47 = +543,73 тыс.руб. | G24: =G11-G15 -> 543.73 | H24: =SUM(H12:H14)-H17-H18-H19-H22 -> -6394.8577 | I24: -766.1
A25: 5. | B25: Выпадающие доходы (убытки) АО "РКЦ "Прогресс" от осуществления деятельности по передаче электрической энергии за 2015г.
B26: 2854,92 - 543,73 = +2311,19 тыс.руб. | G26: =G9-G24 -> 2311.19 | H26: =H7-H24 -> 8697.7577 | I26: -766.1
A29: В связи со сложившейся ситуацией в 2015 г., прошу учесть выпадающие доходы (убытки) АО "РКЦ "Прогресс" от осуществления деятельности по передаче электрической энергии за 2015 г. | Q29: =15461.52+761.06+3128.2-2374.47 -> 16976.31
A30: в размере - 2311,19 тыс.руб. при утверждении необходимой валовой выручки на 2017 г. | Q30: =#REF! -> #REF!
Q31: =Q30-Q29 -> #REF!
H33: =2265.5-G7 -> -8754.87
A43: Первый зам. генерального директора - | L43: =I36-9777.22 -> -9777.22
A44: главный инженер | F44: С. В. Тюлевин

Sheet П.2.1.
G1: Таблица № П2.1 | I1: Общее количество у.е. | L1: 664.8388
A2: Система условных единиц для распределения | I2: Количество у.е. по ВН | L2: 295.27 | M2: 0.4441227
A3: общей суммы тарифной выручки по классам напряжения | I3: Количество у.е. по СН I | L3: 0 | M3: 0
A4: АО "РКЦ "Прогресс" | I4: Количество у.е. по СН II | L4: 338.5071 | M4: 0.50915666
A5: Объем воздушных линий электропередач (ВЛЭП) и кабельных линий электропередач (КЛЭП) | I5: Количество у.е. по НН | L5: 31.0617 | M5: 0.046720649
A6: в условных единицах в зависимости от протяженности, напряжения, конструктивного
A7: использования и материала опор. | L7: 664.8388 | M7: 829.967
A9: 2019 год | G9: на передачу сторонним потребителям (пром.площадка + ПСХ + ЛОЦ "Космос") | L9: 833 | M9: утв.2015
B10: Напряжение, кВ | C10: Количество цепей на опоре | D10: Материал опор | E10: Количество условных единиц (у) на 100 км трассы ЛЭП | F10: Протяженность | G10: Объем условных единиц
E11: у/100км | F11: км | G11: у
A12: 1 | B12: 2 | C12: 3 | D12: 4 | E12: 5 | F12: 6 | G12: 7 = 5 * 6 /100
A13: ВЛЭП | B13: 1150 | C13: - | D13: металл | E13: 800
B14: 750 | C14: 1 | D14: металл | E14: 600
B15: 400-500 | C15: 1 | D15: металл | E15: 400
D16: ж/бетон | E16: 300
B17: 330 | C17: 1 | D17: металл | E17: 230
D18: ж/бетон | E18: 170
C19: 2 | D19: металл | E19: 290
D20: ж/бетон | E20: 210
B21: 220 | C21: 1 | D21: дерево | E21: 260
D22: металл | E22: 210
D23: ж/бетон | E23: 140
C24: 2 | D24: металл | E24: 270 | F24: 0.1 | G24: 0.27
D25: ж/бетон | E25: 180
B26: 110-150 | C26: 1 | D26: дерево | E26: 180
D27: металл | E27: 160 | G27: 0
D28: ж/бетон | E28: 130
C29: 2 | D29: металл | E29: 190
D30: ж/бетон | E30: 160
A31: КЛЭП | B31: 220 | C31: - | D31: - | E31: 3000
B32: 110 | C32: - | D32: - | E32: 2300
A33: ВН, всего | G33: 0.27
A34: ВЛЭП | B34: 35 | C34: 1 | D34: дерево | E34: 170
D35: металл | E35: 140
D36: ж/бетон | E36: 120 | G36: 0
C37: 2 | D37: металл | E37: 180 | G37: 0
D38: ж/бетон | E38: 150
B39: 1 - 20 | C39: - | D39: дерево | E39: 160
D40: дерево на ж/б пасынках | E40: 140 | G40: 0
D41: ж/бетон, металл | E41: 110 | F41: 5.236 | G41: 5.7596 | J41: ПСХ
A42: КЛЭП | B42: 20 -35 | C42: - | D42: - | E42: 470
B43: 3 - 10 | C43: - | D43: - | E43: 350 | F43: 19.185 | G43: 67.1475 | K43: 4320.2
A44: СН, всего | G44: 72.9071
A45: ВЛЭП | B45: 0,4 кВ | C45: - | D45: дерево | E45: 260
D46: дерево на ж/б пасынках | E46: 220 | G46: 0
D47: ж/бетон, металл | E47: 150 | F47: 0.411 | G47: 0.6165 | J47: ПСХ
A48: КЛЭП | B48: до 1 кВ | C48: - | D48: - | E48: 270 | F48: 11.276 | G48: 30.4452
A49: НН, всего | G49: 31.0617 | J49: 104.2388
A52: Первый зам. генерального директора -
A53: главный инженер | G53: А. В. Кочетков

Sheet П.2.2.
G1: Таблица № П2.2
A2: Объем подстанций 35-1150 кВ, трансформаторных подстанций (ТП), комплексных трансформаторных подстанций (КТП) и распределительных пунктов(РП) 0,4-20 кВ в условных единицах
A3: АО "РКЦ "Прогресс"
A4: 2019 год | G4: на передачу сторонним потребителям (пром.площадка + ПСХ + ЛОЦ "Космос")
A5: п/п | B5: Наименование | C5: Единица измерения | D5: Напряжение, кВ | E5: Количество условных единиц (у) на единицу измерения | F5: Количество единиц измерения | G5: Объем условных единиц
E6: у/ед.изм. | F6: ед.изм. | G6: у
A7: 1 | B7: 2 | C7: 3 | D7: 4 | E7: 5 | F7: 6 | G7: 7=5*6
A8: 1 | B8: Подстанция | C8: П/ст | D8: 1150 | E8: 1000
D9: 750 | E9: 600
D10: 400 - 500 | E10: 500
D11: 330 | E11: 250 | J11: ЛОЦ | L11: ПСХ
D12: 220 | E12: 210 | F12: 1 | G12: 210 | I12: 1 | J12: 0 | K12: 0 | L12: 0
D13: 110 - 150 | E13: 105 | G13: 0 | J13: 0 | K13: 0 | L13: 0
D14: 35 | E14: 75 | G14: 0 | J14: 0 | K14: 0 | L14: 0
A15: 2 | B15: Силовой трансформатор или реактор (одно- или трехфазный), или вольтодобавочный трансформатор | C15: Единица оборудования | D15: 1150 | E15: 60 | J15: 0 | K15: 0 | L15: 0
D16: 750 | E16: 43 | J16: 0 | K16: 0 | L16: 0
D17: 400 - 500 | E17: 28 | J17: 0 | K17: 0 | L17: 0
D18: 330 | E18: 18 | J18: 0 | K18: 0 | L18: 0
D19: 220 | E19: 14 | F19: 2 | G19: 28 | I19: 2 | J19: 0 | K19: 0 | L19: 0
D20: 110 - 150 | E20: 7.8 | G20: 0 | J20: 0 | K20: 0 | L20: 0
D21: 35 | E21: 2.1 | G21: 0 | J21: 0 | K21: 0 | L21: 0
D22: 1 - 20 | E22: 1 | F22: 18 | G22: 18 | I22: 22 | J22: 0 | K22: -4 | L22: 0
A23: 3 | B23: Воздушный выключатель | C23: 3 фазы | D23: 1150 | E23: 180 | J23: 0 | K23: 0 | L23: 0
D24: 750 | E24: 130 | J24: 0 | K24: 0 | L24: 0
D25: 400 - 500 | E25: 88 | J25: 0 | K25: 0 | L25: 0
D26: 330 | E26: 66 | J26: 0 | K26: 0 | L26: 0
D27: 220 | E27: 43 | J27: 0 | K27: 0 | L27: 0
D28: 110 - 150 | E28: 26 | J28: 0 | K28: 0 | L28: 0
D29: 35 | E29: 11 | J29: 0 | K29: 0 | L29: 0
D30: 1 - 20 | E30: 5.5 | F30: 9 | G30: 49.5 | I30: 9 | J30: 0 | K30: 0 | L30: 0
A31: 4 | B31: Масляный выключатель | C31: - " - | D31: 220 | E31: 23 | J31: 0 | K31: 0 | L31: 0
D32: 110 - 150 | E32: 14 | G32: 0 | J32: 0 | K32: 0 | L32: 0
D33: 35 | E33: 6.4 | J33: 0 | K33: 0 | L33: 0
D34: 1 - 20 | E34: 3.1 | F34: 50 | G34: 155 | I34: 50 | J34: 0 | K34: 0 | L34: 0
A35: 5 | B35: Отделитель с короткозамыкателем | C35: Единица оборудования | D35: 400 - 500 | E35: 35 | I35: 0 | J35: 0 | K35: 0 | L35: 0
D36: 330 | E36: 24 | I36: 0 | J36: 0 | K36: 0 | L36: 0
D37: 220 | E37: 19 | F37: 3 | G37: 57 | H37: + | I37: 3 | J37: 0 | K37: 0 | L37: 0
D38: 110 - 150 | E38: 9.5 | G38: 0 | I38: 0 | J38: 0 | K38: 0 | L38: 0
D39: 35 | E39: 4.7 | G39: 0 | I39: 0 | J39: 0 | K39: 0 | L39: 0
A40: 6 | B40: Выключатель нагрузки | C40: - " - | D40: 1 - 20 | E40: 2.3 | F40: 5 | G40: 11.5 | I40: 5 | J40: 0 | K40: 0 | L40: 3
A41: 7 | B41: Синхронный компенсатор мощн. 50 Мвар | C41: - " - | D41: 1 - 20 | E41: 26 | J41: 0 | K41: 0 | L41: 0
A42: 8 | B42: То же, 50 Мвар и более | C42: - " - | D42: 1 - 20 | E42: 48 | J42: 0 | K42: 0 | L42: 0
A43: 9 | B43: Статические конденсаторы | C43: 100 конд. | D43: 35 | E43: 2.4 | J43: 0 | K43: 0 | L43: 0
D44: 1 - 20 | E44: 2.4 | G44: 0 | J44: 0 | K44: 0 | L44: 0
A45: 10 | B45: Мачтовая (столбовая) ТП | C45: ТП | D45: 1 - 20 | E45: 2.5 | G45: 0 | J45: 0 | K45: 0 | L45: 0
A46: 11 | B46: Однотрансфор-маторная ТП, КТП | C46: ТП, КТП | D46: 1 - 20 | E46: 2.3 | F46: 2 | G46: 4.6 | I46: 2 | J46: 0 | K46: 0 | L46: 2
A47: 12 | B47: Двухтрансформаторная ТП, КТП | C47: ТП, КТП | D47: 1 - 20 | E47: 3 | F47: 9 | G47: 27 | I47: 10 | J47: 2 | K47: -1 | L47: 0
A48: 13 | B48: Однотрансфор-маторная подстанция 35/0,4 кВ | C48: п/ст | D48: 35 | E48: 3.5 | J48: 560.6
A49: 14. | B49: Итого | D49: ВН | E49: 0 | F49: 0 | G49: 295
D50: СН | E50: 0 | F50: 0 | G50: 265.6
D51: НН | E51: 0 | F51: 0 | G51: 0 | J51: 560.6 | K51: 503.6
A53: Примечание:
A54: В п.1 учтены трудозатраты оперативного персонала подстанций напряжением 35-1150 кВ.
A55: Условные единицы по пп.2-9 учитывают трудозатраты по обслуживанию и ремонту оборудования, не включенного в номенклатуру условных единиц (трансформаторы напряжения, аккумуляторные батареи, сборные шины и т.д.), резервного оборудования.
A56: Условные единицы по п 2 "Силовые трансформаторы 1-20 кВ" определяются только для трансформаторов, используемых для собственных нужд подстанций 35-1150 кВ.
A57: По пп. 3-6 учтены дополнительные трудозатраты на обслуживание и ремонт устройств релейной защиты и автоматики, а для воздушных выключателей (п.3) - дополнительно трудозатраты по обслуживанию и ремонту компрессорных установок.
A58: Значение условных единиц пп.4 и 6 "Масляные выключатели 1-20 кВ" и "Выключатели нагрузки 1-20 кВ" относятся к коммутационным аппаратам, установленным в распределительных устройствах 1-20 кВ подстанций 35-1150 кВ , ТП, КТП и РП 1-20 кВ , а так же к секц
A59: Объем РП 1-20 кВ в условных единицах определяется по количеству установленных масляных выключателей (п.4) и выключателей нагрузки (п.6). При установке в РП трансформаторов 1-20/0,4 кВ дополнительные объемы обслуживания определяются по п.11 или 12.
A60: По пп.10-12 дополнительно учтены трудозатраты оперативного персонала распределительных сетей 0,4-20 кВ.
A61: По пп.1,2 условные единицы относятся на уровень напряжения, соответствующий первичному напряжению.
A62: Условные единицы электрооборудования понизительных подстанций относятся на уровень высшего напряжения
A63: Первый зам. генерального директора -
A64: главный инженер | G64: А. В. Кочетков

Sheet Баланс электроэнергии
L1: Таблица N П 1.4
A2: Баланс электрической энергии по сетям ВН, СН1, СН11 и НН
A3: АО "РКЦ "Прогресс"
B4: на передачу сторонним потребителям | L4: млн. кВт.ч
A5: п.п. | B5: Показатели | C5: Базовый период | H5: Период регулирования
C6: Всего | D6: ВН | E6: СН1 | F6: СН11 | G6: НН | H6: Всего | I6: ВН | J6: СН1 | K6: СН11 | L6: НН
A7: 1 | B7: 2 | C7: 3 | D7: 4 | E7: 5 | F7: 6 | G7: 7 | H7: 8 | I7: 9 | J7: 10 | K7: 11 | L7: 12
A8: 1. | B8: Поступление эл. энергии в сеть, ВСЕГО | C8: 20.726211 | D8: 20.146104 | E8: 0.453907 | F8: 7.4558034 | G8: 0.46224737 | H8: 22.851354 | I8: 22.24234 | J8: 0.476754 | K8: 12.409626 | L8: 0.52352132
A9: 1.1. | B9: из смежной сети, всего | D9: 0 | E9: 0 | F9: 7.3296034 | G9: 0.46224737 | J9: 0 | K9: 12.277366 | L9: 0.52352132
B10: в том числе из сети
B11: ВН | C11: 6.8756964 | E11: 0 | F11: 6.8756964 | H11: 11.800612 | J11: 0 | K11: 11.800612
B12: СН1 | C12: 0.453907 | F12: 0.453907 | H12: 0.476754 | K12: 0.476754
B13: СН11 | C13: 0.46224737 | G13: 0.46224737 | H13: 0.52352132 | L13: 0.52352132
A14: 1.2. | B14: от ПАО "ФСК ЕЭС" | C14: 20.146104 | D14: 20.146104 | H14: 22.24234 | I14: 22.24234
A15: 1.3. | B15: от АО "Самаранефтегаз" | C15: 0.453907 | E15: 0.453907 | H15: 0.476754 | J15: 0.476754
A16: 1.4. | B16: ПАО "МРСК Волги" | C16: 0.0686 | F16: 0.0686 | H16: 0.07546 | K16: 0.07546
A17: 1.5. | B17: ООО "Энергобытобслуживание" | C17: 0.0576 | F17: 0.0576 | H17: 0.0568 | K17: 0.0568
A18: 1.6. | B18: поступление эл.энергии от других организаций | C18: 0 | H18: 0
A19: 2. | B19: Потери электроэнергии в сети | C19: 1.4508348 | D19: 0.50034334 | E19: 0 | F19: 0.91924406 | G19: 0.03124737 | H19: 1.417991 | I19: 0.650379 | J19: 0 | K19: 0.733373 | L19: 0.034239
B20: то же в % (п. 2/п. 1) | C20: 7 | D20: 2.4835737 | E20: 0 | F20: 12.329242 | G20: 6.7598805 | H20: 6.2052821 | I20: 2.9240583 | J20: 0 | K20: 5.9097106 | L20: 6.5401348
A21: 3. | B21: Расход электроэнергии на производственные | C21: 9.4368957e-16 | G21: 9.4368957e-16 | H21: -1.4432899e-15 | L21: -1.4432899e-15
B22: и хозяйственные нужды
A23: 4. | B23: Полезный отпуск из сети | C23: 19.275376 | D23: 12.770064 | E23: 0 | F23: 6.074312 | G23: 0.431 | H23: 21.433363 | I23: 9.791349 | J23: 0 | K23: 11.152732 | L23: 0.48928232
A24: 4.1. | B24: в т.ч.собственным потребителям ЭСО, из них: | C24: 0 | F24: 0 | G24: 0 | H24: 0 | K24: 0
B25: потребителям, присоединенным к центру питания на генераторном напряжении
A26: 4.2. | B26: потребителям оптового
B27: рынка
A28: 4.3. | B28: сальдо переток в другие | C28: 19.275376 | D28: 12.770064 | E28: 0 | F28: 6.074312 | G28: 0.431 | H28: 21.433363 | I28: 9.791349 | J28: 0 | K28: 11.152732 | L28: 0.48928232
B29: организации

Sheet Баланс электрической мощности
L1: Таблица N П 1.5
A2: Баланс электрической мощности по сетям ВН, СН1, СН11 и НН
A3: АО "РКЦ "Прогресс"
B4: на передачу сторонним потребителям | L4: МВт
A5: п.п. | B5: Показатели | C5: Базовый период | H5: Период регулирования
C6: Всего | D6: ВН | E6: СН1 | F6: СН11 | G6: НН | H6: Всего | I6: ВН | J6: СН1 | K6: СН11 | L6: НН
A7: 1 | B7: 2 | C7: 3 | D7: 4 | E7: 5 | F7: 6 | G7: 7 | H7: 8 | I7: 9 | J7: 10 | K7: 11 | L7: 12
A8: 1. | B8: Поступление мощности в сеть, ВСЕГО | C8: 2.8221 | D8: 2.7555 | E8: 0.052 | F8: 0.96125 | G8: 0.06057 | H8: 3.049585 | I8: 2.9806033 | J8: 0.054515 | K8: 1.6970128 | L8: 0.077639243
A9: 1.1. | B9: из смежной сети | E9: 0 | F9: 0.94665 | G9: 0.06057 | J9: 0 | K9: 1.6825461 | L9: 0.077639243
B10: в т.ч. из ВН | E10: 0 | F10: 0.89465 | J10: 0 | K10: 1.6280311
B11: СН I | C11: 0.052 | F11: 0.052 | H11: 0.054515 | K11: 0.054515
B12: СН II | C12: 0.06057 | G12: 0.06057 | H12: 0.077639243 | L12: 0.077639243
A13: 1.2. | B13: от ПАО "ФСК ЕЭС" | C13: 2.7555 | D13: 2.7555 | H13: 2.9806033 | I13: 2.9806033
A14: 1.3. | B14: от АО "Самаранефтегаз" | C14: 0.052 | E14: 0.052 | H14: 0.054515 | J14: 0.054515
A15: 1.4. | B15: ПАО "МРСК Волги" | C15: 0.005 | F15: 0.005 | H15: 0.005 | K15: 0.005
A16: 1.5. | B16: ООО "Энергобытобслуживание" | C16: 0.0096 | F16: 0.0096 | H16: 0.0094666667 | K16: 0.0094666667
A17: 1.6. | B17: от других организаций
A18: 2. | B18: Потери в сети | C18: 0.19755 | D18: 0.06813 | E18: 0 | F18: 0.125165 | G18: 0.004255 | H18: 0.18925 | I18: 0.08425 | J18: 0 | K18: 0.09992 | L18: 0.00508
B19: то же в % | C19: 7.0001063 | D19: 2.4825095 | E19: 0 | F19: 12.331066 | G19: 6.7649298 | H19: 6.2057624 | I19: 2.9166089 | J19: 0 | K19: 5.9079934 | L19: 6.5430829
A20: 3. | B20: Мощность на производственные | C20: 0 | H20: 0 | L20: 0
B21: и хозяйственные нужды
A22: 4. | B22: Полезный отпуск мощности | C22: 2.62455 | D22: 1.79272 | E22: 0 | F22: 0.775515 | G22: 0.056315 | H22: 2.860335 | I22: 1.2683222 | J22: 0 | K22: 1.5194535 | L22: 0.072559243
B23: потребителям
A24: 4.1. | B24: в т.ч. заявленная (расчетная) мощность собственных потребителей, пользующихся региональными электрическими сетями | C24: 0 | D24: 0 | E24: 0 | F24: 0 | G24: 0 | H24: 0 | I24: 0 | J24: 0 | K24: 0 | L24: 0
A25: 4.2. | B25: заявленная (расчетная)
B26: мощность потребителей
B27: оптового рынка
A28: 4.3. | B28: в другие организации | C28: 2.62455 | D28: 1.79272 | E28: 0 | F28: 0.775515 | G28: 0.056315 | H28: 2.860335 | I28: 1.2683222 | J28: 0 | K28: 1.5194535 | L28: 0.072559243

Sheet П1.30 -2020г., 1 и 2 п-е
H1: Таблица № П1.30 | L1: 22293.289 | N1: 22851.354 | R1: + ЛОЦ "Космос" | Z1: по актам г.о.дог.2013г. ССК СН2 будет в 2014г. | AF1: данные ССК, Метро, РЖД | AU1: ++++ | AW1: ССК
L2: 3.906294 | N2: 3.049585 | O2: -0.85670901 | AF2: конечные потребители по стр-ре 2016г., утв.мэ | AW2: ЭБО | AX2: уточнить
H3: (в ред. Приказа ФСТ РФ от 31.07.2007 № 138-э/6) | AW3: МРСК
A4: Отпуск (передача) электроэнергии территориальными сетевыми организациями | L4: 7016.3543 | N4: 0.93151607 | O4: 1 п-е | AW4: ФСК
A5: АО "РКЦ "Прогресс" на 2020 год | K5: ФСК | L5: 7016.3543 | N5: 0.93151607 | O5: 2 п-е
A6: № | B6: Наименование показателя | C6: 1 ПОЛУГОДИЕ | E6: 2 ПОЛУГОДИЕ | G6: 2020 ГОД | I6: Присоеди- ненная мощность, МВА | J6: Товарная продукция, тыс. руб. | K6: 12023.386 | L6: 2.9805483 | M6: 10218.954 | N6: 2.9806283 | O6: 22242.34 | P6: 2.9806033
C7: Отпуск ЭЭ, тыс. кВт·ч | D7: Заявленная мощность, МВт | E7: Отпуск ЭЭ, тыс. кВт·ч | F7: Заявленная мощность, МВт | G7: Отпуск ЭЭ, тыс. кВт·ч | H7: Заявленная мощность, МВт | K7: 7016.3543 | L7: 0.15443 | M7: 7016.3543 | N7: 0.15443 | O7: 22497.592 | P7: 3.856
A8: 1 | B8: 2 | C8: 3 | D8: 4 | E8: 5 | F8: 6 | G8: 7 | H8: 8 | I8: 9 | J8: 10 | K8: 7016.3543 | L8: 0.93151607 | M8: 7016.3543 | N8: 0.93151607 | R8: 12829.58 | S8: 1.7420611
A9: 1 | B9: Поступление электроэнергии в сеть - всего | C9: 12344.928 | D9: 3.053995 | E9: 10506.426 | F9: 3.045145 | G9: 22851.354 | H9: 3.049585 | K9: 12451.758 | L9: 3.0804226 | M9: 10597.347 | N9: 3.0714969 | O9: 23049.106 | P9: 3.0759598 | S9: 22941.249 | T9: 3.9073145
B10: в т.ч. из | K10: 11549.023 | L10: 3.9160848 | M10: 11387.951 | N10: 3.896603 | O10: 22936.973 | P10: 3.9062939
A11: 1.1 | B11: не сетевых организаций | L11: 7493.2669 | O11: -85.61868 | P11: -0.85670887 | U11: мрск
A12: 1.2 | B12: сетевых организаций | C12: 12344.928 | D12: 3.053995 | E12: 10506.426 | F12: 3.045145 | G12: 22851.354 | H12: 3.049585 | K12: 2.9809683 | L12: ФСК заявка | M12: Энергонефть | O12: 3.977 | P12: 0.00082122449 | AU12: 3.049585
B13: в т.ч. из | K13: 7462.3618 | M13: 8745.3728 | P13: добавить | U13: 0.0036752039 | V13: 0.0013247961 | AU13: 2.860335
A14: 1.2.1 | B14: ПАО "ФСК ЕЭС" | C14: 12023.386 | D14: 2.9805483 | E14: 10218.954 | F14: 2.9806283 | G14: 22242.34 | H14: 2.9806033 | K14: потери | L14: 689.34032 | M14: 0.18060333 | N14: 3.856 | O14: 2.69901 | P14: 0.87539667 | Q14: 7462.3618 | R14: 7943.693 | S14: 7227.8498 | T14: 1.5905993 | U14: 7293.0925 | V14: 1.5911628 | W14: 14520.942 | X14: 1.590886 | AU14: 0.015598334 | AV14: -0.20143
A15: 1.2.2 | B15: АО "Самаранефтегаз" | C15: 255.112 | D15: 0.05888 | E15: 221.642 | F15: 0.05015 | G15: 476.754 | H15: 0.054515 | K15: 0.062052821 | L15: 0.062057624 | O15: 3307.2639 | Q15: 7462.3618 | S15: 2.5390799 | T15: -0.44152339
A16: 1.2.3 | B16: ПАО "МРСК Волги" | C16: 37.73 | D16: 0.005 | E16: 37.73 | F16: 0.005 | G16: 75.46 | H16: 0.005 | K16: МРСК от ТП 2101, конечный потребитель ООО "Атлант", от ТП 1601 (ССК) | R16: 0.024 | S16: 0.44152339 | T16: 0.63077339
A17: 1.2.4 | B17: ООО "Энергобытобслуживание" | C17: 28.7 | D17: 0.0095666667 | E17: 28.1 | F17: 0.0093666667 | G17: 56.8 | H17: 0.0094666667 | K17: 56.793892 | T17: 1417.991
A18: … | L18: 7462.3618 | T18: 0.071841335 | U18: 15357.162
A19: 2 | B19: Потери электроэнергии - всего | C19: 766.038 | D19: 0.18951 | E19: 651.953 | F19: 0.18896 | G19: 1417.991 | H19: 0.18925 | K19: 766.037 | L19: 0.18951 | M19: 651.953 | N19: 0.18896 | O19: 1417.991 | P19: 0.189 | Q19: потери всего | T19: 1103.279 | AU19: 0.062052821 | AV19: 0.062057624
A20: 3 | B20: Отпуск (передача) электроэнергии сетевыми предприятиями - всего | C20: 11578.89 | D20: 2.864485 | E20: 9854.4732 | F20: 2.856185 | G20: 21433.363 | H20: 2.860335 | K20: 0.062057624 | L20: 0.062052821 | O20: 1417.99 | P20: 0.189235 | R20: 0.062052821 | S20: 0.062057624
B21: в т.ч. | K21: 0.00042 | L21: 0.00034 | M21: 0.000365 | N21: 0.00038
A22: 3.1 | B22: не сетевым организациям | C22: 5092.6451 | D22: 1.220655 | E22: 3833.6932 | F22: 1.202355 | G22: 8926.3383 | H22: 1.211505 | K22: 8351.542 | L22: 1.0189884 | M22: 8195.9148 | N22: 7367.9748 | O22: -574.79632 | P22: 2.0869017 | AV22: 8926.3373 | AW22: 1.211505
A23: 3.2 | B23: сетевым организациям | C23: 6486.245 | D23: 1.64383 | E23: 6020.78 | F23: 1.65383 | G23: 12507.025 | H23: 1.64883 | K23: 8926.3383 | L23: 1.211505 | O23: 0.901505
A24: 3.2.1. | B24: в т.ч. | L24: Энерго | O24: 9263.9996
A25: … | K25: 0.02583433 | L25: 0.034292772 | M25: 0.030053551
A26: 3.2.5 | B26: ЗАО "СГЭС" | C26: 0 | D26: 0 | E26: 0 | F26: 0 | G26: 0 | H26: 0 | L26: #DIV/0!
A27: 3.2.5.1 | B27: также в сальдированном выражении (п. 3.2.5 - п. 1.2.5)
A28: 3.2.5 | B28: сетевой организации ОАО "РЖД" | C28: 431.554 | D28: 0.092 | E28: 370.214 | F28: 0.092 | G28: 801.768 | H28: 0.092 | K28: 0.189235
A29: 3.2.5.1 | B29: также в сальдированном выражении (п. 3.2.5 - п. 1.2.5) | K29: 8067.9021 | L29: 6856.9127 | M29: 7462.3618
A30: 3.2.6 | B30: МП г.о. Самара “Самарский метрополитен” | C30: 389.898 | D30: 0.09 | E30: 429.9 | F30: 0.1 | G30: 819.798 | H30: 0.095
A31: 3.2.6.1 | B31: также в сальдированном выражении (п. 3.2.6 - п. 1.2.6) | L31: 2016 год | AF31: чччи
A32: 3.2.7 | B32: АО "ССК" | C32: 5664.793 | D32: 1.46183 | E32: 5220.666 | F32: 1.46183 | G32: 10885.459 | H32: 1.46183 | K32: + | L32: 9927.411 | M32: 1.33318 | N32: 958.048 | O32: 0.12865 | AF32: 8165.0332 | AG32: час. | AU32: 7446.4603
A33: 3.2.7.1 | B33: также в сальдированном выражении (п. 3.2.7 - п. 1.2.7) | O33: фск 2016г.
B34: … | O34: 2.77979
A35: 4 | B35: Поступление электроэнергии в ЕНЭС | O35: 2.90844
B36: в т.ч. из
A37: 4.1 | B37: не сетевых организаций
A38: 4.2 | B38: сетевых организаций
B39: в т.ч. из
A40: 4.2.1 | B40: сетевой организации 1
A41: 4.2.2 | B41: сетевой организации 2
B42: …
A43: 5 | B43: Потери электроэнергии
A44: 6 | B44: Отпуск (передача) электроэнергии
B45: в т.ч.
A46: 6.1 | B46: не сетевым организациям
A47: 6.2 | B47: сетевым организациям
B48: в т.ч.
A49: 6.2.1 | B49: сетевой организации 1
A50: 6.2.1.1 | B50: также в сальдированном выражении (п. 6.2.1 - п. 4.2.1)
A51: 6.2.2 | B51: сетевой организации 2
A52: 6.2.2.1 | B52: также в сальдированном выражении (п. 6.2.2 - п. 4.2.2)
B53: …
A54: 7 | B54: Трансформировано из сети ЕНЭС в:
A55: 8 | B55: - ВН
A56: 9 | B56: - СН1
A57: 10 | B57: - СН2
A58: 11 | B58: - НН
A59: 12 | B59: Поступление электроэнергии в сеть ВН 110 кВ | C59: 12023.386 | D59: 2.9805483 | E59: 10218.954 | F59: 2.9806283 | G59: 22242.34 | H59: 2.9806033 | AU59: 11800.612
B60: в т.ч. из
A61: 12.1 | B61: не сетевых организаций
A62: 12.2 | B62: сетевых организаций | C62: 12023.386 | D62: 2.9805483 | E62: 10218.954 | F62: 2.9806283 | G62: 22242.34 | H62: 2.9806033
B63: в т.ч. из | K63: ФСК 2015 | L63: 3.856
A64: 12.2.1 | B64: ПАО "ФСК ЕЭС" | C64: 12023.386 | D64: 2.9805483 | E64: 10218.954 | F64: 2.9806283 | G64: 22242.34 | H64: 2.9806033
A65: 12.2.2 | B65: сетевой организации 2 | K65: -5007.0318 | L65: -2.8261183 | M65: -3202.5999 | N65: -2.8261983 | O65: 255.25168 | P65: 0.87539667
B66: … | K66: 0.00070967742 | L66: -0.00022172267 | M66: 0.0006344086 | N66: 3.8830107e-05 | O66: 0.00034408602 | P66: -0.00014144628
A67: 13 | B67: Потери электроэнергии | C67: 359.837 | D67: 0.08888 | E67: 290.542 | F67: 0.07961 | G67: 650.379 | H67: 0.08425 | K67: 4048.5711 | L67: 0.029928091 | M67: потери | N67: 0.029820016
A68: 14 | B68: Отпуск (передача) электроэнергии | C68: 5417.334 | D68: 1.3387816 | E68: 4374.015 | F68: 1.1978628 | G68: 9791.349 | H68: 1.2683222 | K68: 7719.9222 | L68: 7719.9222 | M68: чччи
B69: в т.ч. | K69: 7719.632
A70: 14.1 | B70: не сетевым организациям | C70: 1783.349 | D70: 0.43099164 | E70: 981.874 | F70: 0.28007283 | G70: 2765.223 | H70: 0.35553223 | K70: РЖД+Метро | L70: 2900 | M70: 0.396 | N70: 7777.6999 | O70: 0.31566473 | AU70: 2765.223 | AV70: 0.35553223
A71: 14.2 | B71: сетевым организациям | C71: 3633.985 | D71: 0.90779 | E71: 3392.141 | F71: 0.91779 | G71: 7026.126 | H71: 0.91279 | K71: 2765.223 | L71: 7697.4178 | M71: чччи
B72: в т.ч. | K72: 1783.349
A73: …
A74: 14.2.5 | B74: ЗАО "СГЭС" | G74: 0 | H74: 0 | L74: #DIV/0! | M74: чччи | N74: 1.06
A75: 14.2.5.1 | B75: также в сальдированном выражении (п. 14.2.5 - п. 12.2.5)
A76: 14.2.5 | B76: ОАО"РЖД" | C76: 431.554 | D76: 0.092 | E76: 370.214 | F76: 0.092 | G76: 801.768 | H76: 0.092 | K76: + | L76: 8714.8696 | M76: чччи | AU76: +
A77: 14.2.5.1 | B77: также в сальдированном выражении (п. 14.2.5 - п. 12.2.5)
A78: 14.2.6 | B78: МП г.о. Самара “Самарский метрополитен” | C78: 389.898 | D78: 0.09 | E78: 429.9 | F78: 0.1 | G78: 819.798 | H78: 0.095 | K78: + | L78: 8629.4526 | M78: чччи | AU78: +
A79: 14.2.6.1 | B79: также в сальдированном выражении (п. 14.2.6 - п. 12.2.6) | AE79: чччи | AF79: было к 01.05.2015
A80: 14.2.7 | B80: АО "ССК" | C80: 2812.533 | D80: 0.72579 | E80: 2592.027 | F80: 0.72579 | G80: 5404.56 | H80: 0.72579 | K80: + | L80: 7446.4515 | M80: чччи | AE80: 7446.4515 | AF80: 4584.517 | AG80: 2.4138 | AH80: 4490.643 | AI80: 2.40002 | AJ80: 9075.16 | AK80: 2.40691 | AU80: 3127.44 | AV80: факт 2016г. | AW80: 7446.4515 | AX80: 0.41999065
A81: 14.2.7.1 | B81: также в сальдированном выражении (п. 14.2.7 - п. 12.2.7) | AF81: было 02.11.15
B82: … | AF82: 4754.476 | AG82: 1.276984 | AH82: 4320.684 | AI82: 1.1604737 | AJ82: 9075.16 | AK82: 1.2187288
A83: 15 | B83: Трансформировано из 110 кВ в: | C83: 6246.2151 | D83: 1.5528867 | E83: 5554.3972 | F83: 1.7031555 | G83: 11800.612 | H83: 1.6280311 | AU83: 466.72132
A84: 16 | B84: - СН1
A85: 17 | B85: - СН2 | C85: 6246.2151 | D85: 1.5528867 | E85: 5554.3972 | F85: 1.7031555 | G85: 11800.612 | H85: 1.6280311
A86: 18 | B86: - НН | AU86: 432.48232
A87: 19 | B87: Поступление электроэнергии в сеть СН1 | C87: 255.112 | D87: 0.05888 | E87: 221.642 | F87: 0.05015 | G87: 476.754 | H87: 0.054515
B88: в т.ч. из
A89: 19.1 | B89: не сетевых организаций
A90: 19.2 | B90: сетевых организаций | C90: 255.112 | D90: 0.05888 | E90: 221.642 | F90: 0.05015 | G90: 476.754 | H90: 0.054515
B91: в т.ч из
A92: 19.2.2 | B92: АО "Самаранефтегаз" | C92: 255.112 | D92: 0.05888 | E92: 221.642 | F92: 0.05015 | G92: 476.754 | H92: 0.054515 | K92: + | L92: 8745.3728 | X92: по заявке ЭНС 2014г. | AU92: +
B93: сетевой организации ..
A94: … | B94: …
A95: 20 | B95: Потери электроэнергии
A96: 21 | B96: Отпуск (передача) электроэнергии
B97: в т.ч.
A98: 21.1 | B98: не сетевым организациям
A99: 21.2 | B99: сетевым организациям
B100: в т.ч.
...

Sheet тсо 2020 год
A2: Структура полезного отпуска электрической энергии (мощности) на 2020 год
A3: АО "РКЦ "Прогресс"
A4: (наименование сетевой организации)
A6: Объемы потребления | B6: Всего | C6: Уровни напряжения | H6: 8926.3373 | I6: 1.211505
C7: ВН | D7: СН I | E7: СН II | F7: НН | H7: 8926.3383 | I7: 1.211505
A8: I. ПОЛЕЗНЫЙ ОТПУСК КОНЕЧНЫМ ПОТРЕБИТЕЛЯМ *
A9: Всего: | AA9: 436.464
A10: Электрическая энергия, тыс.кВт.ч | B10: 8873.519 | C10: 2765.223 | E10: 5671.833 | F10: 436.463 | J10: 7377.9867 | K10: 8760 | L10: МАКС | AE10: сн2
A11: Мощность, МВт | B11: 1.2027019 | C11: 0.35553223 | E11: 0.78341352 | F11: 0.063756189 | Z11: 7777.6999 | AB11: 7777.6999 | AE11: 7333.8259
A12: в т.ч.: | S12: по факту 2016 г. | Z12: факт 2017г.
A13: 1. ПРОЧИЕ ПОТРЕБИТЕЛИ | G13: ВН | H13: СН2 | I13: НН | J13: ИТОГО | S13: ВН | T13: СН2 | U13: НН | AA13: ВН | AB13: СН2 | AC13: НН | AE13: ВН | AF13: СН2 | AG13: НН
A14: Электрическая энергия, тыс.кВт.ч | B14: 8277.2 | C14: 2765.223 | E14: 5340.821 | F14: 171.156 | G14: 2765.223 | H14: 5340.821 | I14: 171.157 | K14: 7502.1156 | L14: 8277.201 | M14: Д.Б. | O14: 780.95 | Q14: 5511.977 | S14: 3493.308 | T14: 4365.553 | U14: 64.187 | Z14: проч. | AA14: 2765.223 | AB14: 3607.386 | AC14: 110.593 | AF14: 3790.478 | AG14: 108.348 | AI14: ВН | AJ14: СН2 | AK14: НН | AM14: 1901.788
A15: Мощность, МВт | B15: 1.1033154 | C15: 0.35553223 | E15: 0.72824486 | F15: 0.019538356 | G15: 7777.6999 | H15: 7333.8259 | I15: 8760 | K15: 1.1033154 | L15: 7570 | M15: 2016УТВ. | O15: 2285.783 | Q15: 0.74778321 | R15: 7371.0895 | Z15: нас. | AB15: 369.3701 | AC15: 318.348 | AF15: 10.687 | AG15: 288.208 | AI15: 7777.6999 | AJ15: 7333.8259 | AK15: 8760 | AM15: 0.426
A16: в т.ч.: | G16: 0 | H16: 0 | I16: 0.001 | K16: 7502.1165 | Z16: в т.ч.
A17: 1.1 Монопотребитель** (Наименование организации) | H17: 29.570666 | I17: 38.67 | K17: 0.9423043 | M17: 9514.023 | Z17: нас.электро
A18: Электрическая энергия, тыс.кВт.ч | G18: 0.35553223 | H18: 0.72824486 | I18: 0.019538356 | J18: 1.1033154 | K18: 7777.6999 | L18: 7333.8259 | M18: 8760 | Z18: проч.нас. | AE18: 2670.834
A19: Мощность, МВт | G19: 0 | H19: 0 | I19: 0 | Z19: ГСК | AE19: 2765.223
A20: 2. НАСЕЛЕНИЕ | G20: -0.095 | H20: -0.74440072 | I20: -0.0043428308 | J20: 0.008554 | K20: 0.0059993111 | L20: 6e-05 | M20: 0.0011218676 | T20: нас.СН2 | U20: нас.НН | AE20: 7777.6999
A21: Электрическая энергия, тыс.кВт.ч | B21: 596.319 | E21: 331.012 | F21: 265.307 | I21: 624.76 | J21: 6000 | L21: 6000 | M21: 6000 | T21: 360.938 | U21: 309.492 | AE21: 7333.8259
A22: Мощность, МВт | B22: 0.0993865 | E22: 0.055168667 | F22: 0.044217833 | I22: 6000 | J22: 6000 | L22: 6494.8454 | M22: 0.030286187 | AE22: 8760
A23: в т.ч.: | J23: 6000 | L23: 4475.3175 | M23: 0.013931646
A24: в пределах социальной нормы
A25: Электрическая энергия, тыс.кВт.ч | B25: 596.319 | E25: 331.011 | F25: 265.308
A26: Мощность, МВт | B26: 0.0993865 | E26: 0.055168667 | F26: 0.044217833 | H26: 5999.9819
A27: сверх социальной нормы
A28: Электрическая энергия, тыс.кВт.ч | B28: 0 | E28: 0 | F28: 0
A29: Мощность, МВт | B29: 0 | E29: 0 | F29: 0
A30: II. СОБСТВЕННОЕ ПОТРЕБЛЕНИЕ (в целом по юридическому лицу) *** | AE30: 7502.1156
A31: Электрическая энергия, тыс.кВт.ч | B31: 139387.62 | C31: 139036.4 | E31: 351.219
A32: Мощность, МВт | B32: 22.6548 | C32: 22.5998 | E32: 0.055 | AA32: 6152.1078 | AB32: 6385.8 | AC32: #DIV/0!
A34: Примечание: * - действующий договор оказания услуг по передаче электрической энергии № 3 от 31.12.2014г.;
A35: ** - в соответствии с критериями, определенными постановлением Правительства Российской Федерации от 29.12.2011 № 1178;
A36: ***- действующие договора энергоснабжения № 20-1001э от 01.01.2013г. , № 20-1001к от 01.01.2013г..
A37: _____________________ ПАО "Самараэнерго" | D37: Руководитель сетевой организации АО "РКЦ "Прогресс"
A42: _______________________________________________ | D42: ___________________________С. В. Тюлевин
A43: (ФИО, подпись) | D43: (ФИО, подпись)
A44: М.П. | D44: М.П.
A45: Дата согласования______________________

Sheet НК Энерго 2020 год
A2: Структура полезного отпуска электрической энергии (мощности) на 2020 год
A3: АО "РКЦ "Прогресс"
A4: (наименование сетевой организации)
A6: Объемы потребления | B6: Всего | C6: Уровни напряжения
C7: ВН | D7: СН I | E7: СН II | F7: НН
A8: I. ПОЛЕЗНЫЙ ОТПУСК КОНЕЧНЫМ ПОТРЕБИТЕЛЯМ *
A9: Всего:
A10: Электрическая энергия, тыс.кВт.ч | B10: 52.81832 | F10: 52.81832 | H10: 56.793892 | K10: 56.520884
A11: Мощность, МВт | B11: 0.0088030533 | F11: 0.0088030533 | H11: 0.0094656487
A12: в т.ч.:
A13: 1. ПРОЧИЕ ПОТРЕБИТЕЛИ
A14: Электрическая энергия, тыс.кВт.ч
A15: Мощность, МВт
A16: в т.ч.:
A17: 1.1 Монопотребитель** (Наименование организации)
A18: Электрическая энергия, тыс.кВт.ч
A19: Мощность, МВт
A20: 2. НАСЕЛЕНИЕ
A21: Электрическая энергия, тыс.кВт.ч | B21: 52.81832 | F21: 52.81832
A22: Мощность, МВт | B22: 0.0088030533 | F22: 0.0088030533
A23: в т.ч.:
A24: в пределах социальной нормы
A25: Электрическая энергия, тыс.кВт.ч | B25: 52.81832 | E25: 0 | F25: 52.81832
A26: Мощность, МВт | B26: 0.0088030533 | E26: 0 | F26: 0.0088030533
A27: сверх социальной нормы
A28: Электрическая энергия, тыс.кВт.ч | B28: 0 | E28: 0 | F28: 0
A29: Мощность, МВт | B29: 0 | E29: 0 | F29: 0
A30: II. СОБСТВЕННОЕ ПОТРЕБЛЕНИЕ (в целом по юридическому лицу) ***
A31: Электрическая энергия, тыс.кВт.ч | B31: 1416.13 | E31: 1416.13
A32: Мощность, МВт | B32: 0.16203 | E32: 0.16203 | J32: 8739.9247
A34: Примечание: * - указать дату и № действующего договора оказания услуг по передаче электрической энергии
A35: ** - в соответствии с критериями, определенными постановлением Правительства Российской Федерации от 29.12.2011 № 1178;
A36: ***- действующие договора энергоснабжения № 58 от 01.01.2013г.
A37: Руководитель энергосбытовой организации ООО "НК-Энергосбыт" | D37: Руководитель сетевой организации АО "РКЦ "Прогресс"
A42: _______________________________________________ | D42: ___________________________
A43: (ФИО, подпись) | D43: (ФИО, подпись)
A44: М.П. | D44: М.П.
A45: Дата согласования______________________

Sheet Реестр всп.мат.2013пром. 
A1: Реестр документов, подтверждающих поступление электротехнических материалов на обслуживание и ремонт оборудования участка электроснабжения потребителей АО "РКЦ "Прогресс" за 2013 г.
I2: на передачу сторонним потребителям
A3: № | B3: Поставщик | C3: Номенклатура | D3: Дата | E3: Счет-фактура | F3: Сумма, руб. с НДС | G3: Дата | H3: Платежное поручение | I3: Сумма, руб. с НДС
A4: Цех 2426 (пром.площадка)
A5: 2013год
A6: 1. | B6: ООО "Региональная кабельная компания" | C6: Кабель, провод, наконечник медный | D6: 41471 | E6: № СРК 0000017 | F6: 70895.58 | G6: 41499 | H6: № 23851 | I6: 70895.58
A7: 2. | C7: Муфта соединительная | D7: 41523 | E7: № КРК 0000082 | F7: 4705.44 | G7: 41534 | H7: № 27495 | I7: 4705.44
C8: Муфта | D8: 41544 | E8: № КРК 0000070 | F8: 171509.69 | G8: 41523 | H8: № 26291 | I8: 171509.69
C9: Муфты концевые | D9: 41506 | E9: № КРК 0000033 | F9: 13336.24 | G9: 41523 | H9: № 25631 | I9: 171509.69
C10: Кабель | D10: 41508 | E10: № КРК 0000068 | F10: 505825.11 | G10: 41523 | H10: № 26345 | I10: 505825.11
C11: Кабель | D11: 41544 | E11: № КРК 0000071 | F11: 133894.6 | G11: 41523 | H11: № 26290 | I11: 133894.6
A12: 3. | C12: Кабель | D12: 41541 | E12: № СРК 0000050 | F12: 16413.8 | G12: 41563 | H12: № 30268 | I12: 16413.8 | J12: =SUM(F7:F12) -> 845684.88 | K12: =J12-I7 -> 840979.44
A13: 4. | C13: Провод | D13: 41621 | E13: № КРК 0000112 | F13: 4958.83 | G13: 41634 | H13: № 37616 | I13: 4958.83
A14: 5. | B14: ООО "Волгаэлектросбыт" | C14: Трансформатор тока | D14: 41389 | E14: № 2.2-1.35493/2 | F14: 77541.79 | G14: 41367 | H14: № 9710 | I14: 77541.79
A15: 6. | B15: ООО "Научно Производственное Предприятие "ПромТЭК" | C15: Кабель, провод, наконечник медный | D15: 41358 | E15: № 88 | F15: 17300.28
A16: 7.
A17: 8. | J17: =SUM(F15:F17) -> 17300.28
J27: =SUM(F23:F27) -> 0
J28: =SUM(F24:F28) -> 0
J29: =SUM(F25:F29) -> 0
A30: Итого | F30: =SUM(F6:F29) -> 1016381.4 | I30: =SUM(I6:I29) -> 1157254.5
A31: По цеху 2426
A32: Техническое обслуживание, капитальный и текущий ремонт обрудования участка электроснабжения организации выполняется хоз.способом.
A33: В материалах дела вх.№ 565/Р от 30.04.2014г. на стр.395-413 представлены технические сметы за 2013 г.на работы по выполнению
A34: капитального ремонта оборудования (ТП, КРУ, кабель), участвующего в передаче электрической энергии потребителям.
A35: Дефектные ведомости и акты вып.работ к сметам с расшифровкой номеклатуры и стоимости израсходованных материалов на ремонт прилагаются.
A36: Затраты на электротехнические материалы на 2014 г. взяты на уровне факта 2013г. и составят: | F36: =$I$30/1000 -> 1157.2545 | G36: тыс.руб. без НДС
A37: На 2016 г. затраты по статье "вспомогательные материалы" проиндексированы на Кинд.к 2015г. = 1,079
C38: и составят = 1 157,3 х 1,079= | D38: =$F$36*1.079 -> 1248.6776 | E38: тыс.руб.
A40: № | B40: Поставщик | C40: Счет-фактура | D40: Дата | E40: Счет-фактура | F40: Сумма, руб. с НДС | G40: Дата | H40: Платежное поручение | I40: Сумма, руб. с НДС
A41: Цех 2496 (подсобное хозяйство)
A42: 2010 год
A43: 1. | B43: ООО "Техкомплектсервис" | C43: № Тк0014 | D43: 04.02.10 | E43: № Тк0014 | F43: 15642.8 | G43: 03.02.2010 | H43: 68 | I43: 37678.5
A44: 2. | C44: № Тк0019 | D44: 08.02.10 | E44: № Тк0019 | F44: 20392.5 | G44: 12.02.2010 | H44: 98 | I44: 3180 | K44: =SUM(F43:F44) -> 36035.3 | L44: =SUM(I43:I44) -> 40858.5
A45: 3. | C45: № Тк0038 | D45: 26.02.10 | E45: № Тк0038 | F45: 24197 | G45: 19.02.2010 | H45: 119 | I45: 24197
A46: 4. | C46: № Тк0039 | D46: 01.03.10 | E46: № Тк0039 | F46: 6850 | G46: 30.03.2010 | H46: 231 | I46: 6850
A47: 5. | C47: № Тк0054 | D47: 18.03.10 | E47: № Тк0054 | F47: 78415.88 | G47: 15.03.2010 | H47: 196 | I47: 86085.88
A48: 6. | C48: № Тк0055 | D48: 18.03.10 | E48: № Тк0055 | F48: 7670 | K48: =SUM(F47:F48) -> 86085.88 | L48: =SUM(I47) -> 86085.88
A49: 7. | C49: № Тк0100 | D49: 04.05.10 | E49: № Тк0100 | F49: 1195 | K49: =SUM(F43:F48) -> 153168.18 | L49: =SUM(I43:I49) -> 157991.38
A50: 8. | C50: № Тк0069 | D50: 01.04.10 | E50: № Тк0069 | F50: 20725 | G50: 01.04.2010 | H50: 242 | I50: 20725
A51: 9. | C51: № Тк0104 | D51: 06.05.10 | E51: № Тк0104 | F51: 12840 | G51: 15.04.2010 | H51: 276 | I51: 3005 | K51: =F49+F51 -> 14035
A52: 10. | C52: № Тк0157 | D52: 11.06.10 | E52: № Тк0157 | F52: 4350 | G52: 06.05.2010 | H52: 336 | I52: 13045 | K52: =F51+F52 -> 17190 | L52: =I51+I52 -> 16050
A53: 11. | C53: № Тк0167 | D53: 21.06.10 | E53: № Тк0167 | F53: 37232 | G53: 12.05.2010 | H53: 345 | I53: 990
A54: 12. | C54: № Тк0168 | D54: 21.06.10 | E54: № Тк0168 | F54: 7716 | G54: 25.05.2010 | H54: 394 | I54: 42545 | K54: =F53+F54 -> 44948 | L54: =I54 -> 42545
A55: 13. | C55: № Тк0177 | D55: 30.06.10 | E55: № Тк0177 | F55: 16914 | G55: 15.06.2010 | H55: 496 | I55: 41582
A56: 14. | B56: ООО "ЭТМ" | C56: № 2.п09.41403 | D56: 30.06.10 | E56: № 2.п09.41403 | F56: 1213.49 | G56: 21.06.2010 | H56: 520 | I56: 2815 | K56: =F56+F57 -> 2333.05 | L56: =I56 -> 2815
A57: 15. | C57: № 2.п09.41403 | D57: 30.06.10 | E57: № 2.п09.41403 | F57: 1119.56
A58: 16. | B58: ООО "Техкомплектсервис" | C58: № Тк0181 | D58: 02.07.10 | E58: № Тк0181 | F58: 9400 | G58: 24.06.2010 | H58: 534 | I58: 15924
A59: 17. | C59: № Тк0196 | D59: 16.07.10 | E59: № Тк0196 | F59: 3485 | G59: 29.06.2010 | H59: 544 | I59: 990
A60: 18. | C60: № Тк0196 | D60: 16.07.10 | E60: № Тк0196 | F60: 4550 | G60: 09.08.2010. | H60: 722 | I60: 5626
A61: 19. | C61: № Тк0241 | D61: 30.08.10 | E61: № Тк0241 | F61: 7735 | G61: 17.09.2010 | H61: 860 | I61: 38620 | K61: =SUM(F58:F61) -> 25170 | L61: =SUM(I58:I61) -> 61160
A62: 20. | B62: ООО "ЭТМ" | C62: № 2.п07.1336 | D62: 10.09.10 | E62: № 2.п07.1336 | F62: 35413.81 | G62: 03.09.2010 | H62: 803 | I62: 35414
A63: 21. | B63: ООО "Техкомплектсервис" | C63: № Тк0267 | D63: 01.10.10 | E63: № Тк0267 | F63: 24225 | G63: 11.10.2010 | H63: 929 | I63: 24225
A64: 22. | C64: № Тк0285 | D64: 15.10.10 | E64: № Тк0285 | F64: 47687 | G64: 18.10.2010 | H64: 947 | I64: 47687
A65: 23. | C65: № Тк0292 | D65: 20.10.10 | E65: № Тк0292 | F65: 5740 | G65: 10.11.2010 | H65: 994 | I65: 13340
A66: 24. | C66: № 00000309 | D66: 03.11.10 | E66: № 00000309 | F66: 5500 | K66: =SUM(F65:F66) -> 11240
A67: 25. | C67: № 00000322 | D67: 13.11.10 | E67: № 00000322 | F67: 7600
A68: 26. | C68: № 00000323 | D68: 13.11.10 | E68: № 00000323 | F68: 3250 | G68: 12.11.2010 | H68: 1026 | I68: 3250
A69: 27. | C69: № Тк0363 | D69: 27.12.10 | E69: № Тк0363 | F69: 21291
A82: Итого | F82: =SUM(F43:F81) -> 432350.04 | I82: =SUM(I43:I81) -> 467774.38
A83: По цеху 2496 ПСХ
A84: Затраты на электротехнические материалы по участку ПСХ в расчет тарифов на 2013 г. взяты | K84: =I30/1.18/9*12/1000 -> 1307.6322
A85: с Кинд.= 1,071 пропорционально полезному отпуску:
B86: ПСХ | C86: кВтч | E86: кВтч | F86: доля
C87: 404.797 | D87: На передачу потребителям (ЗАО "ССК") : | E87: 404.797 | F87: =C87/$C$92*100 -> 17.307915 | K87: ='П1.30 - 07.06.11г.'!C76 -> 6486.583 | T87: =C90/$C$28*100 -> #DIV/0!
D88: в т.ч.
C89: ='П1.30 - 07.06.11г.'!$C$28 -> 531.558 | D89: ЗАО ССК | E89: ='П1.30 - 07.06.11г.'!$C$28 -> 531.558
C90: =16.5+40 -> 56.5 | D90: конечные потребители | E90: =16.5+40 -> 56.5
B91: Собственное потребление | C91: ='[10]стр-ра пол.отп. 2014г.'!$D$23+'[10]стр-ра пол.отп. 2014г.'!$E$23+'[10]стр-ра пол.отп. 2014г.'!$F$23 -> 1934 | E91: ='[10]стр-ра пол.отп. 2014г.'!$D$23+'[10]стр-ра пол.отп. 2014г.'!$E$23+'[10]стр-ра пол.отп. 2014г.'!$F$23 -> 1934 | F91: =C91/$C$92*100 -> 82.692085 | J91: =825+807 -> 1632 | K91: ='2012 Баланс '!C69 -> 0 | T91: =C91/$C$28*100 -> #DIV/0!
B92: Итого | C92: =C87+C91 -> 2338.797 | E92: =E87+E91 -> 2338.797 | F92: =SUM(F87:F91) -> 100 | K92: =SUM(K87:K91) -> 6486.583 | T92: =C92/$C$28*100 -> #DIV/0!
A93: Затраты на электротехнические материалы в расчет тарифа на 2013 г. по участку ПСХ на передачу сторонним | K93: =I31/1.18/9*12/1000 -> 0
A94: потребителям составят: | F94: 432350,04 /1,18 /1000 х 1,071 Х 19,41%= | G94: =$F$82/1000/1.18*1.071*$F$87/100 -> 67.918443 | H94: тыс.руб. без НДС
A95: На 2014 г. затраты по статье "вспомогательные материалы" по участку ПСХ проиндексированы
C96: на Кинд.к 2013г. = 1,054 и составят =76,2 х 1,054 = | E96: на Кинд.к 2013г. = 1,054 и составят =76,2 х 1,054 = | F96: =$G$94*1.054 -> 71.586039 | G96: тыс.руб. без НДС
A98: Итого затраты по статье "вспомогательные материалы" на передачу сторонним потребителям
A99: ФГУП «ГНПРКЦ «ЦСКБ-Прогресс» составляют:
C100: 2013 г. = 432,5 тыс.руб. + 76,2 тыс.руб. = | E100: 2013 г. = 432,5 тыс.руб. + 76,2 тыс.руб. = | F100: =F36+G94 -> 1225.173 | G100: тыс.руб.
C101: 2014 г. = 455,9 тыс.руб. + 80,3 тыс.руб. = | E101: 2014 г. = 455,9 тыс.руб. + 80,3 тыс.руб. = | F101: =D38+F96 -> 1320.2637 | G101: тыс.руб.
A104: Исполнитель
A105: Харитонова Л. С.

Sheet РСЭО факт за 2012г.
A1: Расходы по содержанию и эксплуатации оборудования
A2: по участку электроснабжения ФГУП «ГНПРКЦ «ЦСКБ-Прогресс» за 2012г.
D3: на передачу сторонним потребителям | F3: без НДС
A4: № | B4: Наименование | C4: Исполнитель | D4: Обосновывающий документ | E4: Всего 2012 г. | F4: 2012 г.затраты на потребителя d = 14,74% | G4: 2014 г.затраты на потребителя d = 14,74% | H4: 2012г. | I4: 0.1474
E5: тыс.руб. | F5: тыс.руб. | G5: тыс.руб.
A6: Услуги сторонних организаций
A7: 1. | B7: Определение места повреждения кабеля и устранение повреждения от РУ 30 до КТП ООО "Исток" и от РУ 71 до ГПП220/10 | C7: хоз.способ (строительное подразделение) | D7: Договор подряда №43/2012 от 01.08.2012 ООО "Энергостройсервис", справка о стоимости и акт вып.работ, платежное поручение № 28968 от 08.10.12, схема электроснабжения на потребителя | E7: 345.98542 | F7: =E7 -> 345.98542 | G7: =F7 -> 345.98542
A8: 2. | B8: Плановая профилактическая проверка электротехнических цепей, релейной защиты измерения, учета и автоматики ЗРУ -10кВ на ГПП | D8: Договр №5 от 16.03.2012г. ООО "Строй-Гарант", справка о стоимости и акт вып.работ, платежные поручения №15568 от 25.05.2012 и № 33585 от 29.112012г. | E8: 1101.6949 | F8: =E8*I4 -> 162.38983 | G8: =F8 -> 162.38983
A9: 3. | B9: Диагностика кабельной линии ГПП 110кВ ССК - КРУ 22 ФГУП «ГНПРКЦ «ЦСКБ-Прогресс» | D9: Договор №8 от 18.09.2012 г. ООО "Газпром трансгаз Самара", платежное поручение № 1723 от 21.01.2013 | E9: =23.6/1.18 -> 20 | F9: =E9*I4 -> 2.948 | G9: =F9 -> 2.948
A10: 4. | B10: Периодические испытания трансформаторного масла силовых трансформаторов ТРДЦН-63000/220кВ Т-1 и Т-2 на ГПП | D10: Договор подряда № 38 от 20.11.2012 ООО "СЭРМН", акт вып.раб., справка о стоимости работ, платежное поручение № 6434 от 06.03.2013г. | E10: 43.87349 | F10: =E10*I4 -> 6.4669524 | G10: =F10 -> 6.4669524
A11: 5. | B11: Проведение энергоаудита энергохозяйства ФГУП «ГНПРКЦ «ЦСКБ-Прогресс»,выдача энергетического паспорта предприятия, разработка программы в области энергосбережения и повышения энергетической эффективности | D11: Договор № 6 от 20.04.2012г. ОАО "Самараэнерго", акт вып.раб.от 15.02.2013г., сумма по договору всего | E11: =10500/1.18 -> 8898.3051 | G11: 0
D12: на электроснабжение в доле 33,3% (т.к. 3 вида деятельности: электроснабжение, тепло- и водоснабжение | E12: =E11/3 -> 2966.1017 | F12: =E12*I4 -> 437.20339 | G12: =F12*J4 -> 0
E16: =SUM(E18:E20) -> 0 | F16: =SUM(F18:F20) -> 0 | G16: =SUM(G18:G20) -> 0
C21: сторонние организации
A22: 6. | B22: Обучение специалистов правилам и нормам безопасной эксплуатации электроустановок | D22: Договор с ООО "ЦДО "Промэнергобезопасность", реестр счетов-фактур с 01.01.2012 по 31.12.2012, платежные поручения | E22: =87.02/1.18 -> 73.745763 | F22: =E22*I4 -> 10.870125 | G22: =F22 -> 10.870125
A23: 7. | B23: Ежегодное медицинское освидетельствование электротехнического персонала | E23: ='Работы и услуги 2011г.'!E10*1.06 -> 143.80702 | F23: =E23*I4 -> 21.197155 | G23: =F23 -> 21.197155 | J23: =SUM(E21:E23)+E7 -> 563.5382
A24: 5. | B24: Приобретение и монтаж резервного трансформатора ТМ-250 6/0,4 на ТП-203 | K24: =(71.4+71+40+30)/1.18 -> 180
A25: 6. | B25: Ремонт и обслуживание злектрических сетей (90,0тыс.руб.)
A26: 8. | B26: Экспертиза технологических потерь электрической энергии, расчет и обоснование тарифов на услуги по передаче электроэнергии , ЕИАС | C26: ООО "СамараЭСКО" | E26: 0 | F26: 0 | G26: =59-9+70/1.18 -> 109.32203
A27: 9. | B27: Расходы на стандарты раскрытия информации организации, осуществляющей регулируемые виды деятельности (сайт, публикация в газете Волжская коммуна бухгалтерской отчетности) | C27: сторонняя организация | D27: Постановление правительства РФ от 30.12.2009г. № 24 | E27: 30 | F27: 30 | G27: 30
B28: Итого услуги | E28: =SUM(E7:E27)-E11 -> 4725.2083 | F28: =SUM(F7:F27)-F11 -> 1017.0609 | G28: =SUM(G7:G27) -> 689.17952
B29: в т.ч. Итого ремонт п.1 | E29: =E7+E25 -> 345.98542 | F29: =F7+F25 -> 345.98542 | G29: =G7+G25 -> 345.98542
A30: Примечание:
A31: Договора, акты выполненных работ, платежные поручения представлены в деле по расчету тарифов на 2014 г. вх.№574/Р стр.238-280.
B32: Расчет доли на потребителя по факту 2012г.
D33: Отпуск в сеть ФГУП «ГНПРКЦ «ЦСКБ-Прогресс» эл.эн. на потребителя - | E33: 23092.289 | F33: тыс.квтч.
D34: Собственное потребление эл.эн. ФГУП «ГНПРКЦ «ЦСКБ-Прогресс» | E34: ='[10]стр-ра пол.отп. 2014г.'!$B$23 -> 133980 | F34: тыс.квтч.
D35: Доля на потребителя - | E35: =E33/(E33+E34)+0.0004 -> 0.14741695
A36: Исполнитель
A37: Харитонова Л. С.

Sheet Услуги стор.орг..-2013г. 
A1: Реестр договоров, подтверждающих затраты по статье "Работы и услуги производственного характера"
A2: на передачу электрической энергии сторонним потребителям ФГУП «ГНПРКЦ «ЦСКБ-Прогресс» в 2013г.
A4: № | B4: Наименование | C4: Исполнитель | D4: Обосновывающий документ | E4: 2013 г. | F4: 2013 г. | G4: 2013 г.затраты на потребителя | H4: 2012г. | I4: 0.1474
E5: тыс.руб. | F5: тыс.руб. | G5: тыс.руб. | H5: 2013г. | I5: 0.13522048 | J5: по ф.5 за 2013 г.
A6: Услуги сторонних организаций по ремонту | H6: 2014г. | I6: =21287.15/172043.17 -> 0.12373144
A7: 1 | B7: Монтаж и пусконаладка электрооборудования КРУ-22 | C7: СК "Спецмонтажавтоматика" | D7: Договор, РС №853 | F7: =3165.06/1.18 -> 2682.2542 | G7: =F7 -> 2682.2542 | H7: 2016 | I7: ='П1.30 -2020г., 1 и 2 п-е'!G9/('П1.30 -2020г., 1 и 2 п-е'!G9+'2016 тсо кроме мрск'!B60+'2016 тсо НК Энергосб'!B60) -> 0.94164496 | J7: =22365.349/(22365.349+150756.021+1416.13) -> 0.12814065
A8: =A7+1 -> 2 | B8: Ремонт изоляторов ПС-70 на ОРУ-220/10/10 | C8: ООО "Энергостройсервис" | D8: Договор №26/2013 от 11.07.ю2013, РС№346 | F8: =466.05262/1.18 -> 394.95985 | G8: =F8*$I$6 -> 48.868953
A9: =A8+1 -> 3 | B9: Инженерно-геодезические изыскания для капитального ремонта кабельной линии 10кВ от ГПП 110/10кВ "АВИС" до РУ-3В, РУ-30, РУ-22 | C9: ООО "Энергогазстрой" | D9: Договор №02/ИГИ-13 от 07.08.2013 | F9: =499.99609 -> 499.99609 | G9: =F9*$I$6 -> 61.865239
A10: 4 | B10: Проверка устройств автоматики частотной разгрузки (АЧР) на ПС 220/10/10 | C10: ЗАО "Волгаэнергосервис" | D10: Договор № 01-2013 от 26.07.2013, ЛС-950 | F10: =104.1468/1.18 -> 88.26 | G10: =F10*$I$6 -> 10.920537
A11: 5 | B11: Капитальный ремонт редуктора РПН РС-3 силового трансформатора ТРДЦН-63000/220кВ | C11: ООО "Самараэлектрореммонтаж- наладка" | D11: Договор № 29 от 29.08.2013 | F11: =208.88723/1.18 -> 177.02308 | G11: =F11*$I$6 -> 21.903321
A12: 6 | B12: Каитальный ремонт шкафов на КРУ-26-10кВ | C12: ООО "Энергостройпроект" | D12: Договор №04/Э-13 от 09.08.2013 | F12: =482.0418/1.18 -> 408.51 | G12: =F12*$I$6 -> 50.545533
A13: 7 | B13: Пуско-наладка и проверка релейной защиты трансформатора Т-1 на ГПП-220/10/10 | C13: ООО "Энергостройсервис" | D13: Договор подряда №12 от 23.07.2013г., РС№378 | F13: =499.91356/1.18 -> 423.65556 | G13: =F13*$I$6 -> 52.419514
A17: Услуги сторонних организаций по техническому обслуживанию | H17: 2015г. | I17: ='П1.30 -2020г., 1 и 2 п-е'!AG10 -> 0
A18: =A9+1 -> 4
A19: =A18+1 -> 5
A20: =A19+1 -> 6
A21: =A20+1 -> 7
A22: =A21+1 -> 8
A23: =A22+1 -> 9
A24: =A23+1 -> 10 | J24: =SUM(F23:F24)+F18 -> 0
A25: 7. | K25: =(71.4+71+40+30)/1.18 -> 180
A26: 8.
A27: =A24+1 -> 11
A28: =A27+1 -> 12
B29: Итого | E29: =SUM(E7:E28) -> 0 | F29: =SUM(F7:F28) -> 4674.6588 | G29: =SUM(G7:G28) -> 2928.7773
A30: Примечание: | I30: 2014г.-689,2т.р.
A31: 1. Доля затрат на потребителя по п.2-п.7 отнесена на передачу эл.энергии сторонним потребителям пропорционально фактическим объемам передачи кВтч по данным формы 5 за 2014г.) | I31: 2015г.-726,4т.р.
A32: d = 13,52% (21287,1тыс.кВтч/172043,17тыс.кВтч). | I32: =(9777.22+10620.03+1738.25)/163699.28 -> 0.13522051
A35: Исполнитель
A36: Харитонова Л. С.

Sheet ++ Реестр всп.мат.2014 с ЛОЦ
A1: Расчет стоимости затрат по статье «Материалы» на передачу электрической энергии потребителям ОАО "РКЦ "Прогресс" на 2015 г. (с учетом участка ЛОЦ «Космос», г. Самара, Красноглинский район, п. Прибрежный)
A3: Цех 2426 (пром.площадка)
A4: Техническое обслуживание, капитальный и текущий ремонт обрудования участка электроснабжения организации выполняется хоз.способом.
A5: В материалах дела вх.№ 565/Р от 30.04.2014г. на стр.395-413 представлены технические сметы за 2013 г.на работы по выполнению капитального
A6: ремонта оборудования (ТП, КРУ, кабель), участвующего в передаче электрической энергии потребителям подразделения 2426 (промплощадка).
A7: Расчет затрат на электротехнические материалы на обслуживание и ремонт оборудования участка электроснабжения потребителей по пром.площадке
A8: с приложением подтверждающих документов представлен в дополнительных материалах тарифного дела вх.№ 7720 от 01.08.2014 г. на стр.293-346.
A9: На 2014 г. затраты по статье "вспомогательные материалы" для оказания услуг по передачe эл.энергии потребителям по цеху 2426 (пром.площадка)
A10: взяты на уровне факта 2013г.и составляют 1 157,3 тыс.руб. | J10: ='Реестр всп.мат.2013пром.'!F36 -> 1157.2545 | K10: тыс.руб.
A11: На 2016 г. затраты по статье "материалы" проиндексированы на Кинд.к 2015г. = 1,079 и составят 1248,7 тыс.руб. | G11: тыс.руб. без НДС | J11: ='Реестр всп.мат.2013пром.'!D38 -> 1248.6776 | K11: тыс.руб.
A13: Цех 2452 (ЛОЦ "Космос")
A14: № | B14: Поставщик | C14: Номенклатура | D14: Дата | E14: Подтверждающий документ | F14: Сумма, руб., без НДС | G14: Дата | H14: Платежное поручение | I14: Сумма, руб. с НДС
A15: 1 полугодие 2014 год
A16: 1. | B16: ООО "ТД"УНКОМТЕКС" | C16: Кабель | D16: 09.06.2014г. | E16: счт-фактура | F16: =551953.58 -> 551953.58
A17: 2. | B17: ООО "Эл-Пром-С | C17: Светильники | D17: № 306 29.04.2014 | E17: товарная накладные | F17: 9078.81
D18: № 308 29.04.2014 | F18: 12127.12
D19: № 307 29.04.2014 | F19: 4847.5
C20: Светильники, выключатели | D20: № 168 24.04.2014 | F20: 97057.63
A21: 3. | B21: ООО "ПТК" | C21: Электротехнические материалы (по акту сверки) | D21: 24.04.2014, 30.04.2014, 30.06.2014 | F21: =127028/1.18 -> 107650.85 | L21: 127018 | M21: руб.
A22: Итого | F22: =SUM(F16:F21) -> 782715.49 | I22: =SUM(I10:I21) -> 0 | J22: =F22/1000*2 -> 1565.431 | K22: тыс.руб.
A23: 2012 год для выполнения работ по замене второго питающего кабеля 10кВ от ТП-11 до ТП-1 в ДОЛ "Орлёнок" | J23: =J22*1.049 -> 1642.1371 | K23: тыс.руб.
A24: 2. | B24: ООО "Кронос-Строй" | C24: Кабель АСБу 10-3х185 648,82 | D24: 41206 | E24: накладнаые на отпуск материалов на сторону представлены в разделе "Работы и услуги производственного характера" на стр. __________, | F24: 282236.7
C25: Наконечник кабельный ТАМ-185 | D25: 41208 | F25: 810
C26: Муфта Стп-10-150/240 3100,00 | D26: 41206 | F26: 12400
C27: Муфты эл. 1031,64 | D27: 41206 | F27: 2063.28
C28: Кабель АСБп 10-3х185 572,08 | D28: 41172 | F28: 729402
C29: ИТОГО | F29: =SUM(F24:F28) -> 1026912
A30: 2013 год
A31: 3. | C31: Перчатки диэлектрические | D31: 41578 | E31: накладная на отпуск материалов | F31: 2189.8
A32: Затраты на электротехнические материалы для оказания услуг по передаче электрической энергии по цеху 2452 (ЛОЦ "Космос") на 2014 г. взяты
A33: на уровне затрат за 1 полугодие 2014г., умноженного на 2, и составят 782 715,49 руб./ 1000 х 2 = 1 565,4 тыс.руб. | L33: =F22/1000*2 -> 1565.431 | M33: тыс.руб.
A34: На 2015 г. затраты по статье "материалы" проиндексированы на Кинд.к 2014г. = 1,049 и составят 1 642,1 тыс.руб. (1 565,4 тыс.руб. х 1,049 = 1 642,1 тыс.руб.) | L34: =L33*1.049 -> 1642.1371 | M34: тыс.руб.
A35: Затраты по статье "Материалы" на передачу эл.энергии потребителям ЛОЦ "Космос" взяты в доле пропорционально переданным кВтч | L35: =L33*'Услуги стор.орг..-2018-2020гг.'!I6 -> 0 | M35: тыс.руб.
A36: на собственное потребление и потребителям и составят на 2014 год 211,0 тыс.руб. (1 565,4 тыс.руб.х 13,48% = 211,0 тыс.руб.), | I36: =F32*N38 -> 0 | J36: =J22*0.1348 -> 211.0201 | K36: тыс.руб. | L36: =L34*13.48% -> 221.36008 | M36: тыс.руб.
A37: на 2015 г. затраты проиндексированы на Кинд.к 2014г. = 1,049 и составят 221,4 тыс.руб. (211,0 тыс.руб. х 1,049 = 221,4 тыс.руб.) | J37: =J36*1.049 -> 221.36008 | K37: тыс.руб.
A38: Доля затрат на передачу эл.энергии потребителям определена в разделе "Амортизация" на стр. ______ и составляет d = 13,48%. | N38: ='2016 тсо НК Энергосб'!$B$9/('2016 тсо НК Энергосб'!$B$9+'2016 тсо НК Энергосб'!$B$60) -> 0.0028004932
A40: Итого затраты по статье "Материалы" для оказания услуг по передаче эл.энергии потребителям ОАО "РКЦ "Прогресс" составили:
A42: Наименование подразделение | C42: Затраты по статье матриалы на потребителя, тыс.руб.
C43: 2014 год | D43: 2015 год
A44: цех 2426 (пром.площадка) | C44: ='Реестр всп.мат.2013пром.'!F36 -> 1157.2545 | D44: ='Реестр всп.мат.2013пром.'!D38 -> 1248.6776
A45: цех 2452 (ЛОЦ "Космос") | C45: =L35 -> 0 | D45: =L36 -> 221.36008
B46: ИТОГО | C46: =SUM(C44:C45) -> 1157.2545 | D46: =SUM(D44:D45) -> 1470.0377
A54: Исполнитель
A55: Харитонова Л. С.

Sheet Реестр всп.мат.2013пром.
A1: Реестр документов, подтверждающих поступление электротехнических материалов на обслуживание и ремонт оборудования участка электроснабжения потребителей ФГУП «ГНПРКЦ «ЦСКБ-Прогресс» за 2013 г.
I2: на передачу сторонним потребителям
A3: № | B3: Поставщик | C3: Номенклатура | D3: Дата | E3: Счет-фактура | F3: Сумма, руб. с НДС | G3: Дата | H3: Платежное поручение | I3: Сумма, руб. с НДС
A4: Цех 2426 (пром.площадка)
A5: 2013 год
A6: 1. | B6: ООО "Региональная кабельная компания" | C6: Кабель, провод, наконечник медный | D6: 41471 | E6: № СРК 0000017 | F6: 70895.58 | G6: 41499 | H6: № 23851 | I6: 70895.58
A7: 2. | C7: Муфта соединительная | D7: 41523 | E7: № КРК 0000082 | F7: 4705.44 | G7: 41534 | H7: № 27495 | I7: 4705.44
C8: Муфта | D8: 41544 | E8: № КРК 0000070 | F8: 171509.69 | G8: 41523 | H8: № 26291 | I8: 171509.69
C9: Муфты концевые | D9: 41506 | E9: № КРК 0000033 | F9: 13336.24 | G9: 41523 | H9: № 25631 | I9: 171509.69
C10: Кабель | D10: 41508 | E10: № КРК 0000068 | F10: 505825.11 | G10: 41523 | H10: № 26345 | I10: 505825.11
C11: Кабель | D11: 41544 | E11: № КРК 0000071 | F11: 133894.6 | G11: 41523 | H11: № 26290 | I11: 133894.6
A12: 3. | C12: Кабель | D12: 41541 | E12: № СРК 0000050 | F12: 16413.8 | G12: 41563 | H12: № 30268 | I12: 16413.8 | J12: =SUM(F7:F12) -> 845684.88 | K12: =J12-I7 -> 840979.44
A13: 4. | C13: Провод | D13: 41621 | E13: № КРК 0000112 | F13: 4958.83 | G13: 41634 | H13: № 37616 | I13: 4958.83
A14: 5. | B14: ООО "Волгаэлектросбыт" | C14: Трансформатор тока | D14: 41389 | E14: № 2.2-1.35493/2 | F14: 77541.79 | G14: 41367 | H14: № 9710 | I14: 77541.79
A15: 6. | B15: ООО "Научно Производственное Предприятие "ПромТЭК" | C15: Кабель, провод, наконечник медный | D15: 41358 | E15: № 88 | F15: 17300.28
A16: 7.
A17: 8. | J17: =SUM(F15:F17) -> 17300.28
J27: =SUM(F23:F27) -> 0
J28: =SUM(F24:F28) -> 0
J29: =SUM(F25:F29) -> 0
A30: Итого | F30: =SUM(F6:F29) -> 1016381.4 | I30: =SUM(I6:I29) -> 1157254.5
A31: По цеху 2426
A32: Техническое обслуживание, капитальный и текущий ремонт обрудования участка электроснабжения организации выполняется хоз.способом.
A33: В материалах дела вх.№ 565/Р от 30.04.2014г. на стр.395-413 представлены технические сметы за 2013 г.на работы по выполнению
A34: капитального ремонта оборудования (ТП, КРУ, кабель), участвующего в передаче электрической энергии потребителям.
A35: Дефектные ведомости и акты вып.работ к сметам с расшифровкой номеклатуры и стоимости израсходованных материалов на ремонт прилагаются.
A36: Затраты на электротехнические материалы на 2014 г. взяты на уровне факта 2013г. и составят: | F36: =$I$30/1000 -> 1157.2545 | G36: тыс.руб. без НДС
A37: На 2016 г. затраты по статье "вспомогательные материалы" проиндексированы на Кинд.к 2015г. = 1,079
C38: и составят = 1 157,3 х 1,079= | D38: =$F$36*1.079 -> 1248.6776 | E38: тыс.руб.
A40: № | B40: Поставщик | C40: Счет-фактура | D40: Дата | E40: Счет-фактура | F40: Сумма, руб. с НДС | G40: Дата | H40: Платежное поручение | I40: Сумма, руб. с НДС
A41: Цех 2496 (подсобное хозяйство)
A42: 2010 год
A43: 1. | B43: ООО "Техкомплектсервис" | C43: № Тк0014 | D43: 04.02.10 | E43: № Тк0014 | F43: 15642.8 | G43: 03.02.2010 | H43: 68 | I43: 37678.5
A44: 2. | C44: № Тк0019 | D44: 08.02.10 | E44: № Тк0019 | F44: 20392.5 | G44: 12.02.2010 | H44: 98 | I44: 3180 | K44: =SUM(F43:F44) -> 36035.3 | L44: =SUM(I43:I44) -> 40858.5
A45: 3. | C45: № Тк0038 | D45: 26.02.10 | E45: № Тк0038 | F45: 24197 | G45: 19.02.2010 | H45: 119 | I45: 24197
A46: 4. | C46: № Тк0039 | D46: 01.03.10 | E46: № Тк0039 | F46: 6850 | G46: 30.03.2010 | H46: 231 | I46: 6850
A47: 5. | C47: № Тк0054 | D47: 18.03.10 | E47: № Тк0054 | F47: 78415.88 | G47: 15.03.2010 | H47: 196 | I47: 86085.88
A48: 6. | C48: № Тк0055 | D48: 18.03.10 | E48: № Тк0055 | F48: 7670 | K48: =SUM(F47:F48) -> 86085.88 | L48: =SUM(I47) -> 86085.88
A49: 7. | C49: № Тк0100 | D49: 04.05.10 | E49: № Тк0100 | F49: 1195 | K49: =SUM(F43:F48) -> 153168.18 | L49: =SUM(I43:I49) -> 157991.38
A50: 8. | C50: № Тк0069 | D50: 01.04.10 | E50: № Тк0069 | F50: 20725 | G50: 01.04.2010 | H50: 242 | I50: 20725
A51: 9. | C51: № Тк0104 | D51: 06.05.10 | E51: № Тк0104 | F51: 12840 | G51: 15.04.2010 | H51: 276 | I51: 3005 | K51: =F49+F51 -> 14035
A52: 10. | C52: № Тк0157 | D52: 11.06.10 | E52: № Тк0157 | F52: 4350 | G52: 06.05.2010 | H52: 336 | I52: 13045 | K52: =F51+F52 -> 17190 | L52: =I51+I52 -> 16050
A53: 11. | C53: № Тк0167 | D53: 21.06.10 | E53: № Тк0167 | F53: 37232 | G53: 12.05.2010 | H53: 345 | I53: 990
A54: 12. | C54: № Тк0168 | D54: 21.06.10 | E54: № Тк0168 | F54: 7716 | G54: 25.05.2010 | H54: 394 | I54: 42545 | K54: =F53+F54 -> 44948 | L54: =I54 -> 42545
A55: 13. | C55: № Тк0177 | D55: 30.06.10 | E55: № Тк0177 | F55: 16914 | G55: 15.06.2010 | H55: 496 | I55: 41582
A56: 14. | B56: ООО "ЭТМ" | C56: № 2.п09.41403 | D56: 30.06.10 | E56: № 2.п09.41403 | F56: 1213.49 | G56: 21.06.2010 | H56: 520 | I56: 2815 | K56: =F56+F57 -> 2333.05 | L56: =I56 -> 2815
A57: 15. | C57: № 2.п09.41403 | D57: 30.06.10 | E57: № 2.п09.41403 | F57: 1119.56
A58: 16. | B58: ООО "Техкомплектсервис" | C58: № Тк0181 | D58: 02.07.10 | E58: № Тк0181 | F58: 9400 | G58: 24.06.2010 | H58: 534 | I58: 15924
A59: 17. | C59: № Тк0196 | D59: 16.07.10 | E59: № Тк0196 | F59: 3485 | G59: 29.06.2010 | H59: 544 | I59: 990
A60: 18. | C60: № Тк0196 | D60: 16.07.10 | E60: № Тк0196 | F60: 4550 | G60: 09.08.2010. | H60: 722 | I60: 5626
A61: 19. | C61: № Тк0241 | D61: 30.08.10 | E61: № Тк0241 | F61: 7735 | G61: 17.09.2010 | H61: 860 | I61: 38620 | K61: =SUM(F58:F61) -> 25170 | L61: =SUM(I58:I61) -> 61160
A62: 20. | B62: ООО "ЭТМ" | C62: № 2.п07.1336 | D62: 10.09.10 | E62: № 2.п07.1336 | F62: 35413.81 | G62: 03.09.2010 | H62: 803 | I62: 35414
A63: 21. | B63: ООО "Техкомплектсервис" | C63: № Тк0267 | D63: 01.10.10 | E63: № Тк0267 | F63: 24225 | G63: 11.10.2010 | H63: 929 | I63: 24225
A64: 22. | C64: № Тк0285 | D64: 15.10.10 | E64: № Тк0285 | F64: 47687 | G64: 18.10.2010 | H64: 947 | I64: 47687
A65: 23. | C65: № Тк0292 | D65: 20.10.10 | E65: № Тк0292 | F65: 5740 | G65: 10.11.2010 | H65: 994 | I65: 13340
A66: 24. | C66: № 00000309 | D66: 03.11.10 | E66: № 00000309 | F66: 5500 | K66: =SUM(F65:F66) -> 11240
A67: 25. | C67: № 00000322 | D67: 13.11.10 | E67: № 00000322 | F67: 7600
A68: 26. | C68: № 00000323 | D68: 13.11.10 | E68: № 00000323 | F68: 3250 | G68: 12.11.2010 | H68: 1026 | I68: 3250
A69: 27. | C69: № Тк0363 | D69: 27.12.10 | E69: № Тк0363 | F69: 21291
A82: Итого | F82: =SUM(F43:F81) -> 432350.04 | I82: =SUM(I43:I81) -> 467774.38
A83: По цеху 2496 ПСХ
A84: Затраты на электротехнические материалы по участку ПСХ в расчет тарифов на 2013 г. взяты | K84: =I30/1.18/9*12/1000 -> 1307.6322
A85: с Кинд.= 1,071 пропорционально полезному отпуску:
B86: ПСХ | C86: кВтч | E86: кВтч | F86: доля
C87: 404.797 | D87: На передачу потребителям (ЗАО "ССК") : | E87: 404.797 | F87: =C87/$C$92*100 -> 17.307915 | K87: ='П1.30 - 07.06.11г.'!C76 -> 6486.583 | T87: =C90/$C$28*100 -> #DIV/0!
D88: в т.ч.
C89: ='П1.30 - 07.06.11г.'!$C$28 -> 531.558 | D89: ЗАО ССК | E89: ='П1.30 - 07.06.11г.'!$C$28 -> 531.558
C90: =16.5+40 -> 56.5 | D90: конечные потребители | E90: =16.5+40 -> 56.5
B91: Собственное потребление | C91: ='[10]стр-ра пол.отп. 2014г.'!$D$23+'[10]стр-ра пол.отп. 2014г.'!$E$23+'[10]стр-ра пол.отп. 2014г.'!$F$23 -> 1934 | E91: ='[10]стр-ра пол.отп. 2014г.'!$D$23+'[10]стр-ра пол.отп. 2014г.'!$E$23+'[10]стр-ра пол.отп. 2014г.'!$F$23 -> 1934 | F91: =C91/$C$92*100 -> 82.692085 | J91: =825+807 -> 1632 | K91: ='2012 Баланс '!C69 -> 0 | T91: =C91/$C$28*100 -> #DIV/0!
B92: Итого | C92: =C87+C91 -> 2338.797 | E92: =E87+E91 -> 2338.797 | F92: =SUM(F87:F91) -> 100 | K92: =SUM(K87:K91) -> 6486.583 | T92: =C92/$C$28*100 -> #DIV/0!
A93: Затраты на электротехнические материалы в расчет тарифа на 2013 г. по участку ПСХ на передачу сторонним | K93: =I31/1.18/9*12/1000 -> 0
A94: потребителям составят: | F94: 432350,04 /1,18 /1000 х 1,071 Х 19,41%= | G94: =$F$82/1000/1.18*1.071*$F$87/100 -> 67.918443 | H94: тыс.руб. без НДС
A95: На 2014 г. затраты по статье "вспомогательные материалы" по участку ПСХ проиндексированы
C96: на Кинд.к 2013г. = 1,054 и составят =76,2 х 1,054 = | E96: на Кинд.к 2013г. = 1,054 и составят =76,2 х 1,054 = | F96: =$G$94*1.054 -> 71.586039 | G96: тыс.руб. без НДС
A98: Итого затраты по статье "вспомогательные материалы" на передачу сторонним потребителям
A99: ФГУП «ГНПРКЦ «ЦСКБ-Прогресс» составляют:
C100: 2013 г. = 432,5 тыс.руб. + 76,2 тыс.руб. = | E100: 2013 г. = 432,5 тыс.руб. + 76,2 тыс.руб. = | F100: =F36+G94 -> 1225.173 | G100: тыс.руб.
C101: 2014 г. = 455,9 тыс.руб. + 80,3 тыс.руб. = | E101: 2014 г. = 455,9 тыс.руб. + 80,3 тыс.руб. = | F101: =D38+F96 -> 1320.2637 | G101: тыс.руб.
A104: Исполнитель
A105: Харитонова Л. С.

Sheet Реестр всп.мат.2012пром.
A1: Реестр документов, подтверждающих поступление электротехнических материалов на обслуживание и ремонт оборудования участка электроснабжения потребителей ФГУП «ГНПРКЦ «ЦСКБ-Прогресс» за 2012 г.
G2: на передачу сторонним потребителям
A4: № | B4: Поставщик | C4: Дата | D4: Счет-фактура | E4: Сумма, руб. с НДС | F4: Дата | G4: Платежное поручение | H4: Сумма, руб. с НДС
A5: Цех 2426
A6: 2012 год
A7: 1. | B7: ООО "ЭТК "Содействие" | C7: 16.05.2012 | D7: № КЭТ 0000393 | E7: 2526.4 | F7: 18.04.2012 | G7: № 806 | H7: 2526.4
A8: 2. | C8: 13.06.2012 | D8: № КЭТ 0000487 | E8: 101393.21 | F8: 14.06.2012 | G8: № 17262 | H8: 153883.42
A9: 3. | C9: 19.06.2012 | D9: № КЭТ 0000504 | E9: 52524.22 | F9: 27.07.2012 | G9: № 22156 | H9: 34.01 | I9: =SUM(E8:E9) -> 153917.43 | J9: =I9-H8 -> 34.01
A10: 4. | C10: 20.07.2012 | D10: № КЭТ 0000611 | E10: 69779.95 | F10: 19.07.2012 | G10: № 21211 | H10: 69779.95
A11: 5. | C11: 30.08.2012 | D11: № КЭТ 0000726 | E11: 242558.48 | F11: 28.08.2012 | G11: № 25096 | H11: 242558.48
A12: 6. | B12: ООО "Волгаэлектросбыт" | C12: 23.04.2012 | D12: № 2.17МА1951.1-1/2 | E12: 4169.58 | F12: 18.04.2012 | G12: № 807 | H12: 7730.56
A13: 7. | C13: 02.05.2012 | D13: № 2.17МА1951/2 | E13: 908.97
A14: 8. | C14: 27.06.2012 | D14: № 2.17МА1951/2 | E14: 2652.01 | I14: =SUM(E12:E14) -> 7730.56
I24: =SUM(E20:E24) -> 0
I25: =SUM(E21:E25) -> 0
I26: =SUM(E22:E26) -> 0
A27: Итого | E27: =SUM(E7:E26) -> 476512.82 | H27: =SUM(H7:H26) -> 476512.82
A28: По цеху 2426
A29: Затраты на электротехнические материалы в расчет тарифов на 2013 г. взяты с Кинд.к 2012г. =1,071 и составят:
C30: 476512,82 /1,18 /1000 х 1,071= | D30: =$H$27/1000/1.18*1.071 -> 432.49596 | E30: тыс.руб. без НДС
A31: На 2014 г. затраты по статье "вспомогательные материалы" проиндексированы на Кинд.к 2013г. = 1,054
B32: и составят = 432,5 х 1,054= | C32: =D30*1.054 -> 455.85074 | D32: тыс.руб.
A34: № | B34: Поставщик | C34: Дата | D34: Счет-фактура | E34: Сумма, руб. с НДС | F34: Дата | G34: Платежное поручение | H34: Сумма, руб. с НДС
A35: Цех 2496 (подсобное хозяйство)
A36: 2010 год
A37: 1. | B37: ООО "Техкомплектсервис" | C37: 04.02.10 | D37: № Тк0014 | E37: 15642.8 | F37: 03.02.2010 | G37: 68 | H37: 37678.5
A38: 2. | C38: 08.02.10 | D38: № Тк0019 | E38: 20392.5 | F38: 12.02.2010 | G38: 98 | H38: 3180 | J38: =SUM(E37:E38) -> 36035.3 | K38: =SUM(H37:H38) -> 40858.5
A39: 3. | C39: 26.02.10 | D39: № Тк0038 | E39: 24197 | F39: 19.02.2010 | G39: 119 | H39: 24197
A40: 4. | C40: 01.03.10 | D40: № Тк0039 | E40: 6850 | F40: 30.03.2010 | G40: 231 | H40: 6850
A41: 5. | C41: 18.03.10 | D41: № Тк0054 | E41: 78415.88 | F41: 15.03.2010 | G41: 196 | H41: 86085.88
A42: 6. | C42: 18.03.10 | D42: № Тк0055 | E42: 7670 | J42: =SUM(E41:E42) -> 86085.88 | K42: =SUM(H41) -> 86085.88
A43: 7. | C43: 04.05.10 | D43: № Тк0100 | E43: 1195 | J43: =SUM(E37:E42) -> 153168.18 | K43: =SUM(H37:H43) -> 157991.38
A44: 8. | C44: 01.04.10 | D44: № Тк0069 | E44: 20725 | F44: 01.04.2010 | G44: 242 | H44: 20725
A45: 9. | C45: 06.05.10 | D45: № Тк0104 | E45: 12840 | F45: 15.04.2010 | G45: 276 | H45: 3005 | J45: =E43+E45 -> 14035
A46: 10. | C46: 11.06.10 | D46: № Тк0157 | E46: 4350 | F46: 06.05.2010 | G46: 336 | H46: 13045 | J46: =E45+E46 -> 17190 | K46: =H45+H46 -> 16050
A47: 11. | C47: 21.06.10 | D47: № Тк0167 | E47: 37232 | F47: 12.05.2010 | G47: 345 | H47: 990
A48: 12. | C48: 21.06.10 | D48: № Тк0168 | E48: 7716 | F48: 25.05.2010 | G48: 394 | H48: 42545 | J48: =E47+E48 -> 44948 | K48: =H48 -> 42545
A49: 13. | C49: 30.06.10 | D49: № Тк0177 | E49: 16914 | F49: 15.06.2010 | G49: 496 | H49: 41582
A50: 14. | B50: ООО "ЭТМ" | C50: 30.06.10 | D50: № 2.п09.41403 | E50: 1213.49 | F50: 21.06.2010 | G50: 520 | H50: 2815 | J50: =E50+E51 -> 2333.05 | K50: =H50 -> 2815
A51: 15. | C51: 30.06.10 | D51: № 2.п09.41403 | E51: 1119.56
A52: 16. | B52: ООО "Техкомплектсервис" | C52: 02.07.10 | D52: № Тк0181 | E52: 9400 | F52: 24.06.2010 | G52: 534 | H52: 15924
A53: 17. | C53: 16.07.10 | D53: № Тк0196 | E53: 3485 | F53: 29.06.2010 | G53: 544 | H53: 990
A54: 18. | C54: 16.07.10 | D54: № Тк0196 | E54: 4550 | F54: 09.08.2010. | G54: 722 | H54: 5626
A55: 19. | C55: 30.08.10 | D55: № Тк0241 | E55: 7735 | F55: 17.09.2010 | G55: 860 | H55: 38620 | J55: =SUM(E52:E55) -> 25170 | K55: =SUM(H52:H55) -> 61160
A56: 20. | B56: ООО "ЭТМ" | C56: 10.09.10 | D56: № 2.п07.1336 | E56: 35413.81 | F56: 03.09.2010 | G56: 803 | H56: 35414
A57: 21. | B57: ООО "Техкомплектсервис" | C57: 01.10.10 | D57: № Тк0267 | E57: 24225 | F57: 11.10.2010 | G57: 929 | H57: 24225
A58: 22. | C58: 15.10.10 | D58: № Тк0285 | E58: 47687 | F58: 18.10.2010 | G58: 947 | H58: 47687
A59: 23. | C59: 20.10.10 | D59: № Тк0292 | E59: 5740 | F59: 10.11.2010 | G59: 994 | H59: 13340
A60: 24. | C60: 03.11.10 | D60: № 00000309 | E60: 5500 | J60: =SUM(E59:E60) -> 11240
A61: 25. | C61: 13.11.10 | D61: № 00000322 | E61: 7600
A62: 26. | C62: 13.11.10 | D62: № 00000323 | E62: 3250 | F62: 12.11.2010 | G62: 1026 | H62: 3250
A63: 27. | C63: 27.12.10 | D63: № Тк0363 | E63: 21291
A76: Итого | E76: =SUM(E37:E75) -> 432350.04 | H76: =SUM(H37:H75) -> 467774.38
A77: По цеху 2496 ПСХ
A78: Затраты на электротехнические материалы по участку ПСХ в расчет тарифов на 2013 г. взяты | J78: =H27/1.18/9*12/1000 -> 538.43256
A79: с Кинд.= 1,071 пропорционально полезному отпуску:
B80: ПСХ | D80: кВтч | E80: доля
C81: На передачу потребителям (ЗАО "ССК") : | D81: 404.797 | E81: =D81/$D$86*100 -> 17.307915 | J81: ='П1.30 - 07.06.11г.'!C76 -> 6486.583 | S81: =D84/$D$25*100 -> #DIV/0!
C82: в т.ч.
C83: ЗАО ССК | D83: ='П1.30 - 07.06.11г.'!$C$28 -> 531.558
C84: конечные потребители | D84: =16.5+40 -> 56.5
B85: Собственное потребление | D85: ='[10]стр-ра пол.отп. 2014г.'!$D$23+'[10]стр-ра пол.отп. 2014г.'!$E$23+'[10]стр-ра пол.отп. 2014г.'!$F$23 -> 1934 | E85: =D85/$D$86*100 -> 82.692085 | I85: =825+807 -> 1632 | J85: ='2012 Баланс '!C69 -> 0 | S85: =D85/$D$25*100 -> #DIV/0!
B86: Итого | D86: =D81+D85 -> 2338.797 | E86: =SUM(E81:E85) -> 100 | J86: =SUM(J81:J85) -> 6486.583 | S86: =D86/$D$25*100 -> #DIV/0!
A87: Затраты на электротехнические материалы в расчет тарифа на 2013 г. по участку ПСХ на передачу сторонним | J87: =H28/1.18/9*12/1000 -> 0
A88: потребителям составят: | E88: 432350,04 /1,18 /1000 х 1,071 Х 19,41%= | F88: =$E$76/1000/1.18*1.071*$E$81/100 -> 67.918443 | G88: тыс.руб. без НДС
A89: На 2014 г. затраты по статье "вспомогательные материалы" по участку ПСХ проиндексированы
D90: на Кинд.к 2013г. = 1,054 и составят =76,2 х 1,054 = | E90: =$F$88*1.054 -> 71.586039 | F90: тыс.руб. без НДС
A92: Итого затраты по статье "вспомогательные материалы" на передачу сторонним потребителям
A93: ФГУП «ГНПРКЦ «ЦСКБ-Прогресс» составляют:
D94: 2013 г. = 432,5 тыс.руб. + 76,2 тыс.руб. = | E94: =D30+F88 -> 500.4144 | F94: тыс.руб.
D95: 2014 г. = 455,9 тыс.руб. + 80,3 тыс.руб. = | E95: =C32+E90 -> 527.43678 | F95: тыс.руб.
A98: Исполнитель
A99: Харитонова Л. С.

Sheet Услуги стор.орг..-2018-2020гг.
A1: Реестр договоров и платежных поручений, подтверждающих затраты по статье "Работы и услуги производственного характера" | L1: (согласно п.7 Предписания № 10-412-09-13-413-В от 27.09.2013 г. Средне-Поволжского управления Ростехнадзора - стр.391-393 дела вх.№ 565/Р от 30.04.2014г.)
A2: на передачу электрической энергии сторонним потребителям АО «РКЦ «Прогресс» на 2017-2018гг.
F4: тыс.руб.
A5: № | B5: Наименование | C5: Исполнитель | D5: Обосновывающий документ | E5: 2013 г. | F5: Сумма 2018 г., без НДС | G5: 2018 г. затраты на потребителя
A6: Услуги сторонних организаций по ремонту
A7: 1 | B7: Работы по демонтажу контактора РПН (с установкой временных перемычек) силового трансформатора ТРДЦН-63000/220/10/10 Т-1 на ГПП цеха 2426 | C7: ООО "Самараэлектрореммонтажналадка" | D7: Договор подряда №39-17 от 06.10.2017, смета, справка о стоимости работ, АВР, платежное поручение | F7: 67.98918 | G7: =F7*$C$37 -> #REF!
A8: =A7+1 -> 2 | B8: Расчет установок релейной защиты ТП "Зубчаниновская" 220/10/10 кВ на стороне 220 кВ | C8: ООО "ТПО-НЕФТЕПРОМ" | D8: Договор подряда №01/11-2017 от 01.11.2017, АВР, платежное поручение | F8: =230.72534/1.18 -> 195.52995 | G8: =F8*$C$37 -> #REF!
A9: =A8+1 -> 3 | B9: Ремонтные работы сезонных испытаний и доливки трансформаторного масла в силовые трансформаторы ТРДЦН-63000/220/10/10 Т-1 и ТРДЦН-63000/220/10/10 Т-2 на ГПП цеха 2426 | C9: ООО "Самараэлектрореммонтажналадка" | D9: Договор подряда № 46-17 от 29.11.2017 г. (согласно п.11 Предписания № 08-412-08-16-330-В от 19.08.2016 г. Средне-Поволжского управления Ростехнадзора - стр._________ дела) | F9: =609.63892 -> 609.63892 | G9: =F9*$C$37 -> #REF!
A10: =A9+1 -> 4 | B10: Испытания трансформаторного масла в силовом трансформаторе ТРДЦН-63000/220/10/10 Т-1 на ГПП цеха 2426 | C10: ООО "Самараэлектрореммонтажналадка" | D10: Договор подряда № 34-17 от 18.09.2017 г., смета, АВР, платежное поручение (согласно п.11 Предписания № 08-412-08-16-330-В от 19.08.2016 г. Средне-Поволжского управления Ростехнадзора - стр._________ дела) | F10: 68.52848 | G10: =F10*$C$37 -> #REF!
A11: 5 | B11: Испытания силового трансформатора ТРДЦН-63000/220/10/10 Т-1 на ГПП цеха 2426 | C11: ООО "Самараэлектрореммонтажналадка" | D11: Договор подряда № 38-17 от 28.09.2017 г., смета, справка о стомости вып.раб.и затрат, АВР, платежное поручение (согласно п.5,6,8 Предписания № 08-412-08-16-330-В от 19.08.2016 г. Средне-Поволжского управления Ростехнадзора - стр._________ дела) | F11: =64.07755/1.18 -> 54.303008 | G11: =F11*$C$37 -> #REF!
A12: 6 | B12: Капитальный ремонт кабельной сети 10кВ от ГПП 110/10 "АВИС" до РУ-30,3В, 22 | C12: ООО "Самрский Электропроект" | D12: Договор № 1038 от 19.10.2017г., смета | F12: =160/1.18 -> 135.59322 | G12: =F12*$C$37 -> #REF!
A13: 7 | B13: Ремонт вакуумного выключателя ВВ/TEL цех 2426 | C13: ООО "Таврида Электрик Самара" | D13: Договор подряда № 23-17 от 06.07.2017 г., акт вып.раб., сравка о стоимости вып.раб. и затрат, платежное поручение | F13: =148.4 -> 148.4 | G13: =F13*$C$37 -> #REF!
A14: 8 | B14: Разработка и выдача ТУ на пересечение кабельными линиями 10кВ в район Заводское шоссе,83 г. Самара железнодорожных путей необщего пользования № I и № II станция Самарка АО Самарского регионального транспортного комплекса | C14: ООО "ВолгаУралТранс" | D14: Договор №12 от 30.08.2017, акт вып.раб., платежное поручение | F14: =19.028 -> 19.028 | G14: =F14*$C$37 -> #REF!
A15: 9 | B15: Поставка оборудования "Шкафы УПК-Ц-16Пд-Вч с одним передатчиком для модернизации устройств передачи аварийных сигналов и команд (УПАСК) | C15: ООО "Прософт- Системы" | D15: Договор №17-35041 от 16.01.2017, платежные поручения | F15: =1840.8/1.18 -> 1560 | G15: =F15*$C$37 -> #REF!
A16: 10 | B16: Работы по капитальному ремонту электрического отопления и ремонту кабелей КРУ-26 | C16: СК "Спецмонтажавтоматика" | D16: Договор подряда № 42-16 ОТ 05.12.2016 г., справка о стоимости вып.работ и затрат АВР | F16: =167.76894 -> 167.76894 | G16: =F16*$C$37 -> #REF!
A17: Услуги сторонних организаций по техническому обслуживанию
A18: 11 | B18: Проведение сертификации электрической энергии, включая проведение сертификационных испытаний в центрах питания (распределительных электрических сетей) на соответствие требованиям ГОСТ 32144-2013 | C18: ООО ""Региональный орган оценки соответствия" | D18: Договор №5-18 от 25.01.2018 | F18: =248.135 -> 248.135 | G18: =F18*$C$37 -> #REF!
A19: 12 | B19: Проведение инспекционного контроля за сертифицированной эл.энергией, включая измерение показателей качества эл.энергии для инспекционного контроля, в центрах питания (распределительных электрических сетях) | D19: Договор №000081477 о 31.01.2017г., сметы, АВР | F19: 112.836 | G19: =F19*$C$37 -> #REF!
A20: 13 | B20: Ремонт рабочих СИ (ремонт генератора трассоискателя "Сталкер" ГТ-75) | C20: ФБУ "Самарский ЦСМ" | D20: АВР, платежное поручение | F20: =8.909/1.18 -> 7.55 | G20: =F20*$C$37 -> #REF!
A21: =A20+1 -> 14 | B21: Проверка пакета документации, предъявляемого для сертификации качества эл.энергии в сертификационный орган | C21: ООО "УПЦ Самарагосэнерго- надзора" | D21: Договор подряда №0000052160 от 18.03.2014, пп № 9684 от 03.10.2014 | G21: =F21*$C$37 -> #REF!
A22: =A21+1 -> 15 | B22: Проведение контрольных испытаний качества электрической энергии | D22: Договор подряда №0000052355 от 18.03.2014, пп № 9685 от 03.10.2014 | G22: =F22*$C$37 -> #REF!
A23: =A18+1 -> 12 | B23: Обучение специалистов по программе "Электроэнергетика", предэкзаменационная подготовка электротехнического персонала по Правилам по охране труда при эксплуатации электроустановок | C23: НОУ "ЦДО "Промэнергобезопасность" | D23: Договор , счета | E23: ='РСЭО факт за 2012г.'!E22 -> 73.745763 | G23: =F23*$C$37 -> #REF!
E24: по факту 2012 г. | G24: =F24*$C$37 -> #REF!
A25: =A23+1 -> 13 | B25: Ежегодное медицинское освидетельствование электротехнического персонала | E25: ='РСЭО факт за 2012г.'!E23 -> 143.80702 | G25: =F25*$C$37 -> #REF! | J25: =SUM(F24:F25)+F20 -> 7.55
A26: 7. | B26: Приобретение и монтаж резервного трансформатора ТМ-250 6/0,4 на ТП-203 | G26: =F26*$C$37 -> #REF! | K26: =(71.4+71+40+30)/1.18 -> 180
A27: 8. | B27: Ремонт и обслуживание злектрических сетей (90,0тыс.руб.) | G27: =F27*$C$37 -> #REF!
A28: 13 | B28: Расчет НВВ на осуществление деятельности услуг по передаче электрической энергии | C28: ООО "СамараЭСКО" | D28: Договора № 51/17 от 03.02.2017 | E28: =(59+70)/1.18 -> 109.32203
A29: =A28+1 -> 14 | B29: Расходы на стандарты раскрытия информации организации, осуществляющей регулируемые виды деятельности (сайт, публикация в газете Волжская коммуна бухгалтерской отчетности) | C29: сторонняя организация | D29: Постановление правительства РФ от 30.12.2009г. № 24 | E29: 30 | G29: 30
B30: Итого услуги | E30: =SUM(E7:E29) -> 356.87482 | F30: =SUM(F7:F16,F18:F28) -> 3395.3007 | G30: =SUM(G7:G16,G18:G28) -> #REF! | I30: =G30*1.0296 -> #REF!
B31: в т.ч. итого ремонт п.1-п.5 | E31: =SUM(E8:E30) -> 713.74963 | F31: =SUM(F7:F14) -> 1299.0108 | G31: =SUM(G7:G14) -> #REF!
A32: Примечание:
A33: 1. Согласно раздела III пункта 28 подпункта 9 ПП РФ 1178 от 29.12.2011 с изм. Мероприятия по измерению и сертификации качества эл.энергии (п.1-4 таблицы) включаются в состав НВВ ТСО.
A34: По данным формы 5 "Отчет о доходах и расходах ТСО… "за 20187 год затраты по статье "Работы и услуги производственного характера" отнесены на потребителя отнесены на передачу эл.энергии сторонним потребителям
A35: пропорционально объемам передачи в тыс.кВтч в 2018 г. и составили 5 021,99 тыс.руб.
B36: Доля затрат на потребителя за 2018 год составила | C36: ='[11]НВВ на содержание'!$H$106/'[11]НВВ на содержание'!$G$106 -> 0.14248799
B37: Доля затрат на потребителя на 2020 год составила (22951,354тыс.кВтч / 1612237,117 тыс.кВтч%)= | C37: =#REF!/100 -> #REF!
A38: На 2020 год затраты по статье "Работы и услуги производственного характера" по участку передачи эл.энергии потребителям запланированы с Кинд.к 2018 г. =1,0355 Ии Кинд.к 2020 г.=1,0237 и составят = 916,843х1,0355х1,0237 = 971,9 тыс.руб. | K38: =916.743*1.0355*1.0237 -> 971.78549

Sheet Услуги стор.орг..-2014г. (2)
A1: Реестр договоров и платежных поручений, подтверждающих затраты по сертификации эл.энергии, поставляемой потребителям
A2: за 2014г.
F3: тыс.руб.
A4: № | B4: Наименование | C4: Исполнитель | D4: Обосновывающий документ | E4: 2013 г. | F4: Сумма 2014 г., без НДС | G4: 2014 г. затраты на потребителя | H4: 2014 | I4: =21287.15/172043.17 -> 0.12373144
A5: Услуги сторонних организаций по ремонту | H5: 2016г. | I5: ='П1.30 -2020г., 1 и 2 п-е'!G9/('2016 тсо НК Энергосб'!B60+'2016 тсо кроме мрск'!B60+'П1.30 -2020г., 1 и 2 п-е'!G9) -> 0.94164496
A6: 1 | B6: Проверка устройств автоматики частотной разгрузки (АЧР) на ПС 220/10/10кВ "Зубчаниновская" | C6: ЗАО "Волгаэнергосервис" | D6: Договор №01-2014АЧР на выполнение подрядных работ | F6: =44.17697/1.18 -> 37.43811 | G6: =F6 -> 37.43811
A7: =A6+1 -> 2 | B7: Ремонт изоляторов на линии "Зубчаниновская-2" ОРУ 220/10/10 | C7: ООО СК "Спецмонтажавтоматика" | D7: Договор подряда №016 от 25.10.2014 (согласно п.7 Предписания № 10-412-09-13-413-В от 27.09.2013 г. Средне-Поволжского управления Ростехнадзора - стр.391-393 дела вх.№ 565/Р от 30.04.2014г.) | F7: =490/1.18 -> 415.25424 | G7: =F7 -> 415.25424
A8: =A7+1 -> 3 | B8: Ремонт вакуумного выключателя на КРУ-2А | C8: ООО "Таврида Электрик Самара" | D8: Договор подряда №029 от 16.12.2013 г. | F8: =96.76/1.18 -> 82 | G8: =F8 -> 82
A9: =A8+1 -> 4 | B9: Работы по замене второго питающего кабеля 10кВ от ТП-11 до ТП-1 в ДОЛ "Орлёнок" (из материалов заказчика) | C9: ООО "Кронос-Строй" | D9: Договор подряда № 10 от 24.07.2012г., РС-475, акт вып.раб., справка о стоимости вып.раб.и затрат, счет на оплату, счет-фактура | F9: =1254.23765 -> 1254.2377 | G9: =F9*$I$5 -> 1181.0466
A10: =A9+1 -> 5 | B10: Монтаж эстакады перехода через овраг 2-ого питающего кабеля 10кВ от ТП-11 до ТП-1 в ДОЛ "Орленок" (из материалов заказчика) | C10: ООО "Кронос-Строй" | D10: Договор подряда № 13 от 03.09.2012 г., РС-562, акт вып.раб., сравка о стоимости вып.раб. и затрат, счет на оплату, счет-фактура | F10: =192.59149 -> 192.59149 | G10: =F10*$I$5 -> 181.35281
A13: Услуги сторонних организаций по техническому обслуживанию | H13: 2015г. | I13: ='П1.30 -2020г., 1 и 2 п-е'!AG10 -> 0
A14: 1 | B14: Измерение показателей качества эл.энергии для сертификации | C14: ООО "УПЦ Самарагосэнерго- надзора" | D14: Договор подряда №0000052156 от 18.03.2014 , пп № 9683 от 03.10.2014 | F14: =72.8046 -> 72.8046 | G14: =72.8046 -> 72.8046
A15: =A14+1 -> 2 | B15: Проверка пакета документации, предъявляемого для сертификации качества эл.энергии в сертификационный орган | D15: Договор подряда №0000052160 от 18.03.2014, пп № 9684 от 03.10.2014 | F15: 40 | G15: 40
A16: =A15+1 -> 3 | B16: Проведение контрольных испытаний качества электрической энергии | D16: Договор подряда №0000052355 от 18.03.2014, пп № 9685 от 03.10.2014 | F16: 384.131 | G16: 384.131
A17: =A16+1 -> 4 | B17: Проведение обязательной сертификации электрической энергии, отпускаемой потребителям от центров питания на соответствие требованиям ГОСТ Р-13109-97 | C17: ООО ""Региональный орган оценки соответствия" | D17: Договор подряда №0000052157 от 18.03.2014, пп № 5434 от 03.03.15 | F17: 152.77305 | G17: 152.77305
A18: =A17+1 -> 5 | B18: Обучение специалистов по программе "Электроэнергетика", предэкзаменационная подготовка электротехнического персонала по Правилам по охране труда при эксплуатации электроустановок | C18: НОУ "ЦДО "Промэнергобезопасность" | D18: Договор , счета | E18: ='РСЭО факт за 2012г.'!E22 -> 73.745763 | F18: =16+1.7+8.5+1.7+1.7+1.7+1.7 -> 33 | G18: =F18*$I$5 -> 31.074284
E19: по факту 2012 г.
A20: =A18+1 -> 6 | B20: Ежегодное медицинское освидетельствование электротехнического персонала | E20: ='РСЭО факт за 2012г.'!E23 -> 143.80702 | G20: =F20*$I$5 -> 0 | J20: =SUM(F19:F20)+F14 -> 72.8046
A21: 7. | B21: Приобретение и монтаж резервного трансформатора ТМ-250 6/0,4 на ТП-203 | K21: =(71.4+71+40+30)/1.18 -> 180
A22: 8. | B22: Ремонт и обслуживание злектрических сетей (90,0тыс.руб.)
A23: 6 | B23: Экспертиза технологических потерь электрической энергии, расчет и обоснование тарифов на услуги по передаче электроэнергии | C23: ООО "СамараЭСКО" | D23: Договора № 179/14 от 26.02.2014, № 177/14 от 26.02.2014, № 286/14 от 23.04.2014г., № 287/14 от 23.04.2014г. | E23: =(59+70)/1.18 -> 109.32203 | F23: =(63.72+75.6+40+40)/1.18 -> 185.86441 | G23: =F23 -> 185.86441
A24: =A23+1 -> 7 | B24: Расходы на стандарты раскрытия информации организации, осуществляющей регулируемые виды деятельности (сайт, публикация в газете Волжская коммуна бухгалтерской отчетности) | C24: сторонняя организация | D24: Постановление правительства РФ от 30.12.2009г. № 24 | E24: 30 | G24: 30
B25: Итого услуги | E25: =SUM(E6:E24) -> 356.87482 | F25: =F14+F15+F16+F17 -> 649.70865 | G25: =G14+G15+G16+G17+G18+G23 -> 866.64734 | K25: =F25/3 -> 216.56955
B26: в т.ч. итого ремонт п.1-п.5 | E26: =SUM(E7:E25) -> 713.74963 | F26: =SUM(F6:F10) -> 1981.5215 | G26: =SUM(G6:G10) -> 1897.0917
A27: Примечание: | I27: 2014г.-689,2т.р.
A28: 1. Согласно раздела III пункта 28 подпункта 9 ПП РФ 1178 от 29.12.2011 с изм. Мероприятия по измерению и сертификации качества эл.энергии (п.1-4 таблицы) включаются в состав НВВ ТСО. | I28: 2014г.-689,2т.р.
A29: 2. Затраты на потребителя по п.5 отнесены на передачу эл.энергии сторонним потребителям пропорционально объемам передачи в тыс.кВтч в 2014 г. (по данным формы 5). | I29: 2015г.-726,4т.р.
A30: Доля затрат на передачу эл.энергии потребителям определена в разделе "Амортизация" на стр. ______ и составляет d = 13,48% | I30: =22941.249/170235.739 -> 0.13476165
A31: (22 941,249 тыс.кВтч/(145 878,360 + 1 416,130 +22 941,249) тыс.кВтч= 22 941,249тыс.кВтч/170 235,739тыс.кВтч=13,48%).
A32: 3. Ремонтные работы по п.4 и п.5 таблицы проводились из материалов заказчика (ФГУП ГНПРКЦ "ЦСКБ-Прогресс"), затраты на материалы на прокладку кабеля сведены в разделе "Материалы" на стр._____.
A33: На 2015 год затраты по статье "Работы и услуги производственного характера" по участку передачи эл.энергии потребителям запланированы С Кинд.к 2014 г. =1,049 и составят 1624,6 х1,049 = 1704,2тыс.руб.
I38: =G25*1.049 -> 909.11306

Sheet НВВ Расшифровка
A1: Расшифровка и обоснование по статьям затрат
A2: НВВ на передачу электрической энергии АО "РКЦ"Прогресс"
E4: тыс. руб.
A5: п.п. | B5: Наименование показателя | C5: Базовый период - 2017г. (утверждено) | D5: Период регули- рования i= 2018 г. | E5: Расшифровка и обоснование статьи 2018 г.
A6: 1 | B6: 2 | C6: 3 | D6: 4 | E6: 5
B7: Расчёт подконтрольных расходов
A8: 1. | B8: Сырье, материалы, запасные части, инструмент, топливо | C8: 0 | D8: 3095.3275 | E8: Электротехнические материалы на выполнение работ по ремонту и тех.обслуживанию собственными силами ТП и сетей, обслуживающих потребителя, взяты по факту 2016г. (по ф.5.2.63) с учетом изменения полезного отпуска потребителям и с учетом коээфициента индексации по годам, учитывающего ИПЦ и индекс изменения активов Кинд.на 2017г. =1,0296 и Кинд.на 2018г. =0,876.
E9: Расчет стоимости на материалы произведен на стр.174 дела вх.№359/Р от 27.04.17 г.
E10: Затраты на 2018 год составляют:
E11: Фактические затраты материалов за 2016год на 1кВтч полезного отпуска, руб. = 2173,5 тыс.руб. (по ф.5.2.63) / 14906,146тыс.квтч = 0,14581руб./кВтч;
E12: Планируемый полезный отпуск эл.энергии потребителям на 2018 год = 14635,4 тыс.кВтч;
E13: Планируемые затраты материалов по передаче эл.энергии на 2018 год с учетом коэффициентов индексации составят 0,14581 руб./Квтч х 14635,4 тыс.кВтч х 1,00296 х 0,876 = 1924,7тыс.руб.
E14: Копии первичных документов (счетов-фактур, платежных поручений по оплате электротехнических материалов на обслуживание и ремонт оборудования участка электроснабжения в целом по организации) за 2016 год прилагаются с сопроводительным письмом.
A15: 2. | B15: Работы и услуги производственного характера (в т.ч. услуги сторонних организаций по содержанию сетей и распределительных устройств) | C15: 307.80285 | D15: 971.89194 | E15: Услуги сторонних организаций на 2018 год запланированы от утвержденных на 2017 год с Кинд.=0,876 (340,3 тыс.руб. х 0,876 = 298,1тыс.руб.).
E16: 1) Затраты на проведение обязательной сертификации электрической энергии, отпускаемой потребителям запланированы по факту 2014 г.с разбивкой на 3 года 2017-2019гг. (срок действия сертификата соответствия 3 года с 25.12.2014 по 25.12.2017 - стр.137 дела, затраты на проведения сертификации произведены в 2014 г., реестр договоров, подтверждающих затраты в 2014 г. прилагается, договора на измерение показателей качества эл.энергии, проведение сертификации эл.энергии (4 шт.) были представлены в деле по расчету НВВ на 2015 г. в пакете доп.док. стр.367-375):
E17: Зптраты на проведение сертификации на 2018 год составляют 216,5 тыс.руб.:
E18: - Измерение показателей качества эл.энергии для сертификации 24,3 тыс.руб. (72,8т.р./3 = 24,3т.р.)
E19: - Проверка пакета документации, предъявляемого для сертификации качества эл.энергии в сертификационный орган 13,3тыс.руб. (40т.р. / 3 = 13,3 т.р.)
E20: - Проведение контрольных испытаний качества электрической энергии 128,0тыс.руб. (384,1тыс.руб./3 = 128,0тыс.руб.)
E21: - Проведение обязательной сертификации электрической энергии, отпускаемой потребителям от центров питания на соответствие требованиям ГОСТ Р-13109-97 50,9тыс.руб. (152,8т.р. / 3 = 50,9т.р.)
E22: 2) Обучение специалистов правилам и нормам безопасной эксплуатации электроустановок - 35,0тыс.руб.;
E23: 2) Ежегодное медицинское освидетельствование электротехнического персонала 143,8 тыс.руб.;
E24: 3) Экспертиза технологических потерь электрической энергии, расчет и обоснование тарифов на услуги по передаче электроэнергии
E25: 4) Расходы на стандарты раскрытия информации организации, осуществляющей регулируемые виды деятельности (публикация в газете Волжская коммуна бухгалтерской отчетности) - 20,0 тыс.руб.
A26: 3. | B26: Затраты на оплату труда | C26: 2017.3836 | D26: 10091.234 | E26: 1) Оплата труда основных производственных рабочих - 5643,2 тыс.руб. ФОТ 13 чел. в доле от 124 чел. (стр.112дела), согласно выписки из штатного расписания от 01.01.2017 г.(стр.116-124 дела) пропорционально отпуску эл.эн. потребителям. Расчет произведен отдельно по пром.площадке и по участку ПСХ, по ДОЛ "Космос" (стр.113-115дела);
B27: из них на ремонт | D27: 0 | E27: 2) Оплата труда цехового персонала (РСС + всп.раб.), относящегося на передачу эл.энергии - 2128,1тыс.руб. ФОТ 6-и чел. в доле от 57 чел. пропорционально отпуску эл.эн.потребителям согласно выписки из штатного расписания от 01.01.2017 г. Расчет произведен отдельно по пром.площадке, по участку ПСХ, по ДОЛ "Космос" (стр.113-115 дела);
E28: Итого ФОТ на 2018 год 19 чел. составит 5643,2тыс.руб.+2128,1тыс.руб.=7771,3тыс.руб.
E29: Среднемесячная заработная плата на 2018 г. составляет 7771,3тыс.руб. /19 чел./12мес. = 34,085тыс.руб.
E30: Справочно: 1) фактическая средняя заработная плата за декабрь 2016 г. в целом по предприятию (форма П-4) составила 770276,9тыс.руб./18594чел.=41,426тыс.руб.
E31: фактическая среднемесячная заработная за 2016 г. по участку передачи эл.энергии потребителям (форма 5) составила 33,320тыс.руб.
A32: 4. | B32: Другие прочие расходы | C32: 56.041447 | D32: 57.367388
B33: в т.ч.
A34: 9.1. | B34: Средства на страхование
A35: 9.1. | B35: Прочие затраты по содержанию и эксплуатации оборудования | E35: Затраты на приобретение спецодежды - 50,3 тыс.руб.; инструменты, СИЗ, огнетушители -32,0 тыс.руб.
A36: 9.3. | B36: Затраты по охране ОС
A37: 9.2. | B37: Налоги (на землю, экологический/ транспортный)
A38: 4.1. | B38: Прочие расходы (содержание лабораторий, охрана труда, аттестация раб.мест, канцтовары, служ.поездки, испытания, прочие общехоз. и управл.расх.) | C38: 56.041447 | D38: 57.367388 | E38: Прочие расходы включают ОХР, размер которых рассчитан по формуле 2 методических указаний № 98-э от 17.02.2012 г. путем умножения утвержденных подконтрольных расходов организации на 2017 год по протоколу министерства энергетики и ЖКХ СО от 28.12.2016г. №14-э на коэффициент индексации на 2018 год, рассчитанный с учетом индекса эффективности ПР, индекса изменения активов, индекса эффективности затрат по росту активов (69,6 тыс.руб. х 0,876 = 61,0 тыс.руб.).
E39: Общехозяйственные расходы на передачу эл.энергии составляют 0,002 % от общей суммы ОХР (стр. 186-188 дела вх.№ 359/Р от 27.04.2017г.).
A40: 5. | B40: Расходы из прибыли (расходы по коллективным договорам) | C40: 62.987837 | D40: 64.478129 | E40: По данной статье запланированы премии к праздничным датами, поощрения к юбилеям, прочие премии из прибыли. Затраты запланированы с Кинд.на 2018г.=0,876 к утвержденным затратам на 2017 год Расходы по кол.дог.на 2018 год = 69,6 тыс.руб. х 0,876 = 61,0тыс.руб.
B41: Итоого подконтрольные расходы | C41: 2444.2157 | D41: 14280.299
A42: 6. | B42: Оплата услуг ПАО "ФСК ЕЭС" | C42: 7318.34 | D42: 7967.8261 | E42: Расчет стоимости услуг ПАО "ФСК ЕЭС" произведен в таблице П1.13 (стр.65) на плановый отпуск в сеть в МВтч и МВт по утвержденным тарифам на 2018 год (стр.280-286)
A43: 7. | B43: Отчисления на социальные нужды (31,7%) | C43: 639.51059 | D43: 3198.9 | E43: ЕСН - 30,0 %; Обязательное страхование от несчастных случаев на производстве - 1,7 % (уведомление прилагается стр.) | F43: 639.51059 | G43: 3198.9211 | H43: 1432.9552
A44: 8. | B44: Амортизация основных средств | C44: 102.46 | D44: 123.58182 | E44: 1) Расчет амортизационных отчислений по линиям электропередач и подстанциям в целом по участку электроснабжения составит в 2017 г. 28,690тыс.руб. х 12 мес. = 852,0 тыс.руб. Расчет амортизационных отчислений по линиям электропередач и подстанциям, отнесенных на передачу эл.энергии субабонентам произведен пропорционально полезному отпуску в доле 9,51% (пром.площадка+участок ПСХ) - 81,0 тыс.руб. (стр.288-289 дела Вх.№ 359/Р от 27.04.2017г.)
E45: 2) Амортизационные отчисления общехозяйственного назначения составляют 34,6тыс.руб. (0,02% от амортизационных отчислений общехозяйственного назначения).
E46: Итого амортизация ОС на 2018 год запланирована в размере 115,6 тыс.руб. (81,0 тыс.руб. + 34,6 тыс.руб. =115,6 тыс.руб.).
A47: 9. | B47: Налог на имущество | C47: 20.25 | D47: 19.91423 | E47: Налог на имущество на 2018 г. запланирован на уровне утвержденного на 2017 г. , т.к. помимо уменьшения остаточной стоимости ОС вследствие списания амортизации, на организации проводятся реконструкция и модернизация оборудования участка электроснабжения, что увеличивает остаточную стоимость объектов.
E48: Налог на имущество рассчитан как 2,2% от среднегодовой остаточной стоимости.
E49: Среднегодовая остаточная стоимость ОС участка электроснабжения за 2018 год составила 5 529 291,0 руб. (стр.291 дела).
E50: Налог на имущество по ОС участка электроснабжения на 2018 год составит 5529291,0х2,2%/1000 = 121644руб.
E51: Налог на имущество по линиям электропередач и подстанциям, отнесенный на потребителя на 2018 год составит 121644руб.х9,51%=11,6тыс.руб.
E52: Налог на имущество по ОС общехозяйственного назначения, отнесенный на участк передачи эл.энергии потребителям составит 7,1тыс.руб.
E53: Итого налог на имущество составит 11,6 тыс.руб. + 7,1 тыс.руб. = 18,7тыс.руб.
E54: Справочно: согласно НД (стр.365 дела) сумма налога, подлежащая уплпте в бюджет составляет 4485,373тыс.руб.
A55: 10. | B55: Налог на прибыль | C55: 0 | D55: 16.119532 | E55: Налог на прибыль - как 20% от налогооблагаемой базы. Налогооблагаемая база = 61,0 тыс.руб. / 0,8 = 76,25 тыс.руб. Налог на прибыль = 76,25 тыс.руб. х 20% = 15,3 тыс.руб.
E56: Справочно: расчетная величина налога на прибыль за 2016 год в целом по предприятию составила 520866,689 тыс.руб. (согласно НД стр.343 дела).
B57: Итого неподконтрольные расходы | C57: 8080.5606 | D57: 11326.342
A58: 10. | B58: Корректировка НВВ на 2018 г.на содержание с учетом достижения плановых показателей уровня надежности и качества оказываемых услуг | C58: 138.33651 | D58: 108.96197 | E58: Корр.НВВ = (НВВ сод.i-2 х Коб х Пкор)= 9706,37 тыс.руб.х 0,65 х 2 % = 143,3тыс.руб.
A59: 11. | B59: Корректировка (оптимизация) | C59: 0 | D59: 0
B60: Итого НВВ на содержание | C60: 10663.113 | D60: 25715.602 | F60: 10663.113
F61: 10993.383
F62: 27230.808

Sheet ФОТ 2018г. 2426+2496
A1: АО "РКЦ "Прогресс"
A2: Сведения о численности и заработной плате электротехнического персонала, участвующего
A3: в процессе передачи эл.энергии для субабонентов (пром.площадка + ПСХ)
A5: На передачу эл.энергии субабонентам принимается численность: рабочих в количестве 14 чел.; РСС + вспомог.раб. -7 чел.
G6: 2019 год
A7: Показатель | B7: Ед.изм. | C7: По цеху 2426 +по цеху 2496 (ПСХ) | F7: в т.ч. на передачу электроэнергии субабонентам | J7: 14.085158
C8: Рабочие | D8: РСС + всп.раб. | E8: Всего | F8: Рабочие | G8: РСС + всп.раб. | H8: Всего
A9: Среднесписочная численность ППП | B9: чел. | C9: 99 | D9: 49 | E9: 148 | F9: 14 | G9: 7 | H9: 21
A10: Зарплата по тарифу (год) | B10: тыс.руб. | C10: 27957.088 | D10: 13034.976 | E10: 40992.064 | F10: 3936.4999 | G10: 1857.8619 | H10: 5794.3619
A11: Среднемесячная тарифная ставка 1-ого ППП | B11: руб. | C11: 23532.902 | D11: 22168.327 | E11: 23081.117 | F11: 23431.547 | G11: 22117.404 | H11: 22993.5
A12: Выплаты, связанные с режимом работы с условиями труда | B12: тыс.руб. | C12: 13653.721 | D12: 4013.5157 | E12: 17667.236 | F12: 1909.922 | G12: 569.77114 | H12: 2479.6932
A13: Выплаты, связанные с режимом работы с условиями труда 1 работника | B13: руб. | C13: 11493.031 | D13: 6825.707 | E13: 9947.7683 | F13: 11368.584 | G13: 6782.9897 | H13: 9840.0523
A14: Процент выплат | B14: % | C14: 48.838136 | D14: 30.790356 | E14: 43.099163 | F14: 48.51828 | G14: 30.66811 | H14: 42.794931
A15: Текущие премирование (год) | B15: тыс.руб. | C15: 5361.3815 | D15: 3766.2979 | E15: 9127.6794 | F15: 749.94144 | G15: 535.14502 | H15: 1285.0865
A16: Текущие премирование 1-ого ППП | B16: руб. | C16: 4512.9474 | D16: 6405.2685 | E16: 5139.4591 | F16: 4463.9371 | G16: 6370.774 | H16: 5099.55
A17: Процент премирования (к тарифной ставке) | B17: % | C17: 19.177182 | D17: 28.893784 | E17: 22.266942 | F17: 19.050971 | G17: 28.804348 | H17: 22.178224
A18: Годовой ФОТ ППП | B18: тыс.руб. | C18: 46972.19 | D18: 20814.79 | E18: 67786.98 | F18: 6596.3634 | G18: 2962.7781 | H18: 9559.1415 | J18: 18809.616 | K18: 2649.3641 | L18: 4019.5454
A19: Среднемесячная з/пл.со всеми выплатами 1-ого ППП | B19: руб. | C19: 39538.881 | D19: 35399.303 | E19: 38168.345 | F19: 39264.068 | G19: 35271.168 | H19: 37933.101 | J19: 6596.3634 | K19: 2962.7781 | L19: 9559.1415
J20: 13930.224
A21: Расчет доли ФОТ ППП, отнесенного на передачу эл.энергии субабонентам произведен пропорционально полезному отпуску: | J21: 0.14101737 | K21: 0.14043125 | L21: БЫЛО
D22: кВтч | E22: доля
A23: Передача эл. энергии потребителям | D23: 23256.151 | E23: 20.549218 | J23: 31984.329 | L23: 21.36963 | S23: 14.130957
A24: Собственное потребление | D24: 141319.76 | E24: 79.450782 | J24: 123663.1 | S24: 85.869043
A25: Итого | D25: 164575.91 | E25: 100 | J25: 155647.43 | S25: 100
J27: по расч.норм.числ.
J28: раб. | K28: РСС+всп.раб.
J29: 18 чел. | K29: 14 чел.

Sheet ФЗП  эл.эн.2014г. 2452
A1: Расчет среднемесячной тарифной ставки, процентов выплат и премии работников
A2: электротехнического персонала цеха (2452), участвующего в передаче эл.энергии ОАО "РКЦ "Прогресс" ЛОЦ "Космос"
A3: по данным документа "Расчет фонда заработной платы вспомогательных рабочих по цеху 2452" стр.________
A5: № п/п | B5: Должность | C5: Разряд | D5: Группа | E5: Кол- во | F5: Заработная плата на 1-ого работника в месяц с 01.09.2014г., руб. | S5: ФОТ в месяц, руб. | V5: Итого ФОТ в месяц | W5: ФОТ на 2014 год, тыс.руб.
F6: Оклад, тариф | G6: Премия | H6: Доплаты | S6: Оклад, тариф | T6: Премия | U6: Доплаты | W6: Оклад, тариф | X6: Премия | Y6: Доплаты | Z6: Итого ФОТ в год
H7: КТУ | I7: вред- ность | J7: доп. лин. рук. | K7: выслуга | L7: ночные | M7: бриг. | N7: перер. по гр. | O7: проф. маст. | P7: совмещ. | Q7: резерв | R7: секр.
A8: Рабочие производственные
A9: 1 | B9: Эл.монт.по рем. и обсл. | E9: 1 | F9: 13721 | G9: 2524.15 | I9: 1100 | K9: 1372.1 | L9: 2006 | S9: 13721 | T9: 2524.15 | U9: 4478.1 | V9: 20723.25 | W9: 164.652 | X9: 30.2898 | Y9: 53.7372 | Z9: 248.679
A10: 2 | B10: Эл.монт.по рем. и обсл. | E10: 1 | F10: 15062 | G10: 2754.3 | I10: 1100 | K10: 1506.2 | L10: 2202 | S10: 15062 | T10: 2754.3 | U10: 4808.2 | V10: 22624.5 | W10: 180.744 | X10: 33.0516 | Y10: 57.6984 | Z10: 271.494
A11: 3 | B11: Эл.монт.по рем. и обсл. | E11: 1 | F11: 15062 | G11: 2754.3 | I11: 1100 | K11: 1506.2 | L11: 2202 | S11: 15062 | T11: 2754.3 | U11: 4808.2 | V11: 22624.5 | W11: 180.744 | X11: 33.0516 | Y11: 57.6984 | Z11: 271.494
A12: 4 | B12: Эл.монт.по рем. и обсл. | E12: 1 | F12: 13721 | G12: 2524.15 | I12: 1100 | K12: 2058.15 | L12: 2006 | S12: 13721 | T12: 2524.15 | U12: 5164.15 | V12: 21409.3 | W12: 164.652 | X12: 30.2898 | Y12: 61.9698 | Z12: 256.9116
A13: 5 | B13: Эл.монт.по рем. и обсл. | E13: 1 | F13: 13721 | G13: 2524.15 | I13: 1100 | K13: 686.05 | L13: 2006 | S13: 13721 | T13: 2524.15 | U13: 3792.05 | V13: 20037.2 | W13: 164.652 | X13: 30.2898 | Y13: 45.5046 | Z13: 240.4464
A14: 6 | B14: Эл.монт.по рем. и обсл. | E14: 1 | F14: 16609 | G14: 3020.35 | I14: 1100 | K14: 2491.35 | L14: 2428 | S14: 16609 | T14: 3020.35 | U14: 6019.35 | V14: 25648.7 | W14: 199.308 | X14: 36.2442 | Y14: 72.2322 | Z14: 307.7844
A15: 7 | B15: Мастер участка | E15: 1 | F15: 15200 | G15: 3478 | K15: 2280 | L15: 2190 | S15: 15200 | T15: 3478 | U15: 4470 | V15: 23148 | W15: 182.4 | X15: 41.736 | Y15: 53.64 | Z15: 277.776
G16: 0 | S16: 0 | T16: 0 | U16: 0 | V16: 0 | W16: 0 | X16: 0 | Y16: 0 | Z16: 0
G17: 0 | S17: 0 | T17: 0 | U17: 0 | V17: 0 | W17: 0 | X17: 0 | Y17: 0 | Z17: 0
G18: 0 | S18: 0 | T18: 0 | U18: 0 | V18: 0 | W18: 0 | X18: 0 | Y18: 0 | Z18: 0
G19: 0 | S19: 0 | T19: 0 | U19: 0 | V19: 0 | W19: 0 | X19: 0 | Y19: 0 | Z19: 0
G20: 0 | S20: 0 | T20: 0 | U20: 0 | V20: 0 | W20: 0 | X20: 0 | Y20: 0 | Z20: 0
G21: 0 | S21: 0 | T21: 0 | U21: 0 | V21: 0 | W21: 0 | X21: 0 | Y21: 0 | Z21: 0
G22: 0 | S22: 0 | T22: 0 | U22: 0 | V22: 0 | W22: 0 | X22: 0 | Y22: 0 | Z22: 0
G23: 0 | S23: 0 | T23: 0 | U23: 0 | V23: 0 | W23: 0 | X23: 0 | Y23: 0 | Z23: 0
G24: 0 | S24: 0 | T24: 0 | U24: 0 | V24: 0 | W24: 0 | X24: 0 | Y24: 0 | Z24: 0
G25: 0 | S25: 0 | T25: 0 | U25: 0 | V25: 0 | W25: 0 | X25: 0 | Y25: 0 | Z25: 0
G26: 0 | S26: 0 | T26: 0 | U26: 0 | V26: 0 | W26: 0 | X26: 0 | Y26: 0 | Z26: 0
G27: 0 | S27: 0 | T27: 0 | U27: 0 | V27: 0 | W27: 0 | X27: 0 | Y27: 0 | Z27: 0
... G31: 0 | S31: 0 | T31: 0 | U31: 0 | V31: 0 | W31: 0 | X31: 0 | Y31: 0 | Z31: 0
B32: ИТОГО произв.раб. | E32: 7 | F32: 103096 | G32: 19579.4 | H32: 0 | I32: 6600 | J32: 0 | K32: 11900.05 | L32: 15040 | S32: 103096 | T32: 19579.4 | U32: 33540.05 | V32: 156215.45 | W32: 1237.152 | X32: 234.9528 | Y32: 402.4806 | Z32: 1874.5854 | AA32: 156215.45 | AB32: 1874.5854
B33: Среднемесячная тарифная ставка 1-ого ППП | E33: руб. | S33: #VALUE! | T33: #VALUE! | U33: #VALUE! | W33: 14728
B34: Проценты выплат | E34: % | S34: #VALUE! | T34: #VALUE! | U34: #VALUE! | X34: 0.18991425 | Y34: 0.32532833

Sheet П 1.16 АУП ОХР
E1: Таблица N П1.16
A2: Расчет расходов на оплату труда
A3: АУП, относящегося к передаче эл.энергии
A4: АО "РКЦ "Прогресс"
A6: N | B6: Показатели | C6: Ед. изм. | D6: Базовый период | E6: Период регулирования
A7: 1 | B7: 2 | C7: 3 | D7: 4 | E7: 5
A8: 1. | B8: Численность
B9: Численность ППП | C9: чел. | E9: 0
A10: 2. | B10: Средняя оплата труда
A11: 2.1. | B11: Тарифная ставка рабочего 1 разряда | C11: руб.
A12: 2.2. | B12: Дефлятор по заработной плате | D12: 1 | E12: 1.06
A13: 2.3. | B13: Тарифная ставка рабочего 1 разряда с учетом дефлятора | C13: руб.
A14: 2.4. | B14: Средняя ступень оплаты
A15: 2.5. | B15: Тарифный коэффициент, соответствующий ступени по оплате труда | C15: руб.
A16: 2.6. | B16: Среднемесячная тарифная ставка ППП | C16: - " - | E16: 0
A17: 2.7. | B17: Выплаты, связанные с режимом работы с условиями труда 1 работника
A18: 2.7.1. | B18: процент выплаты | C18: % | E18: 0
A19: 2.7.2. | B19: сумма выплат | C19: руб. | D19: 0 | E19: 0
A20: 2.8. | B20: Премия месячная
A21: 2.8.1. | B21: процент выплаты | C21: % | E21: 0
A22: 2.8.2. | B22: сумма выплат | C22: руб. | D22: 0 | E22: 0
A23: 2.9. | B23: Вознаграждение за выслугу лет
A24: 2.9.1. | B24: процент выплаты | C24: % | D24: 0 | E24: 0
A25: 2.9.2. | B25: сумма выплат | C25: руб. | D25: 0 | E25: 0
A26: 2.10. | B26: Выплаты по итогам года
A27: 2.10.1. | B27: процент выплаты | C27: % | E27: 0
A28: 2.10.2. | B28: сумма выплат | C28: руб. | D28: 0 | E28: 0
A29: 2.11. | B29: Выплаты по районному коэффициенту и северные надбавки
A30: 2.11.1. | B30: процент выплаты | C30: %
A31: 2.11.2. | B31: сумма выплат | C31: руб.
A32: 2.12. | B32: Итого среднемесячная оплата труда на 1 работника | C32: руб. | D32: 0 | E32: 0 | H32: #DIV/0!
A33: 3. | B33: Расчет средств на оплату труда ППП (включенного в себестоимость)
A34: 3.1. | B34: Льготный проезд к месту отдыха | C34: тыс. руб.
A35: 3.2. | B35: По Постановлению от 03.11.94 N 1206 | C35: - " -
A36: 3.3. | B36: Итого средства на оплату труда ППП | C36: - " -
A37: 4. | B37: Расчет средств на оплату труда непромышленного персонала (включенного в балансовую прибыль)
A38: 4.1. | B38: Численность, принятая для расчета (базовый период - фактическая) | C38: чел.
A39: 4.2. | B39: Среднемесячная оплата труда на 1работника | C39: руб.
A40: 4.3. | B40: Льготный проезд к месту отдыха | C40: тыс. руб.
A41: 4.4. | B41: По Постановлению от 03.11.94 N 1206 | C41: тыс. руб.
A42: 4.5. | B42: Итого средства на оплату труда непромышленного персонала | C42: тыс. руб.
A43: 5. | B43: Расчет по денежным выплатам
A44: 5.1. | B44: Численность всего, принятая для расчета (базовый период - фактическая) | C44: чел. | D44: 0 | E44: 0
A45: 5.2. | B45: Денежные выплаты на 1 работника | C45: руб. | D45: 0 | E45: 0
A46: 5.3. | B46: Итого по денежным выплатам | C46: тыс.руб. | D46: 0 | E46: 0
A47: 6. | B47: Итого средства на потребление | C47: тыс.руб. | D47: 0 | E47: 0 | H47: 0 | I47: 0
A48: 7. | B48: Среднемесячный доход на 1 работника | C48: руб. | D48: 0 | E48: 0 | I48: #REF!
A50: Первый зам. генерального директора -
A51: главный инженер | E51: А. В. Кочетков

Sheet П 1.17ОХР 
D1: Таблица N П1.17
A3: Расчет амортизационных отчислений
A4: на восстановление основных производственных фондов общехозяйственного назначения
A5: по участку передачи электрической энергии потребителям АО "РКЦ "Прогресс"
C7: на передачу сторонним потребителям | D7: тыс. руб.
A8: п/п | B8: Показатели | C8: Базовый период | D8: Период регулирования
A9: 1. | B9: Первоначальная стоимость основных производственных фондов на начало периода регулирования | G9: 11768.208
A10: 2. | B10: Балансовая (остаточная) стоимость основных производственных фондов на начало периода регулирования | G10: 7763.7825 | H10: 0
A11: 3. | B11: Ввод основных производственных фондов
A12: 4. | B12: Выбытие основных производственных фондов
A13: 5. | B13: Средняя за отчетный период стоимость (остаточная) основных производственных фондов | G13: 900.64683 | H13: 0
A14: 6. | B14: Средняя норма амортизации
A15: 7. | B15: Сумма амортизационных отчислений | C15: 0 | D15: 0 | G15: 131.1033
A22: Первый зам. генерального директора -
A23: главный инженер | D23: А. В. Кочетков

Sheet П 1.17 свод
D1: Таблица N П1.17
A3: Расчет амортизационных отчислений
A4: на восстановление основных производственных фондов
A5: АО "РКЦ "Прогресс"
D7: (свод)
D8: тыс. руб.
A9: п/п | B9: Показатели | C9: Базовый период | D9: Период регулирования
A10: 1. | B10: Первоначальная стоимость основных производственных фондов на начало периода регулирования
A11: 2. | B11: Балансовая (остаточная) стоимость основных производственных фондов на начало периода регулирования
A12: 3. | B12: Ввод основных производственных фондов
A13: 4. | B13: Выбытие основных производственных фондов
A14: 5. | B14: Средняя за отчетный период стоимость основных производственных фондов | G14: 900.64683
A15: 6. | B15: Средняя норма амортизации
A16: 7. | B16: Сумма амортизационных отчислений | C16: 131.1033 | D16: 123.58182
A23: Первый зам. генерального директора -
A24: главный инженер | D24: А. В. Кочетков

Sheet Амортизация 19-20гг.
A1: Расчет амортизационных отчислений
A2: по линиям электропередач и подстанциям АО "РКЦ "Прогресс"
A3: на 2019 -2020гг.
M4: в целом по предприятию (пром.площадка + ПСХ + ЛОЦ "Космос") | N4: руб.
A5: Наименование | B5: Инв. № | C5: г.вв. | D5: Балансовая стоимость на 01.01.2013г. | E5: Остаточная стоимость на 01.01.13г. | F5: Ввод октябрь 2010 г. | G5: Амортиза- ция за январь 2013г. | H5: Остаточная стоимость на 01.11.10г. | I5: Амортиза- ция за 2013год, руб. | J5: Балансовая стоимость на 01.01.2019г. | K5: Остаточная стоимость на 01.01.19г. | L5: Амортизация за январь 2019г. | M5: Амортиза ция на 2019год, руб. | N5: Остаточная стоимость на 01.01.20г. | O5: Норма аморти- зации 2019г., % | P5: Амортиза ция на 2020год, руб. | Q5: Остаточная стоимость на 01.01.21г. | R5: Норма аморти- зации 2020г., % | X5: Остаточная стоимость на 01.10.11 г.
H6: 0 | I6: 0 | J6: 0 | K6: 0 | M6: 0 | N6: 0 | O6: #DIV/0! | P6: 0 | Q6: 0 | R6: #DIV/0! | S6: #DIV/0! | X6: 0
H7: 0 | I7: 0 | J7: 0 | K7: 0 | M7: 0 | N7: 0 | O7: #DIV/0! | P7: 0 | Q7: 0 | R7: #DIV/0! | S7: #DIV/0! | X7: 0
H8: 0 | I8: 0 | J8: 0 | K8: 0 | M8: 0 | N8: 0 | O8: #DIV/0! | P8: 0 | Q8: 0 | R8: #DIV/0! | S8: #DIV/0! | X8: 0
H9: 0 | I9: 0 | J9: 0 | K9: 0 | M9: 0 | N9: 0 | O9: #DIV/0! | P9: 0 | Q9: 0 | R9: #DIV/0! | S9: #DIV/0! | T9: 0 | X9: 0
A10: Подстанции отд. 2680 | D10: 16085258 | E10: 4850307 | F10: 0 | G10: 6764 | I10: 81168 | J10: 5810983 | K10: 4769139 | L10: 43001 | M10: 516012 | N10: 4253127 | O10: 8.8799434 | P10: 516012 | Q10: 3737115 | R10: 8.8799434 | U10: 0.50461112 | V10: 974016 | X10: 4789431
A11: Подстанции цех 2496 (подсобное сельское хоз-во) | D11: 0 | E11: 0 | G11: 0 | H11: 0 | I11: 0 | J11: 0 | K11: 0 | L11: 0 | M11: 0 | N11: 0 | O11: 0 | P11: 0 | Q11: 0 | R11: 0 | U11: #DIV/0! | V11: 0 | X11: 0
A12: Подстанции ТП 1 инв.№ 971029 , ТП 2 инв.№ 970004 цех 2452 (ЛОЦ "Космос") | D12: 1556773 | E12: 1175070 | G12: 4238 | H12: 0 | I12: 50856 | J12: 1556773 | K12: 920790 | L12: 4238 | M12: 50856 | N12: 869934 | O12: 3.2667576 | P12: 50856 | Q12: 819078 | R12: 3.2667576 | S12: ср.сл., год | T12: 30.611393 | U12: 3.2667576 | V12: 610272 | X12: 1136928
A13: Итого подстанции | D13: 17642031 | E13: 6025377 | F13: 0 | G13: 11002 | H13: 0 | I13: 132024 | J13: 7372256 | K13: 5198920.5 | L13: 48996.866 | M13: 587962.4 | N13: 4610958.1 | O13: 3.3327364 | P13: 585329.4 | Q13: 4025628.7 | R13: 7.9396238 | W13: 0.74834921 | X13: 5926359
A14: Сеть кабельная отд. 2680 | D14: 14648680 | E14: 4924684 | F14: 0 | G14: 29374 | I14: 352488 | J14: 4395952 | K14: 2564862 | L14: 28569 | M14: 342828 | N14: 2222034 | O14: 7.7987203 | P14: 292061 | Q14: 1929973 | R14: 6.6438624 | W14: 2.4062782 | X14: 4660318
A15: ВЛЭП цех 2496 (подсобное сельское хоз-во) | D15: 301659 | E15: 71286 | F15: 0 | G15: 611 | I15: 7332 | N15: 0 | O15: #DIV/0! | P15: 0 | Q15: 0 | R15: #DIV/0! | W15: 2.430559 | X15: 65787
A16: Линии электропередач | D16: 14950339 | E16: 4995970 | F16: 0 | G16: 29985 | H16: 0 | I16: 359820 | J16: 4395952 | K16: 2564862 | L16: 28569 | M16: 342828 | N16: 2222034 | O16: 7.7987203 | P16: 292061 | Q16: 1929973 | R16: 6.6438624 | W16: 2.4067682 | X16: 4726105
A17: ВЛЭП | E17: 0 | F17: 0 | G17: 0 | H17: 0 | I17: 0 | K17: 0 | L17: 0 | M17: 0 | N17: 0 | O17: #DIV/0! | P17: 0 | Q17: 0 | R17: #DIV/0! | W17: #DIV/0!
A18: ВЛЭП | D18: 0 | E18: 0 | F18: 0 | G18: 0 | H18: 0 | I18: 0 | J18: 0 | K18: 0 | L18: 0 | M18: 0 | N18: 0 | O18: #DIV/0! | P18: 0 | Q18: 0 | R18: #DIV/0! | W18: #DIV/0!
A19: Итого | D19: 32592370 | E19: 11021347 | F19: 0 | G19: 40987 | H19: 0 | I19: 491844 | J19: 11768208 | K19: 7763782.5 | L19: 77565.866 | M19: 930790.4 | N19: 6832992.1 | O19: 7.9093639 | P19: 877390.4 | Q19: 5955601.7 | R19: 7.455599 | V19: 19.731494 | W19: 1.5090771
A21: Примечание:
A22: Первоначальная, остаточная стоимость на 01.01.2014г., амортизация за январь 2014 г. по инвентарным номерам объектов ОС (ТП, линий электропередач)
A23: по отделу 2680 (цех 2426 пром.площадка) представлены в дополнительных материалах тарифного дела вх.№7720 от 01.08.2014г.на стр.433-434.
A24: Первоначальная, остаточная стоимость на 01.04.2013г., амортизация за месяц по подстанции 1 инв.№ 971029, подстанции 2 инв.№ 970004 цеха 2452 (ЛОЦ "Космос")
A25: представлены на стр._______.
A26: Увеличение балансовой стоимости на 01.01.2018г. произошло в связи с проведением на объекте инв.№ 550165 работ по реконструкции (акт о приемке вып.рабо КС-2 и
A27: акт о приемереконструированных объектов основных средств ОС-3 прилагается) - стр.______ дела.
A29: Расчет амортизационных отчислений по линиям электропередач и подстанциям, отнесенных на передачу эл.энергии субабонентам
A30: произведен пропорционально полезному отпуску: | S30: 131.1033
A31: Показатели | J31: Объем отпуска эл.эн., тыс.квтч | M31: Доля | N31: Амортизация, тыс.руб.
J32: по структуре ПО | L32: .
J33: ОАО "Самараэнерго" | K33: ООО "НК-Энергосбыт" | L33: ИТОГО
A34: Передача эл. энергии потребителям | J34: 22798.536 | K34: 52.81832 | L34: 22851.354 | M34: 14.085158 | N34: 123.58182 | U34: 23157.852 | V34: 0.14737284 | X34: 14.085158
A35: Собственное потребление (за минусом потерь на передачу эл.эн.сторонним потребителям) | J35: 137969.63 | K35: 1416.13 | L35: 139385.76 | M35: 85.914842 | U35: 133980 | V35: 0.85262716 | X35: 85.914842
A36: Итого | L36: 162237.12 | M36: 100 | U36: 157137.85 | V36: 1 | X36: 100
A37: Амортизационные отчисления по линиям электропередач и подстанциям на передачу эл.энергии субабонентам составят = 422 484 руб. х 20,55% = 86 820,46 руб.
J45: 11768208 | K45: 7763782.5 | L45: 77565.866 | M45: 930790.4 | N45: 6832992.1 | P45: 877390.4 | Q45: 5955601.7
D60: проверка | G60: проверка | H60: проверка | I60: проверка | L60: проверка
D61: 32622674 | G61: 41576.85 | H61: 17879.05 | I61: 573012 | L61: 78155.716
D62: 113600.61
D63: -32509074

Sheet ФОТ 2019г. свод 2452
A1: Сведения о численности и заработной плате электротехнического персонала
A2: цеха 2452 ЛОЦ "Космос", участвующего в процессе передачи эл.энергии потребителям
A4: Расчет доли ФОТ ППП, отнесенного на передачу эл.энергии субабонентам произведен пропорционально полезному отпуску: | V4: БЫЛО
A5: Показатели | D5: План 2015г. отпуск ээ, | E5: Доля, % | G5: Численность, чел.
D6: тыс.кВтч | G6: рабочие | H6: РСС + всп.раб. | S6: 13.558419 | T6: 31984.329 | U6: 22941.249 | V6: 21.36963
A7: Передача эл. энергии потребителям | D7: 22851.354 | E7: 13.558419 | G7: 14 | H7: 6.6 | S7: 86.441581 | T7: 123663.1 | U7: 141563.78
A8: Собственное потребление | D8: 145688.6 | E8: 86.441581 | G8: 92 | H8: 42.4 | S8: 100 | T8: 155647.43 | U8: 164505.03
A9: Итого | D9: 168539.96 | E9: 100 | G9: 106 | H9: 49
A10: По цеху 2426 на передачу эл.энергии субабонентам принята численность: рабочих в количестве 15 чел.; РСС + вспомог.раб. - 9 чел.
A11: Расчет ФОТ работников по участку передачи эл.энергии субабонентам произведен исходя из среднемесячной тарифной ставки,
A12: процентов выплат и премии электротехничекого персонала цеха 2426 (пром.площадка), связанного с передачей эл.энергии.
A14: по данным документа "Выписка из штатного расписания электротехнического персонала цеха, участвующего в процессе передачи эл.энергии с 01.01.2014г. (366-368 дела вх.№ 565/Р от 30.04.2014г.)
Q15: 2019 год
A16: Показатель | B16: Ед.изм. | C16: По цеху 2426 | F16: По цеху 2496 (ПСХ) | I16: По цеху 2452 (ЛОЦ "Космос") | L16: Итого (цех2426 + цех2496 + цех2452) | O16: в т.ч. на передачу электроэнергии потребителям по расчету нормативной численности
C17: Рабочие | D17: РСС + всп.раб. | E17: Всего | F17: Рабочие | G17: РСС + всп.раб. | H17: Всего | I17: Рабочие | J17: РСС | K17: Всего | L17: Рабочие | M17: РСС | N17: Всего | O17: Рабочие | P17: РСС | Q17: Всего
A18: Среднесписочная численность ППП | B18: чел. | C18: 93 | D18: 48 | E18: 141 | F18: 6 | G18: 1 | H18: 7 | I18: 7 | J18: 0 | K18: 7 | L18: 106 | M18: 49 | N18: 155 | O18: 1 | P18: 0 | Q18: 1
A19: Зарплата по тарифу (год) | B19: тыс.руб. | C19: 26896.128 | D19: 12842.292 | E19: 39738.42 | F19: 353.65331 | G19: 122.33935 | H19: 475.99266 | I19: 1299.0096 | J19: 0 | K19: 1299.0096 | L19: 28548.791 | M19: 12964.631 | N19: 41513.422 | O19: 185.5728 | P19: 0 | Q19: 185.5728
A20: Среднемесячная тарифная ставка 1-ого ППП | B20: руб. | C20: 24100.47 | D20: 22295.65 | E20: 23486.06 | F20: 4911.85 | G20: 10194.95 | H20: 5666.58 | I20: 15464.4 | J20: 0 | K20: 15464.4 | L20: 22444.02 | M20: 22048.69 | N20: 22319.04 | O20: 15464.4 | P20: 0 | Q20: 15464.4
A21: Выплаты, связанные с режимом работы с условиями труда (год) | B21: тыс.руб. | C21: 13603.944 | D21: 3993.12 | E21: 17597.064 | F21: 49.77675 | G21: 20.39571 | H21: 70.17246 | I21: 422.60463 | J21: 0 | K21: 422.60463 | L21: 14076.325 | M21: 4013.5157 | N21: 18089.841 | O21: 60.37212 | P21: 0 | Q21: 60.37212
A22: Выплаты, связанные с режимом работы с условиями труда 1 работника | B22: руб. | C22: 12189.91 | D22: 6932.5 | E22: 10400.16 | F22: 691.34 | G22: 1699.64 | H22: 835.39 | I22: 5031.01 | J22: 0 | K22: 5031.01 | L22: 11066.29 | M22: 6825.71 | N22: 9725.72 | O22: 5031.01 | P22: 0 | Q22: 5031.01
A23: Процент выплат | B23: % | C23: 50.58 | D23: 31.09 | E23: 44.28 | F23: 14.08 | G23: 16.67 | H23: 14.74 | I23: 32.53 | J23: 0 | K23: 32.53 | L23: 49.31 | M23: 30.96 | N23: 43.58 | O23: 32.53 | P23: 0 | Q23: 32.53
A24: Премия (год) | B24: тыс.руб. | C24: 5342.73 | D24: 3739.113 | E24: 9081.843 | F24: 18.65152 | G24: 27.18489 | H24: 45.83641 | I24: 246.70044 | J24: 0 | K24: 246.70044 | L24: 5608.082 | M24: 3766.2979 | N24: 9374.3799 | O24: 52.90644 | P24: 0 | Q24: 52.90644
A25: Премия 1-ого ППП | B25: руб. | C25: 4787.39 | D25: 6491.52 | E25: 5367.52 | F25: 259.05 | G25: 2265.41 | H25: 545.67 | I25: 2936.91 | J25: 0 | K25: 2936.91 | L25: 4408.87 | M25: 6405.27 | N25: 5039.99 | O25: 4408.87 | P25: 0 | Q25: 5039.99 | S25: 18809.616 | T25: 0 | U25: 4019.5454
A26: Процент премирования (к тарифной ставке) | B26: % | C26: 19.86 | D26: 29.12 | E26: 22.85 | F26: 5.27 | G26: 22.22 | H26: 9.63 | I26: 18.99 | J26: 0 | K26: 18.99 | L26: 19.64 | M26: 29.05 | N26: 22.58 | O26: 28.51 | P26: 0 | Q26: 32.59 | S26: 119.88031
A27: Годовой ФОТ ППП | B27: тыс.руб. | C27: 45842.802 | D27: 20574.525 | E27: 66417.327 | F27: 422.08158 | G27: 169.91995 | H27: 592.00153 | I27: 1968.3147 | J27: 0 | K27: 1968.3147 | L27: 48233.198 | M27: 20744.445 | N27: 68977.643 | O27: 298.85136 | P27: 0 | Q27: 298.85136 | S27: 24904.28 | T27: 0 | U27: 25535.4
A28: Среднемесячная з/пл.со всеми выплатами 1-ого ППП | B28: руб. | C28: 41077.78 | D28: 35719.661 | E28: 39253.739 | F28: 5862.2442 | G28: 14159.996 | H28: 7047.6373 | I28: 23432.318 | J28: 0 | K28: 23432.318 | L28: 37919.181 | M28: 35279.668 | N28: 37084.754 | O28: 24904.28 | P28: 0 | Q28: 25535.4 | S28: 9352.2782

Sheet ФОТ 2011г. цех 2496ПСХ
A1: АО "РКЦ "Прогресс"
A2: Сведения о численности и заработной плате электротехнического персонала цеха, участвующего
A3: в процессе передачи эл.энергии для субабонентов (цех 2496 участок подсобного сельского хозяйства)
A5: Расчет доли ФОТ ППП, отнесенного на передачу эл.энергии субабонентам произведен пропорционально полезному отпуску: | Q5: БЫЛО
A6: Показатели | D6: Отпуск, | E6: Доля, % | G6: Численность, чел.
D7: кВтч | G7: рабочие | H7: РСС
A8: Передача эл. энергии потребителям | D8: 404.797 | E8: 17.307915 | G8: 1 | H8: 0.2 | O8: 31984.329 | P8: 20.549218 | Q8: 21.36963 | X8: 17.307915
A9: Собственное потребление | D9: 1934 | E9: 82.692085 | G9: 5 | H9: 0.8 | O9: 123663.1 | X9: 82.692085
O10: 155647.43 | X10: 100
A11: Итого | D11: 2338.797 | E11: 100 | G11: 6 | H11: 1
A12: По участку ПСХ на передачу эл.энергии субабонентам принята численность: рабочих в количестве 1 чел.; РСС - 0,2 чел.
A13: Расчет ФОТ работников по участку передачи эл.энергии субабонентам произведен исходя из фактически сложившихся за 2010 г. среднемесячной
A14: тарифной ставки, процентов выплат и премии электротехничекого персонала цеха 2496 (ПСХ).
A16: по данным документа "ФОТ работников ФГУП «ГНПРКЦ «ЦСКБ-Прогресс» цех 2496, связанных с передачей электрической энергии за 12 месяцев 2010 г.(стр.___ ) | G16: 2011 год
A17: Показатель | B17: Ед.изм. | C17: По цеху 2496 (ПСХ) | F17: в т.ч. на передачу электроэнергии субабонентам в доле 17,31 % | K17: 17.307915
C18: Рабочие | D18: РСС | E18: Всего | F18: Рабочие | G18: РСС | H18: Всего
A19: Среднесписочная численность ППП | B19: чел. | C19: 6 | D19: 1 | E19: 7 | F19: 1 | G19: 0.2 | H19: 1.2
A20: Зарплата по тарифу (год) | B20: тыс.руб. | C20: 1060.9599 | D20: 192.68448 | E20: 1253.6444 | F20: 176.8266 | G20: 38.536896 | H20: 215.3635
A21: Среднемесячная тарифная ставка 1-ого ППП | B21: руб. | C21: 14735.55 | D21: 16057.04 | E21: 14924.34 | F21: 14735.55 | G21: 16057.04 | H21: 14924.34
A22: Выплаты, связанные с режимом работы с условиями труда | B22: тыс.руб. | C22: 49.77675 | D22: 20.39571 | E22: 70.17246 | F22: 8.29608 | G22: 4.079136 | H22: 12.375216
A23: Выплаты, связанные с режимом работы с условиями труда 1 работника | B23: руб. | C23: 691.34 | D23: 1699.64 | E23: 835.39 | F23: 691.34 | G23: 1699.64 | H23: 835.39
A24: Процент выплат | B24: % | C24: 4.69 | D24: 10.59 | E24: 5.6 | F24: 4.7 | G24: 10.59 | H24: 5.65
A25: Текущие премирование (год) | B25: тыс.руб. | C25: 18.65152 | D25: 27.18489 | E25: 45.83641 | F25: 3.1086 | G25: 5.436984 | H25: 8.545584
A26: Текущие премирование 1-ого ППП | B26: руб. | C26: 259.05 | D26: 2265.41 | E26: 545.67 | F26: 259.05 | G26: 2265.41 | H26: 545.67
A27: Процент премирования (к тарифной ставке) | B27: % | C27: 1.76 | D27: 14.11 | E27: 3.66 | F27: 1.76 | G27: 14.11 | H27: 3.66 | K27: по з-пл.
A28: Годовой ФОТ ППП | B28: тыс.руб. | C28: 1129.3882 | D28: 240.26508 | E28: 1369.6533 | F28: 188.23128 | G28: 48.053016 | H28: 236.2843 | K28: 93.838566 | L28: 37.777163 | M28: 131.61573 | O28: 18809.616 | P28: 3255.5524 | Q28: 4019.5454
A29: Среднемесячная з/пл.со всеми выплатами 1-ого ППП | B29: руб. | C29: 15685.947 | D29: 20022.09 | E29: 16305.396 | F29: 15685.94 | G29: 20022.09 | H29: 16305.4
O30: 15685.94 | P30: 20022.09 | Q30: 16305.4
A34: Первый зам. генерального директора -
A35: главный инженер | E35: А. В. Кочетков

Sheet 1тсо кроме мрск
A1: Структура полезного отпуска электрической энергии (мощности) на 1 полугодие 2016 года
A2: АО "РКЦ "Прогресс"
A3: (наименование сетевой организации)
A5: Объемы потребления | B5: Всего | C5: Уровни напряжения
C6: ВН | D6: СН I | E6: СН II | F6: НН
A7: 1. ПОЛЕЗНЫЙ ОТПУСК КОНЕЧНЫМ ПОТРЕБИТЕЛЯМ *
A8: Всего: | J8: было согласовано
A9: Электрическая энергия, тыс.кВт.ч | B9: =SUM(C9:F9) -> 4624 | C9: =C20+C13 -> 1450 | E9: =E20+E13 -> 2990 | F9: =F20+F13 -> 184 | J9: 3507.2
A10: Мощность, МВт | B10: =SUM(C10:F10) -> 1.8169 | C10: =C14+C21 -> 0.396 | E10: =E14+E21 -> 1.3637 | F10: =F14+F21 -> 0.0572
A11: в т.ч.:
A12: 1. ПРОЧИЕ ПОТРЕБИТЕЛИ | J12: прочие
A13: Электрическая энергия, тыс.кВт.ч | B13: =SUM(C13:F13) -> 4277.5 | C13: =2900/2 -> 1450 | E13: =5600/2 -> 2800 | F13: =55/2 -> 27.5 | J13: 1583.49
A14: Мощность, МВт | B14: =SUM(C14:F14) -> 1.7102 | C14: 0.396 | E14: 1.3052 | F14: =0.009 -> 0.009 | G14: =F13/F14 -> 3055.5556 | J14: 0.445 | K14: =J13/J14 -> 3558.4045
A15: в т.ч.:
A16: 1.1. Монопотребитель (Наименование организации) | J16: прочие
A17: Электрическая энергия, тыс.кВт.ч | J17: 1583.49
A18: Мощность, МВт | G18: =F17/F18 -> #DIV/0! | J18: 0.445 | K18: =J17/J18 -> 3558.4045
A19: 2. НАСЕЛЕНИЕ | G19: =F24+F40 -> 139.525 | H19: насел. | J19: =J20+J40 -> 1183.21
A20: Электрическая энергия, тыс.кВт.ч | B20: =SUM(C20:F20) -> 346.5 | E20: =E24+E27 -> 190 | F20: =F24+F27 -> 156.5 | J20: 1183.21
A21: Мощность, МВт | B21: =SUM(C21:F21) -> 0.1067 | E21: =E25+E28 -> 0.0585 | F21: =F25+F28 -> 0.0482 | G21: =F20/F21 -> 3246.888 | J21: 0.342 | K21: =J20/J21 -> 3459.6784
A22: в т.ч.:
A23: в пределах социальной нормы
A24: Электрическая энергия, тыс.кВт.ч | B24: =SUM(C24:F24) -> 294.525 | E24: =E34+E44+E54 -> 161.5 | F24: =F34+F44+F54 -> 133.025
A25: Мощность, МВт | B25: =SUM(C25:F25) -> 0.0907 | E25: =E35+E45+E55 -> 0.0497 | F25: =F35+F45+F55 -> 0.041
A26: сверх социальной нормы
A27: Электрическая энергия, тыс.кВт.ч | B27: =SUM(C27:F27) -> 51.975 | E27: =E37+E47+E57 -> 28.5 | F27: =F37+F47+F57 -> 23.475
A28: Мощность, МВт | B28: =SUM(C28:F28) -> 0.016 | E28: =E38+E48+E58 -> 0.0088 | F28: =F38+F48+F58 -> 0.0072
A29: 2.1. Население, проживающее в городских населенных пунктах в домах, оборудованных в установленном порядке стационарными электроплитами и (или) электроотопительными установками и приравненные к нему категории потребителей | G29: =F34+F50 -> 150 | H29: насел. | J29: =J30+J50 -> 1923.71
A30: Электрическая энергия, тыс.кВт.ч | J30: 1183.21
A31: Мощность, МВт | G31: =F30/F31 -> #DIV/0! | J31: 0.342 | K31: =J30/J31 -> 3459.6784
A32: в т.ч.:
A33: 2.1.1. в пределах социальной нормы
A34: Электрическая энергия, тыс.кВт.ч
A35: Мощность, МВт
A36: 2.1.2. сверх социальной нормы
A37: Электрическая энергия, тыс.кВт.ч
A38: Мощность, МВт
A39: 2.2. Население, проживающее в сельских населенных пунктах и приравненные к нему категории потребителей
A40: Электрическая энергия, тыс.кВт.ч | B40: =SUM(C40:F40) -> 6.5 | F40: =F44+F47 -> 6.5
A41: Мощность, МВт | B41: =SUM(C41:F41) -> 0.002 | F41: =F45+F48 -> 0.002
A42: в т.ч.:
A43: 2.2.1. в пределах социальной нормы
A44: Электрическая энергия, тыс.кВт.ч | B44: =SUM(C44:F44) -> 5.525 | F44: =11.05/2 -> 5.525
A45: Мощность, МВт | B45: =SUM(C45:F45) -> 0.0017 | F45: 0.0017
A46: 2.2.2. сверх социальной нормы
A47: Электрическая энергия, тыс.кВт.ч | B47: =SUM(C47:F47) -> 0.975 | F47: =1.95/2 -> 0.975
A48: Мощность, МВт | B48: =SUM(C48:F48) -> 0.0003 | F48: 0.0003
A49: 2.3. Население и приравненные к нему категории потребителей за исключением указанных в пунктах 2.1. и 2.2. | N49: газ
A50: Электрическая энергия, тыс.кВт.ч | B50: =SUM(C50:F50) -> 340 | E50: =E54+E57 -> 190 | F50: =F54+F57 -> 150 | J50: 740.5
A51: Мощность, МВт | B51: =SUM(C51:F51) -> 0.1047 | E51: =E55+E58 -> 0.0585 | F51: =F55+F58 -> 0.0462 | G51: =F50/F51 -> 3246.7532 | J51: 0.233 | K51: =J50/J51 -> 3178.1116
A52: в т.ч.:
A53: 2.3.1 в пределах социальной нормы
A54: Электрическая энергия, тыс.кВт.ч | B54: =SUM(C54:F54) -> 289 | E54: =323/2 -> 161.5 | F54: =255/2 -> 127.5
A55: Мощность, МВт | B55: =SUM(C55:F55) -> 0.089 | E55: 0.0497 | F55: 0.0393
A56: 2.3.2 сверх социальной нормы
A57: Электрическая энергия, тыс.кВт.ч | B57: =SUM(C57:F57) -> 51 | E57: =57/2 -> 28.5 | F57: =45/2 -> 22.5
A58: Мощность, МВт | B58: =SUM(C58:F58) -> 0.0157 | E58: 0.0088 | F58: 0.0069
A59: 2. СОБСТВЕННОЕ ПОТРЕБЛЕНИЕ (в целом по юридическому лицу) ** | G59: № 20-2491к от 01.01.2013 - это договор покупки потерь эл.эн.на потребителя
A60: Электрическая энергия, тыс.кВт.ч | B60: =SUM(C60:F60) -> 75378.01 | C60: =150484.197/2 -> 75242.098 | F60: =271.824/2 -> 135.912 | G60: ??? уровень СН1
A61: Мощность, МВт | B61: =SUM(C61:F61) -> 32.38613 | C61: 32 | F61: 0.38613
A63: Примечание: * - действующий договор оказания услуг по передаче электрической энергии № 3 от 01.01.2011г.;
A64: ** - действующие договора энергоснабжения № 20-1001э от 01.01.2013г. , № 20-1001к от 01.01.2013г..
A65: Руководитель энергосбытовой организации___________ | D65: Руководитель сетевой организации АО "РКЦ "Прогресс"
A71: _______________________________________________ | D71: С. В. Тюлевин
A72: (ФИО, подпись) | D72: (ФИО, подпись)
A73: М.П. | D73: М.П.
A77: Дата согласования______________________

Sheet 2тсо кроме мрск
A1: Структура полезного отпуска электрической энергии (мощности) на 2 полугодие 2016 года
A2: ='[12]1тсо кроме мрск'!A2:F2 -> АО "РКЦ "Прогресс"
A3: (наименование сетевой организации)
A5: Объемы потребления | B5: Всего | C5: Уровни напряжения
C6: ВН | D6: СН I | E6: СН II | F6: НН
A7: 1. ПОЛЕЗНЫЙ ОТПУСК КОНЕЧНЫМ ПОТРЕБИТЕЛЯМ *
A8: Всего: | J8: было согласовано
A9: Электрическая энергия, тыс.кВт.ч | B9: =SUM(C9:F9) -> 4624 | C9: =C20+C13 -> 1450 | E9: =E20+E13 -> 2990 | F9: =F20+F13 -> 184 | J9: 3507.2
A10: Мощность, МВт | B10: =SUM(C10:F10) -> 1.8169 | C10: =C14+C21 -> 0.396 | E10: =E14+E21 -> 1.3637 | F10: =F14+F21 -> 0.0572
A11: в т.ч.:
A12: 1. ПРОЧИЕ ПОТРЕБИТЕЛИ | J12: прочие
A13: Электрическая энергия, тыс.кВт.ч | B13: =SUM(C13:F13) -> 4277.5 | C13: =2900/2 -> 1450 | E13: =5600/2 -> 2800 | F13: =55/2 -> 27.5 | J13: 1583.49
A14: Мощность, МВт | B14: =SUM(C14:F14) -> 1.7102 | C14: 0.396 | E14: 1.3052 | F14: =0.009 -> 0.009 | G14: =F13/F14 -> 3055.5556 | J14: 0.445 | K14: =J13/J14 -> 3558.4045
A15: в т.ч.:
A16: 1.1. Монопотребитель (Наименование организации) | J16: прочие
A17: Электрическая энергия, тыс.кВт.ч | J17: 1583.49
A18: Мощность, МВт | G18: =F17/F18 -> #DIV/0! | J18: 0.445 | K18: =J17/J18 -> 3558.4045
A19: 2. НАСЕЛЕНИЕ | G19: =F24+F40 -> 139.525 | H19: насел. | J19: =J20+J40 -> 1183.21
A20: Электрическая энергия, тыс.кВт.ч | B20: =SUM(C20:F20) -> 346.5 | E20: =E24+E27 -> 190 | F20: =F24+F27 -> 156.5 | J20: 1183.21
A21: Мощность, МВт | B21: =SUM(C21:F21) -> 0.1067 | E21: =E25+E28 -> 0.0585 | F21: =F25+F28 -> 0.0482 | G21: =F20/F21 -> 3246.888 | J21: 0.342 | K21: =J20/J21 -> 3459.6784
A22: в т.ч.:
A23: в пределах социальной нормы
A24: Электрическая энергия, тыс.кВт.ч | B24: =SUM(C24:F24) -> 294.525 | E24: =E34+E44+E54 -> 161.5 | F24: =F34+F44+F54 -> 133.025
A25: Мощность, МВт | B25: =SUM(C25:F25) -> 0.0907 | E25: =E35+E45+E55 -> 0.0497 | F25: =F35+F45+F55 -> 0.041
A26: сверх социальной нормы
A27: Электрическая энергия, тыс.кВт.ч | B27: =SUM(C27:F27) -> 51.975 | E27: =E37+E47+E57 -> 28.5 | F27: =F37+F47+F57 -> 23.475
A28: Мощность, МВт | B28: =SUM(C28:F28) -> 0.016 | E28: =E38+E48+E58 -> 0.0088 | F28: =F38+F48+F58 -> 0.0072
A29: 2.1. Население, проживающее в городских населенных пунктах в домах, оборудованных в установленном порядке стационарными электроплитами и (или) электроотопительными установками и приравненные к нему категории потребителей | G29: =F34+F50 -> 150 | H29: насел. | J29: =J30+J50 -> 1923.71
A30: Электрическая энергия, тыс.кВт.ч | J30: 1183.21
A31: Мощность, МВт | G31: =F30/F31 -> #DIV/0! | J31: 0.342 | K31: =J30/J31 -> 3459.6784
A32: в т.ч.:
A33: 2.1.1. в пределах социальной нормы
A34: Электрическая энергия, тыс.кВт.ч
A35: Мощность, МВт
A36: 2.1.2. сверх социальной нормы
A37: Электрическая энергия, тыс.кВт.ч
A38: Мощность, МВт
A39: 2.2. Население, проживающее в сельских населенных пунктах и приравненные к нему категории потребителей
A40: Электрическая энергия, тыс.кВт.ч | B40: =SUM(C40:F40) -> 6.5 | F40: =F44+F47 -> 6.5
A41: Мощность, МВт | B41: =SUM(C41:F41) -> 0.002 | F41: =F45+F48 -> 0.002
A42: в т.ч.:
A43: 2.2.1. в пределах социальной нормы
A44: Электрическая энергия, тыс.кВт.ч | B44: =SUM(C44:F44) -> 5.525 | F44: =11.05/2 -> 5.525
A45: Мощность, МВт | B45: =SUM(C45:F45) -> 0.0017 | F45: 0.0017
A46: 2.2.2. сверх социальной нормы
A47: Электрическая энергия, тыс.кВт.ч | B47: =SUM(C47:F47) -> 0.975 | F47: =1.95/2 -> 0.975
A48: Мощность, МВт | B48: =SUM(C48:F48) -> 0.0003 | F48: 0.0003
A49: 2.3. Население и приравненные к нему категории потребителей за исключением указанных в пунктах 2.1. и 2.2. | N49: газ
A50: Электрическая энергия, тыс.кВт.ч | B50: =SUM(C50:F50) -> 340 | E50: =E54+E57 -> 190 | F50: =F54+F57 -> 150 | J50: 740.5
A51: Мощность, МВт | B51: =SUM(C51:F51) -> 0.1047 | E51: =E55+E58 -> 0.0585 | F51: =F55+F58 -> 0.0462 | G51: =F50/F51 -> 3246.7532 | J51: 0.233 | K51: =J50/J51 -> 3178.1116
A52: в т.ч.:
A53: 2.3.1 в пределах социальной нормы
A54: Электрическая энергия, тыс.кВт.ч | B54: =SUM(C54:F54) -> 289 | E54: =323/2 -> 161.5 | F54: =255/2 -> 127.5
A55: Мощность, МВт | B55: =SUM(C55:F55) -> 0.089 | E55: 0.0497 | F55: 0.0393
A56: 2.3.2 сверх социальной нормы
A57: Электрическая энергия, тыс.кВт.ч | B57: =SUM(C57:F57) -> 51 | E57: =57/2 -> 28.5 | F57: =45/2 -> 22.5
A58: Мощность, МВт | B58: =SUM(C58:F58) -> 0.0157 | E58: 0.0088 | F58: 0.0069
A59: 2. СОБСТВЕННОЕ ПОТРЕБЛЕНИЕ (в целом по юридическому лицу) ** | G59: № 20-2491к от 01.01.2013 - это договор покупки потерь эл.эн.на потребителя
A60: Электрическая энергия, тыс.кВт.ч | B60: =SUM(C60:F60) -> 75378.01 | C60: =150484.197/2 -> 75242.098 | F60: =271.824/2 -> 135.912 | G60: ??? уровень СН1
A61: Мощность, МВт | B61: =SUM(C61:F61) -> 32.38613 | C61: 32 | F61: 0.38613
A63: ='[12]1тсо кроме мрск'!A63:F63 -> Примечание: * - действующий договор оказания услуг по передаче электрической энергии № 3 от 01.01.2011г.;
A64: ='[12]1тсо кроме мрск'!A64:F64 -> ** - действующие договора энергоснабжения № 20-1001э от 01.01.2013г. , № 20-1001к от 01.01.2013г..
A65: Руководитель энергосбытовой организации___________ | D65: ='[12]1тсо кроме мрск'!D65:F70 -> Руководитель сетевой организации АО "РКЦ "Прогресс"
A71: _______________________________________________ | D71: С. В. Тюлевин
A72: (ФИО, подпись) | D72: (ФИО, подпись)
A73: М.П. | D73: М.П.
A77: Дата согласования______________________

Sheet 2016 тсо кроме мрск

Sheet 2016 тсо НК Энергосб
A1: Структура полезного отпуска электрической энергии (мощности) на 2016 год
A2: ='[13]1тсо кроме мрск НК'!A2:F2 -> АО "РКЦ "Прогресс"
A3: (наименование сетевой организации)
A5: Объемы потребления | B5: Всего | C5: Уровни напряжения
C6: ВН | D6: СН I | E6: СН II | F6: НН
A7: 1. ПОЛЕЗНЫЙ ОТПУСК КОНЕЧНЫМ ПОТРЕБИТЕЛЯМ *
A8: Всего: | J8: было согласовано
A9: Электрическая энергия, тыс.кВт.ч | B9: =SUM(C9:F9) -> 3.977 | E9: =E20+E13 -> 2.403 | F9: =F20+F13 -> 1.574 | J9: 3507.2
A10: Мощность, МВт | B10: =SUM(C10:F10) -> 0.00082122449 | E10: =E14+E21 -> 0.0005 | F10: =F14+F21 -> 0.00032122449 | O10: =B9/B10 -> 4842.7684 | P10: =E9/E10 -> 4806 | Q10: =F9/F10 -> 4900
A11: в т.ч.:
A12: 1. ПРОЧИЕ ПОТРЕБИТЕЛИ | J12: прочие
A13: Электрическая энергия, тыс.кВт.ч | J13: 1583.49 | O13: =F13/F14 -> #DIV/0!
A14: Мощность, МВт | G14: =F13/F14 -> #DIV/0! | J14: 0.445 | K14: =J13/J14 -> 3558.4045
A15: в т.ч.:
A16: 1.1. Монопотребитель (Наименование организации) | J16: прочие
A17: Электрическая энергия, тыс.кВт.ч | J17: 1583.49
A18: Мощность, МВт | G18: =F17/F18 -> #DIV/0! | J18: 0.445 | K18: =J17/J18 -> 3558.4045
A19: 2. НАСЕЛЕНИЕ | G19: =F24+F40 -> 3.148 | H19: насел. | J19: =J20+J40 -> 1183.21
A20: Электрическая энергия, тыс.кВт.ч | B20: =SUM(C20:F20) -> 3.977 | E20: =E24+E27 -> 2.403 | F20: =F24+F27 -> 1.574 | J20: 1183.21
A21: Мощность, МВт | B21: =SUM(C21:F21) -> 0.00082122449 | E21: =E25+E28 -> 0.0005 | F21: =F25+F28 -> 0.00032122449 | G21: =F20/F21 -> 4900 | J21: 0.342 | K21: =J20/J21 -> 3459.6784 | U21: =E20/E21 -> 4806 | V21: =F20/F21 -> 4900
A22: в т.ч.:
A23: в пределах социальной нормы
A24: Электрическая энергия, тыс.кВт.ч | B24: =SUM(C24:F24) -> 3.977 | E24: =E40 -> 2.403 | F24: =F40 -> 1.574
A25: Мощность, МВт | B25: =SUM(C25:F25) -> 0.00082122449 | E25: =E41 -> 0.0005 | F25: =F41 -> 0.00032122449
A26: сверх социальной нормы
A27: Электрическая энергия, тыс.кВт.ч
A28: Мощность, МВт
A29: 2.1. Население, проживающее в городских населенных пунктах в домах, оборудованных в установленном порядке стационарными электроплитами и (или) электроотопительными установками и приравненные к нему категории потребителей | G29: =F34+F50 -> 0 | H29: насел. | J29: =J30+J50 -> 1923.71
A30: Электрическая энергия, тыс.кВт.ч | J30: 1183.21
A31: Мощность, МВт | G31: =F30/F31 -> #DIV/0! | J31: 0.342 | K31: =J30/J31 -> 3459.6784
A32: в т.ч.:
A33: 2.1.1. в пределах социальной нормы
A34: Электрическая энергия, тыс.кВт.ч
A35: Мощность, МВт
A36: 2.1.2. сверх социальной нормы
A37: Электрическая энергия, тыс.кВт.ч
A38: Мощность, МВт
A39: 2.2. Население, проживающее в сельских населенных пунктах и приравненные к нему категории потребителей
A40: Электрическая энергия, тыс.кВт.ч | B40: =SUM(C40:F40) -> 3.977 | E40: =E44 -> 2.403 | F40: =F44 -> 1.574
A41: Мощность, МВт | B41: =SUM(C41:F41) -> 0.00082122449 | E41: =E45 -> 0.0005 | F41: =F45 -> 0.00032122449
A42: в т.ч.:
A43: 2.2.1. в пределах социальной нормы
A44: Электрическая энергия, тыс.кВт.ч | B44: =SUM(C44:F44) -> 3.977 | E44: ='[13]1тсо кроме мрск НК'!E44+'[13]2тсо кроме мрск НК'!E44 -> 2.403 | F44: ='[13]1тсо кроме мрск НК'!F44+'[13]2тсо кроме мрск НК'!F44 -> 1.574
A45: Мощность, МВт | B45: =SUM(C45:F45) -> 0.00082122449 | E45: =('[13]1тсо кроме мрск НК'!E45+'[13]2тсо кроме мрск НК'!E45)/2 -> 0.0005 | F45: =('[13]1тсо кроме мрск НК'!F45+'[13]2тсо кроме мрск НК'!F45)/2 -> 0.00032122449
A46: 2.2.2. сверх социальной нормы
A47: Электрическая энергия, тыс.кВт.ч
A48: Мощность, МВт
A49: 2.3. Население и приравненные к нему категории потребителей за исключением указанных в пунктах 2.1. и 2.2.
A50: Электрическая энергия, тыс.кВт.ч | J50: 740.5
A51: Мощность, МВт | G51: =F50/F51 -> #DIV/0! | J51: 0.233 | K51: =J50/J51 -> 3178.1116
A52: в т.ч.:
A53: 2.3.1 в пределах социальной нормы
A54: Электрическая энергия, тыс.кВт.ч
A55: Мощность, МВт
A56: 2.3.2 сверх социальной нормы
A57: Электрическая энергия, тыс.кВт.ч
A58: Мощность, МВт
A59: ='[13]1тсо кроме мрск НК'!A59:F59 -> 2. СОБСТВЕННОЕ ПОТРЕБЛЕНИЕ (в целом по юридическому лицу) ** | G59: № 20-2491к от 01.01.2013 - это договор покупки потерь эл.эн.на потребителя
A60: Электрическая энергия, тыс.кВт.ч | B60: =SUM(C60:F60) -> 1416.13 | E60: ='[13]1тсо кроме мрск НК'!E60+'[13]2тсо кроме мрск НК'!E60 -> 1416.13 | G60: ??? уровень СН1
A61: Мощность, МВт | B61: =SUM(C61:F61) -> 0.16203 | E61: =('[13]1тсо кроме мрск НК'!E61+'[13]2тсо кроме мрск НК'!E61)/2 -> 0.16203 | O61: =E60/8740 -> 0.1620286 | P61: =E60/E61 -> 8739.9247 | Q61: час
A63: Примечание: * - указать дату и № действующего договора оказания услуг по передаче электрической энергии;
A64: ** - действующий договор энергоснабжения №58 от 01.01.2013г.
A65: ='[13]1тсо кроме мрск НК'!A65:B70 -> Руководитель энергосбытовой организации ООО "НК-Энергосбыт" | D65: ='[13]1тсо кроме мрск НК'!D65:F70 -> Руководитель сетевой организации АО «РКЦ «Прогресс»
A71: _______________________________________________ | D71: ='[13]1тсо кроме мрск НК'!D71:F71 -> _______________________________________________
A72: (ФИО, подпись) | D72: (ФИО, подпись)
A73: М.П. | D73: М.П.
A77: Дата согласования______________________

Sheet Выпад.2014г.
A1: Расчет экономически обоснованных затрат в 2012 г.
A2: "неучтенных в предыдущем периоде регулирования,
A3: по статье "материалы" и "услуги сторонних организаций по ремонту, техническому обслуживанию оборудования" участка передачи эл.энергии ФГУП «ГНПРКЦ «ЦСКБ-Прогресс»,
A4: подлежащих включению в НВВ на 2014 г.
D6: тыс.руб.
A7: Показатели | B7: Утверждено на 2012г. | C7: Факт 2012 г. | D7: Отклонение вкл.в период регулирования в ст."недополученный по независящим причинам доход"
A8: в т.ч. ремонт и тех.обслуживание по предписанию Ростехнадзора 2012г.
A9: Электротехнические материалы | B9: ='орг. Корр-ка НВВ 2014г.'!F24 -> 0 | C9: ='Реестр всп.мат.2012пром.'!E27/1000 -> 476.51282 | D9: =C9-B9 -> 476.51282
A10: Работы и услуги производственного характера (в т.ч. услуги сторонних организаций по содержанию сетей и распределительных устройств) | B10: ='орг. Корр-ка НВВ 2014г.'!E25 -> 334.8 | C10: ='РСЭО факт за 2012г.'!F28 -> 1017.0609 | D10: =C10-B10 -> 682.26087
A11: Итого | B11: =SUM(B9:B10) -> 334.8 | C11: =SUM(C9:C10) -> 1493.5737 | D11: =SUM(D9:D10) -> 1158.7737
A14: Первый зам. генерального директора -
A15: главный инженер | D15: С. В. Тюлевин

Sheet НВВ на содержание 2012г.
G1: Форма № 5
C2: к приложению № 1 приказа Министерства энергетики и жилищно-коммунального хозяйства Самарской области от "___" _________2011 года № ___
A3: Отчет о доходах и расходах территориальной сетевой организации, регулирование тарифов на услуги которой осуществляется на основе долгосрочных параметров регулирования деятельности за 2012 год
A5: ФГУП ГНПРКЦ «ЦСКБ-Прогресс»
A6: Сроки предоставления: ежеквартальная - до 30 апреля, 30 июля и 30 октября. Годовая - до 1 апреля.
B7: форма заполняется нарастающим итогом | F7: тыс. руб.
A8: №п/п | B8: Показатель | C8: Ед.изм. | D8: Утверждено на 2012г. | E8: Фактические показатели | G8: Процент превышения (2012факт. без учета собственного потребления)/ (утверждено на 2012г.)
E9: с учетом собственного потребления | F9: без учета собственного потребления
A10: 1 | B10: 2 | C10: 3 | D10: 4 | E10: 5 | F10: 6 | G10: 7 = 6/4
A11: 1 | B11: НВВ сетевой организации ВСЕГО (без учета расходов на оплату услуг территориальных сетевых организаций, расходов на оплату потерь электроэнергии) | C11: тыс.руб. | D11: =D12+D38+D52 -> #REF! | E11: =E12+E38+E52 -> 102471.29 | F11: =F12+F38+F52 -> 13274.454 | G11: =F11/D11 -> #REF! | J11: ='орг. Корр-ка НВВ 2014г.'!F71 -> #REF!
A12: 1.1. | B12: Подконтрольные расходы | C12: тыс.руб. | D12: =D13+D16+D19+D33 -> 1658.6655 | E12: =E13+E16+E19+E33 -> 95498.112 | F12: =F13+F16+F19+F33 -> 12309.15 | G12: =F12/D12 -> 7.4211167 | I12: ='орг. Корр-ка НВВ 2014г.'!F45 -> 1658.6925
A13: 1.1.1. | B13: Материальные затраты | C13: тыс.руб. | D13: ='орг. Корр-ка НВВ 2014г.'!F25 -> 285.558 | E13: =E14+E15 -> 52019 | F13: =F14+F15 -> 7201.0355 | G13: =F13/D13 -> 25.217418
A14: 1.1.1.1. | B14: Сырье, материалы, запасные части, инструмент, топливо | C14: тыс.руб. | E14: 14814 | F14: =E14*($E$78+$E$77+$E$75)/$E$70 -> 2050.7149
A15: 1.1.1.2. | B15: Работы и услуги производственного характера (в т.ч. услуги сторонних организаций по содержанию сетей и распределительных устройств) | C15: тыс.руб. | D15: 285.6 | E15: 37205 | F15: =E15*($E$78+$E$77+$E$75)/$E$70 -> 5150.3206 | G15: =F15/D15 -> 18.033335
A16: 1.1.2. | B16: Расходы на оплату труда | C16: тыс.руб. | D16: ='орг. Корр-ка НВВ 2014г.'!F26 -> 1262.0075 | E16: 33521.112 | F16: =E16*($E$78+$E$77+$E$75)/$E$70 -> 4640.3568 | G16: =F16/D16 -> 3.6769645
A17: 1.1.2.1. | B17: численность персонала | C17: чел. | D17: 13 | E17: 111 | F17: =E17*($E$78+$E$77+$E$75)/$E$70 -> 15.365827 | G17: =F17/D17 -> 1.1819867
A18: 1.1.2.2. | B18: среднемесячная заработная плата | C18: руб. | D18: =D16*1000/12/D17 -> 8089.7917 | E18: =E16*1000/12/E17 -> 25166 | F18: =F16*1000/12/F17 -> 25166 | I18: 25166 | J18: 3483.7513
A19: 1.1.3. | B19: Прочие расходы, всего, в том числе: | C19: тыс.руб. | D19: =SUM(D20:D32) -> 52.3 | E19: 9958 | F19: =F20+F21 -> 467.75792 | G19: =F19/D19 -> 8.943746
A20: 1.1.3.1. | B20: Ремонт основных фондов | C20: тыс.руб. | E20: 3379 | F20: =E20*($E$78+$E$77+$E$75)/$E$70 -> 467.75792
A21: 1.1.3.2. | B21: Оплата работ и услуг сторонних организаций | C21: тыс.руб. | E21: 6567 | F21: =F22+F23+F24+F25+F26+F27 -> 0
A22: 1.1.3.2.1. | B22: услуги связи | C22: тыс.руб. | F22: =E22*($E$78+$E$77+$E$75)/$E$70 -> 0
A23: 1.1.3.2.2. | B23: Расходы на услуги вневедомственной охраны и коммунального хозяйства | C23: тыс.руб. | F23: =E23*($E$78+$E$77+$E$75)/$E$70 -> 0
A24: 1.1.3.2.3. | B24: Расходы на юридические и информационные услуги | C24: тыс.руб. | F24: =E24*($E$78+$E$77+$E$75)/$E$70 -> 0
A25: 1.1.3.2.4. | B25: Расходы на аудиторские и консультационные услуги | C25: тыс.руб. | F25: =E25*($E$78+$E$77+$E$75)/$E$70 -> 0
A26: 1.1.3.2.5. | B26: Транспортные услуги | C26: тыс.руб. | F26: =E26*($E$78+$E$77+$E$75)/$E$70 -> 0
A27: 1.1.3.2.6. | B27: Прочие услуги сторонних организаций | C27: тыс.руб. | F27: =E27*($E$78+$E$77+$E$75)/$E$70 -> 0
A28: 1.1.3.3. | B28: Расходы на командировки и представительские | C28: тыс.руб. | F28: =E28*($E$78+$E$77+$E$75)/$E$70 -> 0
A29: 1.1.3.4. | B29: Расходы на подготовку кадров | C29: тыс.руб. | F29: =E29*($E$78+$E$77+$E$75)/$E$70 -> 0
A30: 1.1.3.5. | B30: Расходы на обеспечение нормальных условий труда и мер по технике безопасности | C30: тыс.руб. | F30: =E30*($E$78+$E$77+$E$75)/$E$70 -> 0
A31: 1.1.3.6. | B31: Расходы на страхование | C31: тыс.руб. | F31: =E31*($E$78+$E$77+$E$75)/$E$70 -> 0
A32: 1.1.3.7. | B32: Другие прочие расходы | C32: тыс.руб. | D32: ='орг. Корр-ка НВВ 2014г.'!F40 -> 52.3 | F32: =E32*($E$78+$E$77+$E$75)/$E$70 -> 0
A33: 1.1.4. | B33: Расходы из прибыли, в т.ч.: | C33: тыс.руб. | D33: 58.8 | E33: =E34+E35+E36 -> 0 | F33: =F34+F35+F36 -> 0
A34: 1.1.4.1. | B34: расходы на обслуживание заемных средств | C34: тыс.руб. | F34: =E34*($E$78+$E$77+$E$75)/$E$70 -> 0
A35: 1.1.4.2. | B35: расходы по коллективным договорам | C35: тыс.руб. | D35: ='орг. Корр-ка НВВ 2014г.'!F43 -> 58.82704 | F35: =E35*($E$78+$E$77+$E$75)/$E$70 -> 0
A36: 1.1.4.3. | B36: прочие расходы из прибыли | C36: тыс.руб. | F36: =E36*($E$78+$E$77+$E$75)/$E$70 -> 0
A38: 1.2. | B38: Неподконтрольные расходы | C38: тыс.руб. | D38: =D39+D40+D41+D42+D43+D47+D48+D49+D50+D51 -> #REF! | E38: =E39+E40+E41+E42+E43+E47+E48+E49+E50+E51+E52 -> 6973.183 | F38: =F39+F40+F41+F42+F43+F47+F48+F49+F50+F51+F52 -> 965.30381 | G38: =F38/D38 -> #REF! | I38: ='орг. Корр-ка НВВ 2014г.'!F62 -> #REF!
A39: 1.2.1. | B39: Оплата услуг ОАО "ФСК ЕЭС" | C39: тыс.руб. | F39: =E39*($E$78+$E$77+$E$75)/$E$70 -> 0
A40: 1.2.2. | B40: Электроэнергия на хоз. нужды | C40: тыс.руб. | F40: =E40*($E$78+$E$77+$E$75)/$E$70 -> 0
A41: 1.2.3. | B41: Теплоэнергия | C41: тыс.руб. | F41: =E41*($E$78+$E$77+$E$75)/$E$70 -> 0
A42: 1.2.4. | B42: Плата за аренду имущества и лизинг | C42: тыс.руб. | F42: =E42*($E$78+$E$77+$E$75)/$E$70 -> 0
A43: 1.2.5. | B43: Налоги, всего, в том числе: | C43: тыс.руб. | D43: =SUM(D44:D46) -> #REF! | E43: =E44+E45+E46 -> 0 | F43: =E43*($E$78+$E$77+$E$75)/$E$70 -> 0
A44: 1.2.5.1. | B44: плата за землю | C44: тыс.руб. | F44: =E44*($E$78+$E$77+$E$75)/$E$70 -> 0
A45: 1.2.5.2. | B45: Налог на имущество | C45: тыс.руб. | D45: ='орг. Корр-ка НВВ 2014г.'!F54 -> #REF! | E45: 0 | F45: =E45*($E$78+$E$77+$E$75)/$E$70 -> 0
A46: 1.2.5.3. | B46: Прочие налоги и сборы | C46: тыс.руб. | F46: =E46*($E$78+$E$77+$E$75)/$E$70 -> 0
A47: 1.2.6. | B47: Отчисления на социальные нужды (ЕСН) | C47: тыс.руб. | D47: ='орг. Корр-ка НВВ 2014г.'!F56 -> 450.5 | E47: 4692.956 | F47: =E47*($E$78+$E$77+$E$75)/$E$70 -> 649.64999 | G47: =F47/D47 -> 1.4420644
A48: 1.2.7. | B48: Амортизация основных средств | C48: тыс.руб. | D48: ='орг. Корр-ка НВВ 2014г.'!F60 -> 80.6 | E48: 2280.227 | F48: =E48*($E$78+$E$77+$E$75)/$E$70 -> 315.65381 | G48: =F48/D48 -> 3.9163004
A49: 1.2.8. | B49: Расходы на финансирование капитальных вложений | C49: тыс.руб. | F49: =E49*($E$78+$E$77+$E$75)/$E$70 -> 0
A50: 1.2.11. | B50: Прочие неподконтрольные расходы | C50: тыс.руб. | F50: =E50*($E$78+$E$77+$E$75)/$E$70 -> 0
A51: 1.2.12. | B51: Налог на прибыль | C51: тыс.руб. | D51: ='орг. Корр-ка НВВ 2014г.'!F58 -> 14.70676 | F51: =E51*($E$78+$E$77+$E$75)/$E$70 -> 0
A52: 1.2.13. | B52: Выпадающие доходы/экономия средств (вспомогательные материалы для выполнения ремонтов собственными силами) | C52: тыс.руб. | D52: ='орг. Корр-ка НВВ 2014г.'!F65 -> 515 | F52: =E52*($E$78+$E$77+$E$75)/$E$70 -> 0
A53: 2 | B53: Затраты на компенсацию потерь электрической энергии | C53: тыс.руб. | E53: Х | F53: 2259
A54: 3 | B54: Платежи компании в адрес смежных сетевых организаций: | C54: тыс.руб. | E54: Х | F54: =SUM(F55:F56) -> 12685.704
A55: 3.1. | B55: ОАО "РЖД" | C55: тыс.руб. | E55: Х | F55: 8.692
A56: 3.2. | B56: ОАО "МРСК Волги" | C56: тыс.руб. | E56: Х | F56: 12677.012
A57: ….. | C57: тыс.руб. | E57: Х
A58: 4 | B58: Платежи в компанию от смежных организаций | C58: тыс.руб. | E58: Х | F58: =SUM(F59:F60) -> 4942.934
A59: 4.1. | B59: М.п. городского округа Самара "Самарский метрополитен" | C59: тыс.руб. | E59: Х | F59: 569.833
A60: 4.2. | B60: ООО "Энерго" | C60: тыс.руб. | E60: Х | F60: 4373.101
A61: …. | C61: тыс.руб. | E61: Х
A62: 5 | B62: Платежи в сетевую организацию по котловым тарифам | C62: тыс.руб. | E62: Х | F62: 15183.061
A63: 6 | B63: Количество условных единиц электрооборудования, необходимых для осуществления регулируемой деятельности. | C63: у.е. | E63: 1744.497 | F63: 577.297
A64: 7 | B64: Протяженность электрических сетей | C64: км. | E64: 88.87 | F64: 16.08
A65: 7.1. | B65: в том числе нуждающихся в замене | C65: км. | E65: 88.87
A66: 8 | B66: Количество аварий и повреждений на сетях | C66: ед. | E66: 0
A67: 9 | B67: Количество аварий и повреждений на сооружениях | C67: ед. | E67: 0
A68: 10 | B68: Износ сетей | C68: % | E68: 70
A69: 11 | B69: Износ оборудования | C69: % | E69: 100
A70: 12 | B70: Поступление в сеть всего | C70: тыс. кВт*ч | E70: 155503.47
A71: 13 | B71: Расход электроэнергии на хозяйственные нужды, всего | C71: тыс. кВт*ч
A72: 14 | B72: Потери электрической энергии, всего | C72: тыс. кВт*ч | E72: 1357.359
B73: в том числе
A74: 14.1. | B74: отнесенные на собственное производство (потребление) | C74: тыс. кВт*ч | E74: 0
A75: 14.2. | B75: технологические потери | C75: тыс. кВт*ч | E75: 1357.359
A76: 15 | B76: Собственное потребление | C76: тыс. кВт*ч | E76: 133976.99
A77: 16 | B77: Передача по транзиту (сальдо-переток) | C77: тыс. кВт*ч | E77: 11789.017 | I77: =(E78+E77+E75)/E70 -> 0.13843087
A78: 17 | B78: Полезный отпуск конечным потербителям | C78: тыс. кВт*ч | E78: 8380.105
B80: Руководитель организации _______________________ | E80: __________________
B81: (подпись) | E81: (расшифровка подписи)
B82: Должностное лицо, ответственное за составление формы
B83: ____________________________________________________ | E83: ______________ | F83: ______________ | G83: ______________
B84: (должность) | E84: (подпись) | F84: (расшифровка подписи) | G84: (расшифровка подписи)
B85: "______" _________________ 20___ год
B86: (дата составления документа)

Sheet Реестр всп.мат.2010 пром.+ПСХ
A1: Реестр документов, подтверждающих поступление электротехнических материалов на обслуживание и ремонт оборудования участка электроснабжения потребителей ФГУП «ГНПРКЦ «ЦСКБ-Прогресс» 2010 г.
G2: на передачу сторонним потребителям
A3: № | B3: Поставщик | C3: Дата | D3: Счет-фактура | E3: Сумма, руб. с НДС | F3: Дата | G3: Платежное поручение | H3: Сумма, руб. с НДС
A4: Цех 2426
A5: 2010 год
A6: 1. | B6: ООО "ЭТК "Содействие" | C6: 31.05.10 | D6: № КЭТ 0003024 | E6: 15336.65 | F6: 28.05.10 | G6: № 10745 | H6: 15336.65
A7: 2. | D7: № КЭТ 0003011 | E7: 6420.78
A8: 3. | D8: № КЭТ 0002999 | E8: 2923.33 | F8: 28.05.10 | G8: № 10804 | H8: 2923.33 | I8: =SUM(E7:E8) -> 9344.11
A9: 4. | C9: 21.06.10 | D9: № КЭТ 0003399 | E9: 15402.52 | F9: 10.06.10 | G9: № 12009 | H9: 104720.99
A10: 5. | D10: № КЭТ 0003411 | E10: 2552.58 | F10: 10.06.10 | G10: № 12032 | H10: 2552.58 | I10: =SUM(E9:E10) -> 17955.1
A11: 6. | D11: № КЭТ 0003397 | E11: 126885.02
A12: 7. | D12: № КЭТ 0003443 | E12: 23553.91 | I12: =SUM(E11:E12) -> 150438.93
A13: 8. | D13: № КЭТ 0003442 | E13: 82142.09 | F13: 10.06.10 | G13: № 12001 | H13: 150438.93
A14: 9. | D14: № КЭТ 0003432 | E14: 3736.47
A15: 10. | C15: 02.07.10 | D15: № КЭТ 0003663 | E15: 2541.72 | I15: =SUM(E13:E15) -> 88420.28 | J15: =H13-I15 -> 62018.65
A16: 11. | D16: № КЭТ 0003654 | E16: 3818.13 | F16: 13.07.10 | G16: № 14959 | H16: 106235.18
A17: 12. | D17: № КЭТ 0003655 | E17: 18842.43 | F17: 13.07.10 | G17: № 14954 | H17: 78349.75
A18: 13. | C18: 20.07.10 | D18: № КЭТ 0003963 | E18: 106235.18 | F18: 13.07.10 | G18: № 14933 | H18: 201596.97
A19: 14. | D19: № КЭТ 0003956 | E19: 5437.44 | I19: =SUM(E18:E19) -> 111672.62
A20: 12. | D20: № КЭТ 0003964 | E20: 78349.75
A21: 13. | C21: 24.09.10 | D21: № КЭТ 0004933 | E21: 17121.51 | F21: 17.09.2010 | G21: № 20618 | H21: 17121.51
A22: 14. | B22: ООО "Раскат" | C22: 19.07.10 | D22: № 42 | E22: 201596.97 | I22: =SUM(E18:E22) -> 408740.85
I23: =SUM(E19:E23) -> 302505.67
I24: =SUM(E20:E24) -> 297068.23
I25: =SUM(E21:E25) -> 218718.48
A26: Итого | E26: =SUM(E6:E25) -> 712896.48 | H26: =SUM(H6:H25) -> 679275.89 | J26: 679275.89
A27: По цеху 2426
A28: Затраты на электротехнические материалы в расчет тарифов на 2011 г. взяты с Кинд.к 2010г. 1,079 и составят: | J28: =#REF!/1.18/9*12/1000 -> #REF!
C29: 679 275,89 /1,18 /1000 х 1,079= | D29: =$H$26/1000/1.18*1.079 -> 621.13448 | E29: тыс.руб. без НДС
A30: На 2012 г. затраты по статье "вспомогательные материалы" проиндексированы на Кинд.к 2011г. = 1,06
B31: и составят = 621,1 х 1,06 = | C31: =D29*1.079 -> 670.2041 | D31: тыс.руб.
A33: № | B33: Поставщик | C33: Дата | D33: Счет-фактура | E33: Сумма, руб. с НДС | F33: Дата | G33: Платежное поручение | H33: Сумма, руб. с НДС
A34: Цех 2496 (подсобное хозяйство)
A35: 2010 год
A36: 1. | B36: ООО "Техкомплектсервис" | C36: 04.02.10 | D36: № Тк0014 | E36: 15642.8 | F36: 03.02.2010 | G36: 68 | H36: 37678.5
A37: 2. | C37: 08.02.10 | D37: № Тк0019 | E37: 20392.5 | F37: 12.02.2010 | G37: 98 | H37: 3180 | J37: =SUM(E36:E37) -> 36035.3 | K37: =SUM(H36:H37) -> 40858.5
A38: 3. | C38: 26.02.10 | D38: № Тк0038 | E38: 24197 | F38: 19.02.2010 | G38: 119 | H38: 24197
A39: 4. | C39: 01.03.10 | D39: № Тк0039 | E39: 6850 | F39: 30.03.2010 | G39: 231 | H39: 6850
A40: 5. | C40: 18.03.10 | D40: № Тк0054 | E40: 78415.88 | F40: 15.03.2010 | G40: 196 | H40: 86085.88
A41: 6. | C41: 18.03.10 | D41: № Тк0055 | E41: 7670 | J41: =SUM(E40:E41) -> 86085.88 | K41: =SUM(H40) -> 86085.88
A42: 7. | C42: 04.05.10 | D42: № Тк0100 | E42: 1195 | J42: =SUM(E36:E41) -> 153168.18 | K42: =SUM(H36:H42) -> 157991.38
A43: 8. | C43: 01.04.10 | D43: № Тк0069 | E43: 20725 | F43: 01.04.2010 | G43: 242 | H43: 20725
A44: 9. | C44: 06.05.10 | D44: № Тк0104 | E44: 12840 | F44: 15.04.2010 | G44: 276 | H44: 3005 | J44: =E42+E44 -> 14035
A45: 10. | C45: 11.06.10 | D45: № Тк0157 | E45: 4350 | F45: 06.05.2010 | G45: 336 | H45: 13045 | J45: =E44+E45 -> 17190 | K45: =H44+H45 -> 16050
A46: 11. | C46: 21.06.10 | D46: № Тк0167 | E46: 37232 | F46: 12.05.2010 | G46: 345 | H46: 990
A47: 12. | C47: 21.06.10 | D47: № Тк0168 | E47: 7716 | F47: 25.05.2010 | G47: 394 | H47: 42545 | J47: =E46+E47 -> 44948 | K47: =H47 -> 42545
A48: 13. | C48: 30.06.10 | D48: № Тк0177 | E48: 16914 | F48: 15.06.2010 | G48: 496 | H48: 41582
A49: 14. | B49: ООО "ЭТМ" | C49: 30.06.10 | D49: № 2.п09.41403 | E49: 1213.49 | F49: 21.06.2010 | G49: 520 | H49: 2815 | J49: =E49+E50 -> 2333.05 | K49: =H49 -> 2815
A50: 15. | C50: 30.06.10 | D50: № 2.п09.41403 | E50: 1119.56
A51: 16. | B51: ООО "Техкомплектсервис" | C51: 02.07.10 | D51: № Тк0181 | E51: 9400 | F51: 24.06.2010 | G51: 534 | H51: 15924
A52: 17. | C52: 16.07.10 | D52: № Тк0196 | E52: 3485 | F52: 29.06.2010 | G52: 544 | H52: 990
A53: 18. | C53: 16.07.10 | D53: № Тк0196 | E53: 4550 | F53: 09.08.2010. | G53: 722 | H53: 5626
A54: 19. | C54: 30.08.10 | D54: № Тк0241 | E54: 7735 | F54: 17.09.2010 | G54: 860 | H54: 38620 | J54: =SUM(E51:E54) -> 25170 | K54: =SUM(H51:H54) -> 61160
A55: 20. | B55: ООО "ЭТМ" | C55: 10.09.10 | D55: № 2.п07.1336 | E55: 35413.81 | F55: 03.09.2010 | G55: 803 | H55: 35414
A56: 21. | B56: ООО "Техкомплектсервис" | C56: 01.10.10 | D56: № Тк0267 | E56: 24225 | F56: 11.10.2010 | G56: 929 | H56: 24225
A57: 22. | C57: 15.10.10 | D57: № Тк0285 | E57: 47687 | F57: 18.10.2010 | G57: 947 | H57: 47687
A58: 23. | C58: 20.10.10 | D58: № Тк0292 | E58: 5740 | F58: 10.11.2010 | G58: 994 | H58: 13340
A59: 24. | C59: 03.11.10 | D59: № 00000309 | E59: 5500 | J59: =SUM(E58:E59) -> 11240
A60: 25. | C60: 13.11.10 | D60: № 00000322 | E60: 7600
A61: 26. | C61: 13.11.10 | D61: № 00000323 | E61: 3250 | F61: 12.11.2010 | G61: 1026 | H61: 3250
A62: 27. | C62: 27.12.10 | D62: № Тк0363 | E62: 21291
A75: Итого | E75: =SUM(E36:E74) -> 432350.04 | H75: =SUM(H36:H74) -> 467774.38
A76: По цеху 2496 ПСХ
A77: Затраты на электротехнические материалы по участку ПСХ в расчет тарифов на 2011 г. взяты | J77: =H26/1.18/9*12/1000 -> 767.54338
A78: с Кинд.к 2010г. 1,079 пропорционально полезному отпуску:
B79: ПСХ | D79: кВтч | E79: доля
C80: На передачу потребителям всего : | D80: =SUM(D82:D83) -> 588.058 | E80: =D80/$D$85*100 -> 22.232329 | J80: ='П1.30 - 07.06.11г.'!C76 -> 6486.583 | S80: =D83/$D$24*100 -> #DIV/0!
C81: в т.ч.
C82: ЗАО ССК | D82: ='П1.30 - 07.06.11г.'!$C$28 -> 531.558
C83: конечные потребители | D83: =16.5+40 -> 56.5
B84: Собственное потребление | D84: ='2012 Баланс '!D10+'2012 Баланс '!E10+'2012 Баланс '!F10 -> 2057 | E84: =D84/$D$85*100 -> 77.767671 | I84: =825+807 -> 1632 | J84: ='2012 Баланс '!C69 -> 0 | S84: =D84/$D$24*100 -> #DIV/0!
B85: Итого | D85: =D80+D84 -> 2645.058 | E85: =SUM(E80:E84) -> 100 | J85: =SUM(J80:J84) -> 6486.583 | S85: =D85/$D$24*100 -> #DIV/0!
A86: Затраты на электротехнические материалы в расчет тарифа на 2011 г. по участку ПСХ на передачу сторонним | J86: =H27/1.18/9*12/1000 -> 0
A87: потребителям составят: | E87: 432 350,04 /1,18 /1000 х 1,079 х22,23%= | F87: =$E$75/1000/1.18*1.079*$E$80/100 -> 87.894137 | G87: тыс.руб. без НДС
A88: На 2012 г. затраты по статье "вспомогательные материалы" по участку ПСХ проиндексированы на Кинд.к 2011г. = 1,06
B89: и составят = 87,9 х 1,06 = | C89: =$F$87*1.06 -> 93.167785 | D89: тыс.руб. без НДС
A91: Итого затраты по статье "вспомогательные материалы" на передачу сторонним потребителям
A92: ФГУП «ГНПРКЦ «ЦСКБ-Прогресс» составляют:
D93: 2011 г. = 621,1 тыс.руб. + 87, 9 тыс.руб. = | E93: =D29+F87 -> 709.02862 | F93: тыс.руб.
D94: 2012 г. = 670,2 тыс.руб. + 93,2 тыс.руб. = | E94: =C31+C89 -> 763.37189 | F94: тыс.руб.
A95: Исполнитель
A96: Харитонова Л. С.

Sheet Реестр вспомог.мат.2011 ПСХ
A1: Реестр документов, подтверждающих поступление электротехнических материалов на обслуживание и ремонт оборудования участка электроснабжения потребителей ФГУП «ГНПРКЦ «ЦСКБ-Прогресс» за 1 полугодие 2011 г.
G2: на передачу сторонним потребителям
A3: № | B3: Поставщик | C3: Дата | D3: Счет-фактура | E3: Сумма, руб. с НДС | F3: Дата | G3: Платежное поручение | H3: Сумма, руб. с НДС
A4: Цех 2496 (подсобное хозяйство)
A5: 1 полугодие 2011 г.
A6: 1. | B6: ООО "Торговый дом техноград" | F6: 10.06.2011 | G6: 256 | H6: 5952
A7: 2. | B7: ООО "Техкомплектсервис" | C7: 11.01.11 | D7: № Тк0001 | E7: 5697 | F7: 25.03.2011 | G7: 112 | H7: 2490
A8: 3. | F8: 31.05.2011 | G8: 235 | H8: 5658.1
A9: 4. | F9: 15.06.2011 | G9: 262 | H9: 5522.4
A10: 5. | F10: 17.06.2011 | G10: 287 | H10: 8968
A11: 6. | F11: 24.06.2011 | G11: 302 | H11: 18874.1
A12: 7.
A13: 8.
A14: 9.
A15: 10.
A16: 11.
A17: 12.
A18: 13.
A19: 16.
A20: 17. | B20: ООО "Техкомплектсервис"
A21: 18.
A22: 19.
A23: 20.
A24: 21. | B24: ООО "ЭТМ"
A25: 22. | B25: ООО "Техкомплектсервис"
A26: 23.
A27: 24.
A28: 25.
A29: 26.
A30: 27.
A31: 28.
A44: Итого | E44: =SUM(E7:E43) -> 5697 | H44: =SUM(H7:H43) -> 41512.6
A47: Исполнитель
A48: Харитонова Л. С.

Sheet Работы и услуги 2011г.
A1: Работы и услуги производственного характера
A2: по участку электроснабжения ФГУП «ГНПРКЦ «ЦСКБ-Прогресс» 2011 г.
D3: на передачу сторонним потребителям | E3: без НДС
A4: № | B4: Наименование работ и услуг | C4: Исполнитель | D4: Обосновывающий документ | E4: 2011 г.
E5: тыс.руб.
A6: Услуги сторонних организаций
A7: 1 | I7: =(71.4+71+40+30)/1.18 -> 180
F9: =SUM(E7:E9) -> 0
A10: 1 | B10: ='РСЭО 2012г.'!B25 -> Ежегодное медицинское освидетельствование электротехнического персонала | E10: =273*1.079-158.9 -> 135.667
A11: 2 | B11: Расходы на стандарты раскрытия информации организации, осуществляющей регулируемые виды деятельности (публикация в газете Волжская коммуна бухгалтерской отчетности) | E11: 30
A12: 3 | B12: Обучение (повышение квалификации по направлению «Электроэнергетика» , проведение предэкзаменационной подготовки электротехнического персонала ) | C12: НОУ «ЦДО «Промэнерго- безопасность» | D12: Счета на оплату от 20.05.2013 г., от 24.06.2013 г.,от 15.11.2013 г. | E12: =1.7+3.4+1.7 -> 6.8 | F12: =8+5.1+1.7+35.7+1.7 -> 52.2 | G12: по плат.
A13: 4 | B13: Экспертиза технологических потерь электрической энергии | C13: ООО "СамараЭСКО" | D13: Дог. № 95/11 от 25.01.2011 г. | E13: =59-9 -> 50
A14: 5 | B14: Организация информационного взаимодействия с органом исполнительной власти субъекта РФ в области государственного регулирования тарифов в рамках функционирования ЕАИС ФСТ | D14: Дог. № 21/11 от 14.01.2011 г. | E14: =17-2.59321 -> 14.40679
A15: 6 | B15: Расчет НВВ на 2012 г., обеспечивающей компенсацию экономически обоснованных расходов на осуществление деятельности по передаче электрической энергии | C15: ООО "СамараЭСКО" | D15: Дог. № 94/11 от 25.01.2011 г. | E15: =70-10.67796 -> 59.32204
B16: Итого услуги | E16: =SUM(E7:E15) -> 296.19583
B17: Итого ремонт п.1 | E17: =SUM(E7:E9) -> 0
A18: Вспомогательные материалы при выполнении работ по ремонту и техническому обслуживанию
A19: 4 | B19: Электротехнические материалы | C19: хоз.способ | D19: счета-фактуры, платежные поручения), расшифровка материальных затрат за 9мес.10 г. (стр.___ дела) | E19: ='Реестр всп.мат.2010 пром.+ПСХ'!E93 -> 709.02862
B20: Итого вспомогательные материалы | E20: =E19 -> 709.02862
B21: ИТОГО | E21: =E16+E20 -> 1005.2244
A24: Примечание:
A25: Затраты по п.1 и п.3 рассчитаны на численность ППП по участку передачи эл.энергии сторонним потребителям - 15 чел.
A27: Исполнитель
A28: Харитонова Л. С.

Sheet РСЭО 2012г.
A1: Расходы по содержанию и эксплуатации оборудования
A2: по участку электроснабжения ФГУП «ГНПРКЦ «ЦСКБ-Прогресс» на 2012 г.
A4: уточненные электротехнические материалы - с учетом участка ПСХ (п.7)
D5: на передачу сторонним потребителям | E5: без НДС
A6: № | B6: Наименование | C6: Исполнитель | D6: Обосновывающий документ | E6: 2012 г.
E7: тыс.руб.
A8: Услуги сторонних организаций
A9: 1. | B9: Ремонтно-строительные работы на ТП | C9: хоз.способ (строительное подразделение) | D9: 2011г. с Кинд.на 2012г.=1,06 | E9: =E10+E18 -> 0
A10: 1.1. | B10: ТП-212 | E10: =SUM(E12:E17) -> 0
B11: материалы на ремонт + зарплата рабочих строительного подразделения
A12: 1.1.1. | B12: Ремонт крыши 42 кв.м
A13: 1.1.2. | B13: Замена 3-х дверей на металлические
A14: 1.1.3. | B14: Ремонт пола 42,0 кв.м
A15: 1.1.4. | B15: Ремонт стен внутри подстанции 138 кв.м
A16: 1.1.5. | B16: Приобретение и монтаж ячеек КРУ-2-10 в кол-ве 6 шт.
A17: 1.1.6. | B17: Обустройство вентиляции
A18: 1.2. | B18: ТП-3 | E18: =SUM(E20:E22) -> 0
B19: материалы на ремонт + зарплата рабочих строительного подразделения
A20: 1.2.1. | B20: Ремонт пола (бетонирование) 40 кв.м
A21: 1.2.2. | B21: Покраска дверей - 4 шт.
A22: 1.2.3. | B22: Приобретение и монтаж ячеек КРУ-2-10
A23: 2. | B23: Проверка сопротивления изоляции кабельных сетей | C23: сторонние организации
A24: 1 | B24: Обучение специалистов правилам и нормам безопасной эксплуатации электроустановок | E24: ='Работы и услуги 2011г.'!E12*1.06 -> 7.208
A25: 2 | B25: Ежегодное медицинское освидетельствование электротехнического персонала | E25: ='Работы и услуги 2011г.'!E10*1.06 -> 143.80702 | H25: =SUM(E23:E25)+E9 -> 151.01502
A26: 5. | B26: Приобретение и монтаж резервного трансформатора ТМ-250 6/0,4 на ТП-203 | I26: =(71.4+71+40+30)/1.18 -> 180
A27: 6. | B27: Ремонт и обслуживание злектрических сетей (90,0тыс.руб.)
A28: 3 | B28: Экспертиза технологических потерь электрической энергии, расчет и обоснование тарифов на услуги по передаче электроэнергии , ЕИАС | C28: ООО "СамараЭСКО" | E28: ='Работы и услуги 2011г.'!E13+'Работы и услуги 2011г.'!E14+'Работы и услуги 2011г.'!E15 -> 123.72883
A29: 4 | B29: Расходы на стандарты раскрытия информации организации, осуществляющей регулируемые виды деятельности (публикация в газете Волжская коммуна бухгалтерской отчетности) | C29: сторонняя организация | D29: Постановление правительства РФ от 30.12.2009г. № 1140 | E29: ='Работы и услуги 2011г.'!E11 -> 30
B30: Итого услуги | E30: =SUM(E23:E29)+E9 -> 304.74385
B31: Итого ремонт п.1 | E31: =E9+E27 -> 0
A32: Вспомогательные материалы
A33: 5 | B33: Обеспечение огнетушителями, средствами электрозащиты, медицинскими аптечками и т.д. (противоаварийные и противопожарные мероприятия) | C33: сторонние организации | E33: =8+4.5+7.5+12 -> 32
A34: 6 | B34: Расходы на приобретение спецодежды | E34: =ROUND((50.2958970767035),1) -> 50.3 | H34: 50.295897
A35: 7 | B35: Расходы на приобретение инструмента и инвентаря электрохозяйственного назначения (бокорезы, отвертки, пассатижы, круглогубцы, вольтметры)
A36: 8 | B36: Расходы на трансформаторное масло | G36: =SUM(E33:E37) -> 82.3
A37: 9 | B37: Вспомогательные материалы для проведения профилактических работ на ТП
A38: 7 | B38: Электротехнические материалы (ремонт и обслуживание злектрических сетей и ТП) | C38: хоз.способ | D38: по факту 2010 г. с учетом Кинд.к 2011г.= 1,079 и Кинд.к 2012г.=1,06 | E38: ='Реестр всп.мат.2010 пром.+ПСХ'!E94 -> 763.37189 | H38: =710.2-'Реестр всп.мат.2010 пром.+ПСХ'!C89 -> 617.03222
B39: Итого вспомогательные материалы | E39: =SUM(E33:E38) -> 845.67189
B40: ИТОГО | E40: =E30+E39 -> 1150.4157 | G40: =1115-90+E38 -> 1788.3719 | H40: 1087.2642 | I40: ='[14]РСЭО 2012г.'!$E$38+'Реестр всп.мат.2010 пром.+ПСХ'!C89 -> 1180.5156
I41: =E40-H40 -> 63.151539
D42: На 2012 г. затраты по статье "электротехнические материалы" проиндексированы на Кинд.к 2010г. = 1,079 И к =1,06 | I42: ='Реестр всп.мат.2010 пром.+ПСХ'!J77*1.07 -> 821.27142
B43: и составят (тыс.руб. ) = 393,7 тыс.руб. х 1,079 = | D43: ='Реестр всп.мат.2010 пром.+ПСХ'!F87*1.079*1.06 -> 100.52804
A44: Примечание:
A45: Затраты по п.6 "Расходы на приобретение спецодежды" рассчитаны на численность ППП по участку передачи эл.энергии
A46: сторонним потребителям - 16 чел.
A63: Исполнитель
A64: Харитонова Л. С.

Sheet Распред.приб. на соц.разв.2011
A1: Прибыль на социальное развитие, оздоровление и отдых
A2: по участку передачи электрической энергии
A3: ФГУП «ГНПРКЦ «ЦСКБ-Прогресс»
A6: № | B6: Статьи затрат | C6: План 2011 г., тыс. руб
A9: 1 | B9: Расходы социального характера - выплаты и льготы работникам (премии к праздничным датами, поощрения к юбилеям, прочие премии из прибыли) | C9: =5*5 -> 25
A10: 2 | B10: Материальная помощь (к отпуску, по заявлениям и т.д.) | C10: =5*5 -> 25
A11: 3 | B11: Лечение и оздоровление работников и членов семей работников | C11: =2*20 -> 40
A12: 4 | B12: Организация культмассовых мероприятий (приобретение детских новогодних подарков, проведение праздников и др.) | C12: =2*1+3*5 -> 17
A13: 5
B14: Итого | C14: =SUM(C9:C13) -> 107
E16: 2009г. | G16: 9 мес.2010 г. | H16: 2010 г.
E17: =552.6 -> 552.6 | F17: т.р. | G17: 320
E18: =E17/242 -> 2.2834711 | F18: на 1-ого раб. | G18: =320/227 -> 1.4096916 | H18: =G18/9*12 -> 1.8795888
A20: Первый зам. генерального директора -
A21: главный инженер | C21: С. В. Тюлевин
A26: Главный бухгалтер | C26: Дедюрина Н.В.

Sheet П 1.17 цех.
D1: Таблица N П1.17
A3: Расчет амортизационных отчислений
A4: на восстановление основных производственных фондов
A5: общецехового назначения энергохозяйства ФГУП «ГНПРКЦ «ЦСКБ-Прогресс»
D7: тыс. руб.
A8: п/п | B8: Показатели | C8: Базовый период | D8: Период регулирования
A9: 1. | B9: Первоначальная стоимость основных производственных фондов на начало периода регулирования
A10: 2. | B10: Балансовая (остаточная) стоимость основных производственных фондов на начало периода регулирования
A11: 3. | B11: Ввод основных производственных фондов
A12: 4. | B12: Выбытие основных производственных фондов
A13: 5. | B13: Средняя за отчетный период стоимость основных производственных фондов
A14: 6. | B14: Средняя норма амортизации
A15: 7. | B15: Сумма амортизационных отчислений | C15: ='Амортизация цех10г. - 11г.'!K7*'Амортизация цех10г. - 11г.'!I13/1000 -> 0 | D15: =C15 -> 0
A18: Первый зам. генерального директора -
A19: главный инженер | D19: С. В. Тюлевин
B43: Исполнитель
B44: Харитонова Л. С.

Sheet Амортизация цех10г. - 11г.
A1: Расчет амортизационных отчислений
A2: общецехового назначения энергохозяйства ОАО «1253 ЦРБРЛВ»
A3: 2010 г. - 2011 г.
H4: скрыть | L4: руб.
A5: Наименование | B5: Инв. № | C5: г.вв. | D5: Балансовая стоимость | E5: Остаточная стоимость на 01.01.10г. | F5: Ввод октябрь 2010 г. | G5: Амортиза- ция за январь 2010г. | H5: Остаточная стоимость на 01.11.10г. | I5: Амортиза- ция за 2010год, руб. | J5: Остаточная стоимость на 01.01.11г. | K5: Амортиза- ция за 2011год, руб. | L5: Остаточная стоимость на 01.01.12г. | M5: Норма аморти- зации 2011г., %
A6: Здание № 20 (энергомеханический участок) | B6: 100020 | C6: 1957 | H6: =E6-G6*10 -> 0 | I6: =G6*12 -> 0 | J6: =E6+F6-I6 -> 0 | K6: =I6 -> 0 | L6: =J6-K6 -> 0 | M6: =K6/D6*100 -> #DIV/0!
A7: Итого | D7: =D6 -> 0 | E7: =E6 -> 0 | F7: =F6 -> 0 | G7: =G6 -> 0 | H7: =H6 -> 0 | I7: =I6 -> 0 | J7: =J6 -> 0 | K7: =K6 -> 0 | ... M7: =M6 -> #DIV/0!
A9: Амортизация общецехового назначения энергохозяйства распределена на участок передачи электроэнергии пропорционально основной зарплате рабочих службы ЭМО.
A10: Согласно предоставленному штатному расписанию службы энергомеханического обеспечения
A11: тарифная ставка (оклад) в месяц производственных рабочих участка энергоснабжения (4 чел.) - 30 070,00 руб.,
A12: тарифная ставка (оклад) в месяц всех рабочих службы ЭМО (15,5 чел.) - 98 604,60 руб.
G13: Доля на участок передачи электроэнергии составит Д = 30 070,00 руб. / 98 604,60 тыс.руб. = | I13: =30070/98604.6 -> 0.30495535
A14: Амортизационные отчисления общецехового назначения энергохозяйства ОАО «1253 ЦРБРЛВ» на участок электроснабжения составят - | L14: =K7/1000*I13 -> 0 | N14: тыс.руб.
A15: (7 078,20 руб. / 1000 х 30,50% = 2,2 тыс.руб.)
A17: Исполнитель
A18: Харитонова Л. С.

Sheet П 1.17 ОХР
D1: Таблица N П1.17
A3: Расчет амортизационных отчислений
A4: на восстановление основных производственных фондов
A5: общезаводского назначения ФГУП «ГНПРКЦ «ЦСКБ-Прогресс»
D7: тыс. руб.
A8: п/п | B8: Показатели | C8: Базовый период | D8: Период регулирования
A9: 1. | B9: Первоначальная стоимость основных производственных фондов на начало периода регулирования
A10: 2. | B10: Балансовая (остаточная) стоимость основных производственных фондов на начало периода регулирования
A11: 3. | B11: Ввод основных производственных фондов
A12: 4. | B12: Выбытие основных производственных фондов
A13: 5. | B13: Средняя за отчетный период стоимость основных производственных фондов
A14: 6. | B14: Средняя норма амортизации
A15: 7. | B15: Сумма амортизационных отчислений | C15: =#REF! -> #REF! | D15: =#REF! -> #REF!
A22: Первый зам. генерального директора -
A23: главный инженер | D23: С. В. Тюлевин
B45: Исполнитель
B46: Харитонова Л. С.

Sheet 1 И 2 ПОЛУГОДИЕ 2012
A1: Единые (котловые) тарифы на услуги по передаче | I1: платит Самараэнерго по одноставочным
A2: электрической энергии по сетям Самарской области
L3: по договорам 2012 г. (Самараэнерго - одноставочный)
A4: 2009 г.
A5: Уровень напря- жения | B5: 2-х ставочный | F5: одноставочный | H5: часов в год
B6: Ставка за содержание электрических сетей | C6: Индекс роста к пред. году | D6: Ставка за оплату потерь электрической энергии в сетях | E6: Индекс роста к пред. году | F6: Тариф на услуги по передаче электрической энергии | G6: Индекс роста к пред. году
B7: ТСОД | C7: % | D7: ТПОТ | E7: % | G7: % | H7: чччи
B8: руб./МВт.мес. | D8: руб./МВт.ч. | F8: руб./МВт.ч. | H8: час.
A9: ВН | B9: 124404 | D9: 228.06 | F9: 433 | H9: =(B9*12/(F9-D9)) -> 7284.3174
A10: СН1 | B10: 166069 | D10: 749.32 | F10: 1022.95 | H10: =(B10*12/(F10-D10)) -> 7282.9295
A11: СН2 | B11: 417747 | D11: 810.58 | F11: 1498.78 | H11: =(B11*12/(F11-D11)) -> 7284.1674
A12: НН | B12: 481133 | D12: 1074.45 | F12: 1903 | H12: =(B12*12/(F12-D12)) -> 6968.3133
A13: Население | H13: =(B13*12/(F13-D13)) -> #DIV/0!
A15: 2010 г.
A16: Уровень напря- жения | B16: 2-х ставочный | F16: одноставочный | H16: часов в год
B17: Ставка за содержание электрических сетей | C17: Индекс роста к пред. году | D17: Ставка за оплату потерь электрической энергии в сетях | E17: Индекс роста к пред. году | F17: Тариф на услуги по передаче электрической энергии | G17: Индекс роста к пред. году
B18: ТСОД | C18: % | D18: ТПОТ | E18: % | G18: % | H18: чччи
B19: руб./МВт.мес. | D19: руб./МВт.ч. | F19: руб./МВт.ч. | H19: час.
A20: ВН | B20: 300621.82 | C20: =B20/B9-1 -> 1.4164964 | D20: 176.8 | E20: =D20/D9-1 -> -0.22476541 | F20: 592.41 | G20: =F20/F9-1 -> 0.36815242 | H20: =(B20*12/(F20-D20)) -> 8679.9207
A21: СН1 | B21: 490793.23 | C21: =B21/B10-1 -> 1.9553573 | D21: 180 | E21: =D21/D10-1 -> -0.7597822 | F21: 969.48 | G21: =F21/F10-1 -> -0.052270394 | H21: =(B21*12/(F21-D21)) -> 7459.9974
A22: СН2 | B22: 680321 | C22: =B22/B11-1 -> 0.6285479 | D22: 210 | E22: =D22/D11-1 -> -0.74092625 | F22: 1441.35 | G22: =F22/F11-1 -> -0.038317832 | H22: =(B22*12/(F22-D22)) -> 6630.0012
A23: НН | B23: 851305.82 | C23: =B23/B12-1 -> 0.76937732 | D23: 432 | E23: =D23/D12-1 -> -0.59793383 | F23: 2296.17 | G23: =F23/F12-1 -> 0.20660536 | H23: =(B23*12/(F23-D23)) -> 5480.0098
A24: Население | B24: 116581.82 | D24: 162.7 | F24: 380.24 | H24: =(B24*12/(F24-D24)) -> 6430.9177
F25: на 2011г. изм. пр.27 от 28.04.11
A26: 2011 г. | J26: с 01.01.2011
A27: Уровень напря- жения | B27: 2-х ставочный | F27: одноставочный | H27: часов в год
B28: Ставка за содержание электрических сетей | C28: Индекс роста к пред. году | D28: Ставка за оплату потерь электрической энергии в сетях | E28: Индекс роста к пред. году | F28: Тариф на услуги по передаче электрической энергии | G28: Индекс роста к пред. году | J28: 2011 г. к 2009 г. (за два года)
B29: ТСОД | C29: % | D29: ТПОТ | E29: % | G29: % | H29: ччим | J29: двухстав. | L29: одностав.
B30: руб./МВт.мес. | D30: руб./МВт.ч. | F30: руб./МВт.ч. | H30: час. | J30: содерж. | K30: опл.пот.
A31: ВН | B31: 364484.63 | C31: =B31/B20-1 -> 0.21243571 | D31: 151.36 | E31: =D31/D20-1 -> -0.1438914 | F31: 671 | G31: =F31/F20-1 -> 0.1326615 | H31: =(B31*12/(F31-D31)) -> 8417.0109 | J31: =B31/B9-1 -> 1.9298465 | K31: =D31/D9-1 -> -0.336315 | L31: =F31/F9-1 -> 0.54965358 | N31: 0.21461488
A32: СН1 | B32: 684381.17 | C32: =B32/B21-1 -> 0.3944389 | D32: 162.12 | E32: =D32/D21-1 -> -0.099333333 | F32: 1153.65 | G32: =F32/F21-1 -> 0.18996782 | H32: =(B32*12/(F32-D32)) -> 8282.7288 | J32: =B32/B10-1 -> 3.1210652 | K32: =D32/D10-1 -> -0.78364384 | L32: =F32/F10-1 -> 0.12776773 | N32: 0.2451211
A33: СН2 | B33: 942948.34 | C33: =B33/B22-1 -> 0.38603445 | J33: =B33/B11-1 -> 1.2572235 | K33: =D33/D11-1 -> -1 | L33: =F33/F11-1 -> -1 | N33: 0.35747736
A34: НН | B34: 1640145.1 | C34: =B34/B23-1 -> 0.9266227 | D34: 472.06 | E34: =D34/D23-1 -> 0.092731481 | F34: 2747.68 | G34: =F34/F23-1 -> 0.19663614 | H34: =(B34*12/(F34-D34)) -> 8648.9578 | J34: =B34/B12-1 -> 2.4089225 | K34: =D34/D12-1 -> -0.56064963 | L34: =F34/F12-1 -> 0.44386758 | N34: 0.32037262
A35: Население | B35: 133702.84 | C35: =B35/B24-1 -> 0.1468584 | D35: 150 | E35: =D35/D24-1 -> -0.078057775 | F35: 437.28 | G35: =F35/F24-1 -> 0.15001052 | H35: =(B35*12/(F35-D35)) -> 5584.914 | N35: -0.38102251
A37: 2012 г.
A38: Уровень напря- жения | B38: 2-х ставочный | F38: одноставочный | H38: часов в год
B39: Ставка за содержание электрических сетей | C39: Индекс роста к пред. году | D39: Ставка за оплату потерь электрической энергии в сетях | E39: Индекс роста к пред. году | F39: Тариф на услуги по передаче электрической энергии | G39: Индекс роста к пред. году
B40: ТСОД | C40: % | D40: ТПОТ | E40: % | H40: ччим
B41: руб./МВт.мес. | D41: руб./МВт.ч. | F41: руб./МВт.ч. | G41: % | H41: час.
A42: ВН | B42: 427956.36 | C42: =B42/B31-1 -> 0.17414103 | D42: 179.28 | E42: =D42/D31-1 -> 0.18446089 | F42: 789.41 | G42: =F42/F31-1 -> 0.17646796 | H42: =(B42*12/(F42-D42)) -> 8417.0198
A43: СН1 | B43: 781756.21 | C43: =B43/B32-1 -> 0.14228188 | D43: 191.71 | E43: =D43/D32-1 -> 0.18251912 | F43: 1324.32 | G43: =F43/F32-1 -> 0.14793915 | H43: =(B43*12/(F43-D43)) -> 8282.705
A44: СН2 | B44: 1110334.7 | C44: =B44/B33-1 -> 0.17751384 | D44: 469.5 | E44: =D44/D33-1 -> #DIV/0! | F44: 2146.56 | G44: =F44/F33-1 -> #DIV/0! | H44: =(B44*12/(F44-D44)) -> 7944.8658
A45: НН | B45: 2019526.5 | C45: =B45/B34-1 -> 0.23130963 | D45: 535.8 | E45: =D45/D34-1 -> 0.13502521 | F45: 3325.91 | G45: =F45/F34-1 -> 0.21044299 | H45: =(B45*12/(F45-D45)) -> 8685.7929
A46: Население | B46: 22308.96 | C46: =B46/B35-1 -> -0.8331452 | D46: 210.289 | E46: =D46/D35-1 -> 0.40192667 | F46: 258.21 | G46: =F46/F35-1 -> -0.40950878 | H46: =(B46*12/(F46-D46)) -> 5586.4343
A48: 1 полугодие 2012 г.
A49: Уровень напря- жения | B49: 2-х ставочный | F49: одноставочный | H49: часов в 1 полугодии
B50: Ставка за содержание электрических сетей | C50: Индекс роста к пред. году | D50: Ставка за оплату потерь электрической энергии в сетях | E50: Индекс роста к пред. году | F50: Тариф на услуги по передаче электрической энергии | G50: Индекс роста к пред. году
B51: ТСОД | C51: % | D51: ТПОТ | E51: % | G51: % | H51: ччим
B52: руб./МВт.мес. | D52: руб./МВт.ч. | F52: руб./МВт.ч. | H52: час.
A53: ВН | B53: 364484.63 | C53: =B53/B31-1 -> 0 | D53: 151.36 | E53: =D53/D31-1 -> 0 | F53: 671 | G53: =F53/F31-1 -> 0 | H53: =(B53*6/(F53-D53)) -> 4208.5055
A54: СН1 | B54: 684381.17 | C54: =B54/B32-1 -> 0 | D54: 162.12 | E54: =D54/D32-1 -> 0 | F54: 1153.65 | G54: =F54/F32-1 -> 0 | H54: =(B54*6/(F54-D54)) -> 4141.3644
A55: СН2 | B55: 942948.34 | C55: =B55/B33-1 -> 0 | D55: 414.16 | E55: =D55/D33-1 -> #DIV/0! | F55: 1847.1 | G55: =F55/F33-1 -> #DIV/0! | H55: =(B55*6/(F55-D55)) -> 3948.3091
A56: НН | B56: 1640145.1 | C56: =B56/B34-1 -> 0 | D56: 472.06 | E56: =D56/D34-1 -> 0 | F56: 2747.68 | G56: =F56/F34-1 -> 0 | H56: =(B56*6/(F56-D56)) -> 4324.4789
A57: Население | F57: 437.28 | G57: =F57/F35-1 -> 0
A59: 2 полугодие 2012 г.
A60: Уровень напря- жения | B60: 2-х ставочный | F60: одноставочный | H60: часов во 2 полугодии | I60: часов в год
B61: Ставка за содержание электрических сетей | C61: Индекс роста к пред. году | D61: Ставка за оплату потерь электрической энергии в сетях | E61: Индекс роста к пред. году | F61: Тариф на услуги по передаче электрической энергии | G61: Индекс роста к пред. году
B62: ТСОД | C62: % | D62: ТПОТ | E62: % | G62: % | H62: ччим | I62: ччим
B63: руб./МВт.мес. | D63: руб./МВт.ч. | F63: руб./МВт.ч. | H63: час. | I63: час.
A64: ВН | B64: 397387.35 | C64: =B64/B53-1 -> 0.0902719 | D64: 158.29 | E64: =D64/D53-1 -> 0.045784884 | F64: 690.41 | G64: =F64/F53-1 -> 0.028926975 | H64: =(B64*6/(F64-D64)) -> 4480.8015 | I64: =H53+H64 -> 8689.307
A65: СН1 | B65: 740597.33 | C65: =B65/B54-1 -> 0.082141594 | D65: 168.14 | E65: =D65/D54-1 -> 0.037132988 | F65: 1174.03 | G65: =F65/F54-1 -> 0.01766567 | H65: =(B65*6/(F65-D65)) -> 4417.5645 | I65: =H54+H65 -> 8558.9289
A66: СН2 | B66: 1021368.4 | C66: =B66/B55-1 -> 0.0831648 | D66: 432.48 | E66: =D66/D55-1 -> 0.044234112 | F66: 1817.25 | G66: =F66/F55-1 -> -0.016160468 | H66: =(B66*6/(F66-D66)) -> 4425.4358 | I66: =H55+H66 -> 8373.7449
A67: НН | B67: 1766107.6 | C67: =B67/B56-1 -> 0.076799607 | D67: 495.34 | E67: =D67/D56-1 -> 0.049315765 | F67: 2688.41 | G67: =F67/F56-1 -> -0.021570925 | H67: =(B67*6/(F67-D67)) -> 4831.8776 | I67: =H56+H67 -> 9156.3565
A68: Население | F68: 422.2 | G68: =F68/F57-1 -> -0.034485913
A70: 1 полугодие 2013 г.
A71: Уровень напря- жения | B71: 2-х ставочный | F71: одноставочный | H71: часов в 1 полугодии
B72: Ставка за содержание электрических сетей | C72: Индекс роста к пред. году | D72: Ставка за оплату потерь электрической энергии в сетях | E72: Индекс роста к пред. году | F72: Тариф на услуги по передаче электрической энергии | G72: Индекс роста к пред. году
B73: ТСОД | C73: % | D73: ТПОТ | E73: % | H73: ччим
B74: руб./МВт.мес. | D74: руб./МВт.ч. | F74: руб./МВт.ч. | G74: % | H74: час.
A75: ВН | B75: 397387.35 | C75: =B75/B64-1 -> 0 | D75: 158.29 | E75: =D75/D64-1 -> 0 | F75: 690.41 | G75: =F75/F64-1 -> 0 | H75: =(B75*6/(F75-D75)) -> 4480.8015
A76: СН1 | B76: 740597.33 | C76: =B76/B65-1 -> 0 | D76: 168.14 | E76: =D76/D65-1 -> 0 | F76: 1174.03 | G76: =F76/F65-1 -> 0 | H76: =(B76*6/(F76-D76)) -> 4417.5645
A77: СН2 | B77: 1021368.4 | C77: =B77/B66-1 -> 0 | D77: 432.48 | E77: =D77/D66-1 -> 0 | F77: 1817.25 | G77: =F77/F66-1 -> 0 | H77: =(B77*6/(F77-D77)) -> 4425.4358
A78: НН | B78: 1766107.6 | C78: =B78/B67-1 -> 0 | D78: 495.34 | E78: =D78/D67-1 -> 0 | F78: 2688.41 | G78: =F78/F67-1 -> 0 | H78: =(B78*6/(F78-D78)) -> 4831.8776
A79: Население | F79: 422.2 | G79: =F79/F68-1 -> 0
A81: 2 полугодие 2013 г.
A82: Уровень напря- жения | B82: 2-х ставочный | F82: одноставочный | H82: часов во 2 полугодии | I82: часов в год
B83: Ставка за содержание электрических сетей | C83: Индекс роста к пред. году | D83: Ставка за оплату потерь электрической энергии в сетях | E83: Индекс роста к пред. году | F83: Тариф на услуги по передаче электрической энергии | G83: Индекс роста к пред. году
B84: ТСОД | C84: % | D84: ТПОТ | E84: % | H84: ччим | I84: ччим
B85: руб./МВт.мес. | D85: руб./МВт.ч. | F85: руб./МВт.ч. | G85: % | H85: час. | I85: час.
A86: ВН | B86: 448807.96 | C86: =B86/B75-1 -> 0.1293967 | D86: 182.92 | E86: =D86/D75-1 -> 0.15560048 | F86: 779.62 | G86: =F86/F75-1 -> 0.12921308 | H86: =(B86*6/(F86-D86)) -> 4512.9006 | I86: =H75+H86 -> 8993.7021
A87: СН1 | B87: 815684.34 | C87: =B87/B76-1 -> 0.10138709 | D87: 173.48 | E87: =D87/D76-1 -> 0.031759248 | F87: 1325.68 | G87: =F87/F76-1 -> 0.12917046 | H87: =(B87*6/(F87-D87)) -> 4247.6185 | I87: =H76+H87 -> 8665.183
A88: СН2 | B88: 1123518.3 | C88: =B88/B77-1 -> 0.10001276 | D88: 480.74 | E88: =D88/D77-1 -> 0.11158898 | F88: 2041.19 | G88: =F88/F77-1 -> 0.12323016 | H88: =(B88*6/(F88-D88)) -> 4319.9782 | I88: =H77+H88 -> 8745.414
A89: НН | B89: 1832396 | C89: =B89/B78-1 -> 0.03753359 | D89: 509.65 | E89: =D89/D78-1 -> 0.028889248 | F89: 3019.54 | G89: =F89/F78-1 -> 0.12316946 | H89: =(B89*6/(F89-D89)) -> 4380.4214 | I89: =H78+H89 -> 9212.299
A90: Население | F90: 632.74 | G90: =F90/F79-1 -> 0.49867361
A92: 2014 г. | I92: исправить
A93: Уровень напря- жения | B93: 2-х ставочный | F93: одноставочный | H93: часов в год
B94: Ставка за содержание электрических сетей | C94: Индекс роста к пред. году | D94: Ставка за оплату потерь электрической энергии в сетях | E94: Индекс роста к пред. году | F94: Тариф на услуги по передаче электрической энергии | G94: Индекс роста к пред. году
B95: ТСОД | C95: % | D95: ТПОТ | E95: % | H95: ччим
B96: руб./МВт.мес. | D96: руб./МВт.ч. | F96: руб./МВт.ч. | G96: % | H96: час.
A97: ВН | B97: 556235.52 | C97: =B97/B86-1 -> 0.23936198 | D97: 233.02 | E97: =D97/D75-1 -> 0.47210816 | F97: 1026.03 | G97: =F97/F75-1 -> 0.48611695 | H97: =(B97*12/(F97-D97)) -> 8417.077
A98: СН1 | B98: 1016086.2 | C98: =B98/B76-1 -> 0.37198203 | D98: 249.17 | E98: =D98/D76-1 -> 0.48191983 | F98: 1721.28 | G98: =F98/F76-1 -> 0.46612949 | H98: =(B98*12/(F98-D98)) -> 8282.6927
A99: СН2 | B99: 1443155.6 | C99: =B99/B77-1 -> 0.41296275 | D99: 600.1 | E99: =D99/D77-1 -> 0.38757862 | F99: 2789.99 | G99: =F99/F77-1 -> 0.53528133 | H99: =(B99*12/(F99-D99)) -> 7908.099
A100: НН | B100: 2624875.9 | C100: =B100/B78-1 -> 0.48624914 | D100: 684.4 | E100: =D100/D78-1 -> 0.38167723 | F100: 4322.84 | G100: =F100/F78-1 -> 0.60795414 | H100: =(B100*12/(F100-D100)) -> 8657.1473
A101: Население | B101: 28996.04 | C101: =B101/B79-1 -> #DIV/0! | D101: 273.31 | E101: =D101/D79-1 -> #DIV/0! | F101: 335.61 | G101: =F101/F79-1 -> -0.20509237 | H101: =(B101*12/(F101-D101)) -> 5585.112
A104: 1 полугодие 2015 г.
A105: Уровень напря- жения | B105: 2-х ставочный | F105: одноставочный | H105: часов в год | I105: верно
B106: Ставка за содержание электрических сетей | C106: Индекс роста к пред. году | D106: Ставка за оплату потерь электрической энергии в сетях | E106: Индекс роста к пред. году | F106: Тариф на услуги по передаче электрической энергии | G106: Индекс роста к пред. году
B107: ТСОД | C107: % | D107: ТПОТ | E107: % | H107: ччим
B108: руб./МВт.мес. | D108: руб./МВт.ч. | F108: руб./МВт.ч. | G108: % | H108: час.
A109: ВН | B109: 446315.56 | C109: =B109/B97-1 -> -0.19761406 | D109: 182.68 | E109: =D109/D97-1 -> -0.21603296 | F109: 783.69 | G109: =F109/F97-1 -> -0.23619192 | H109: =(B109*12/(F109-D109)) -> 8911.3105
...

Sheet 2012
A1: Расчет по договорам оказания услуг по передаче электрической энергии на 2012 г.
A2: ФГУП «ГНПРКЦ «ЦСКБ-Прогресс»
A3: Объемы организ.по стр-ре Самараэнерго
B4: Единые (котловые) тарифы на услуги по передаче электрической энергии на 2010 г.
B6: Уровень напряжения | D6: Ставка за содержание электрических сетей | E6: Ставка за оплату потерь электрической энергии в сетях | F6: Тариф на услуги по передаче электрической энергии
D8: ТСОД | E8: ТПОТ
D9: руб./МВт.мес. | E9: руб./МВт.ч | F9: руб./МВт.ч | G9: часов в год
B10: ВН | D10: 300621.82 | E10: 176.8 | F10: 592.41 | G10: =(D10*12/(F10-E10)) -> 8679.9207
B11: СН1 | D11: 490793.23 | E11: 180 | F11: 969.48 | G11: =(D11*12/(F11-E11)) -> 7459.9974
B12: СН2 | D12: 680321 | E12: 210 | F12: 1441.35 | G12: =(D12*12/(F12-E12)) -> 6630.0012 | H12: МРСК
B13: НН | D13: 851305.82 | E13: 432 | F13: 2296.17 | G13: =(D13*12/(F13-E13)) -> 5480.0098 | H13: =(365-53)*16 -> 4992 | I13: 16 час.в день, за "_" воскрес. | L13: 16 час.в день, за "_" воскрес.
B15: Показатели | D15: Полезный отпуск | F15: Единый (котловой) тариф | I15: Платежи за год, тыс.руб.
F16: двухставочный | H16: одно- ставочный | I16: по 2- ставочному | L16: по одностав. 2012 г.
D17: Мощность, Мвт | E17: ЭЭ, тыс.кВт.ч | F17: Ставка за содержание электрических сетей, руб./ МВт.мес. | G17: Ставка за оплату потерь электрической энергии в сетях, руб./МВт.ч | H17: по факту потребления электро- энергии, руб./МВт.ч | I17: Содержание | J17: Потери | K17: Итого | L17: Содер- жание | M17: Потери | N17: Итого
A18: 1 | B18: 2 | D18: 3 | E18: 4 | F18: 5 | G18: 6 | H18: 7 | I18: 8= ст.3 х ст.5 х 12 мес. | J18: 9= ст.4 х ст.6 | K18: 10=8+9 | L18: 11 | M18: 12 | N18: 13 | O18: потери, тыс.руб. | Q18: по дог.должно получ.
A19: I. | B19: Необходимая валовая выручка (НВВ) | I19: 2744.8 | J19: =E42*E43/1000 -> 2216.7543 | K19: =ROUND((I19+J19),1) -> 4961.6 | L19: при работе с сетевыми по одностав.тарифу | N19: =N23-N31+N36 -> 5002.0371 | O19: =$E$42*$E$43/1000 -> 2216.7543 | Q19: =N23+K36-N32-K35 -> 15947.535
B20: Тарифная выручка | I20: =I23+I36-I31 -> 3764.1667 | J20: =ROUND((J23+J36-J31),1) -> 2944.4 | K20: =ROUND((I20+J20),1) -> 6708.6 | L20: при работе по 2-х став.тарифу с ОАО "МРСК Волги" | N20: =N23-K31+N36 -> 5009.7354
B21: Строка проверки | I21: =K19-K20 -> -1747
A22: II. | B22: Платежи ОАО "Самараэнерго" в адрес ФГУП «ГНПРКЦ «ЦСКБ-Прогресс» | I22: по двухставочному тарифу | L22: по одноставочному тарифу
I23: =SUM(I25:I29) -> 11373.245 | J23: =SUM(J25:J29) -> 2756.1878 | K23: =I23+J23 -> 14129.433 | N23: =SUM(N25:N29) -> 12425.6 | O23: =N23-K23 -> -1703.8326 | P23: =N19-K20 -> -1706.5629
B24: Полезный отпуск всего | C24: чччи, час. | D24: =SUM(D25:D29) -> 1.37 | E24: =SUM(E25:E29) -> 9367.7
B25: в т.ч. ВН несетевым организациям | C25: =E25/D25 -> 7140.3509 | D25: 0.57 | E25: =2033.37+2036.63 -> 4070 | F25: 364484.63 | G25: 151.36 | H25: 671 | I25: =D25*F25*12/1000 -> 2493.0749 | J25: =E25*G25/1000 -> 616.0352 | K25: =I25+J25 -> 3109.1101 | N25: =ROUND((E25*H25/1000),1) -> 2731 | O25: ='2012г.об.под факт2010'!N23-'2012'!N23 -> 3125.2
B26: в т.ч. СН II несетевым организациям | C26: =E26/D26 -> 6689.3333 | D26: 0.75 | E26: =2506.49+2510.51 -> 5017 | F26: 942948.34 | G26: 414.16 | H26: 1847.1 | I26: =D26*F26*12/1000 -> 8486.5351 | J26: =E26*G26/1000 -> 2077.8407 | K26: =I26+J26 -> 10564.376 | N26: =ROUND((E26*H26/1000),1) -> 9266.9 | O26: др.стр-ра
B27: НН несетевым организациям | C27: =E27/D27 -> 6600 | D27: 0.02 | E27: =65.4+66.6 -> 132 | F27: 1640145.1 | G27: 472.06 | H27: 2747.68 | I27: =D27*F27*12/1000 -> 393.63483 | J27: =E27*G27/1000 -> 62.31192 | K27: =I27+J27 -> 455.94675 | N27: =ROUND((E27*H27/1000),1) -> 362.7 | Q27: 2011 год НВВ | R27: потери | S27: итого
B28: СН II несетевым организациям (НАСЕЛЕНИЕ) | C28: =E28/D28 -> #DIV/0! | D28: 0 | E28: =7.75+8.95 -> 16.7 | H28: 437.28 | I28: =D28*F28*12/1000 -> 0 | J28: =E28*G28/1000 -> 0 | K28: =E28*H28/1000 -> 7.302576 | N28: =ROUND((E28*H28/1000),1) -> 7.3 | Q28: 2006.8 | R28: 2623.4 | S28: =SUM(Q28:R28) -> 4630.2
B29: НН несетевым организациям (НАСЕЛЕНИЕ) | C29: =E29/D29 -> 4400 | D29: 0.03 | E29: =61.29+70.71 -> 132 | H29: =H28 -> 437.28 | K29: =H29*E29/1000 -> 57.72096 | N29: =ROUND((E29*H29/1000),1) -> 57.7
A30: III. | B30: Платежи ФГУП «ГНПРКЦ «ЦСКБ-Прогресс» в адрес: | D30: Сальдо-переток | F30: Индивидуальный тариф | I30: по двухставочному тарифу | L30: по одноставочному тарифу
D31: Мощность, Мвт | E31: ЭЭ, тыс.кВт.ч | F31: руб./ МВт.мес. | G31: руб./МВт.ч | H31: одност. руб./МВт.ч | I31: =SUM(I32:I35) -> 10236.238 | J31: =SUM(J32:J35) -> 1118.5294 | K31: =SUM(K32:K35) -> 11354.767 | L31: =SUM(L35:L35) -> 0 | M31: =SUM(M35:M35) -> 0 | N31: =SUM(N32:N35) -> 11362.466
A32: 1 | B32: ЗАО "ССК" (п.179) | C32: =E32/D32 -> 7593.7143 | D32: 0.07 | E32: 531.56 | F32: 397902.31 | G32: 93.93 | H32: =K32/E32*1000+35.93 -> 758.64685 | I32: =$D32*$F32*12/1000 -> 334.23794 | J32: =$E32*$G32/1000 -> 49.929431 | K32: =I32+J32 -> 384.16737 | N32: =E32*H32/1000 -> 403.26632
A33: 2 | B33: ООО "Энергонефть Самара" (п.182) | C33: =E33/D33 -> 6603 | D33: 0.07 | E33: 462.21 | F33: 139799.97 | G33: 95.89 | H33: =K33/E33*1000-18.03 -> 331.81098 | I33: =ROUND(($D$33*$F$33*12/1000),1) -> 117.4 | J33: =ROUND(($E$33*$G$33/1000),1) -> 44.3 | K33: =I33+J33 -> 161.7 | N33: =E33*H33/1000 -> 153.36635
A34: 3 | B34: ОАО "МРСК Волги" (п.181) | C34: =E34/D34 -> 7634.3021 | D34: =D24+D32+D35+D38+D39+G42-D33+0.01 -> 2.87 | E34: =$E$24+$E$38+$E$39+$E$32+$E$35+$E$42-$E$33 -> 21910.447 | F34: 283891.76 | G34: 46.69 | H34: =K34/E34*1000-0.15 -> 492.77468 | I34: =ROUND(($D$34*$F$34*12/1000),1) -> 9777.2 | J34: =ROUND(($E$34*$G$34/1000),1) -> 1023 | K34: =I34+J34 -> 10800.2 | N34: =E34*H34/1000 -> 10796.913
A35: 4 | B35: ОАО "РЖД" (п.180) | C35: =E35/D35 -> 9036.7889 | D35: 0.09 | E35: 813.311 | F35: 6820.2 | G35: 1.61 | H35: =K35/E35*1000+0.27 -> 10.967015 | I35: =ROUND(($D$35*$F$35*12/1000),1) -> 7.4 | J35: =ROUND(($E$35*$G$35/1000),1) -> 1.3 | K35: =I35+J35 -> 8.7 | N35: =E35*H35/1000 -> 8.919594
A36: IV. | B36: Платежи в адрес ФГУП «ГНПРКЦ «ЦСКБ-Прогресс» от смежных сетевых всего: | F36: руб./ МВт.мес. | G36: руб./МВт.ч | H36: руб./МВт.ч | I36: =SUM(I37:I39) -> 2627.1599 | J36: =SUM(J37:J39) -> 1306.7418 | K36: =SUM(K37:K39) -> 3933.9017 | L36: =SUM(L38:L39) -> 0 | M36: =SUM(M38:M39) -> 0 | N36: =SUM(N37:N39) -> 3938.9028
A37: 1 | B37: ОАО "МРСК Волги" (п.162) | C37: =E37/D37 -> 7660.9955 | D37: =$D$24+$D$38+$D$39+$D$32+$D$35+$G$42-$D$33 -> 2.86 | E37: =$E$24+$E$38+$E$39+$E$32+$E$35+$E$42-$E$33 -> 21910.447 | H37: =K37/E37*1000 -> 0 | I37: =$D$37*$F$37*12/1000 -> 0 | J37: =$E$37*$G$37/1000 -> 0 | K37: =I37+J37 -> 0 | N37: =E37*H37/1000 -> 0
A38: 1 | B38: ООО "Энерго" (п.140) | C38: =E38/D38 -> 8642.2018 | D38: ='[15]П1.30 -01.11.11г.'!$D$22 -> 1.09 | E38: ='[15]П1.30 -01.11.11г.'!$C$22 -> 9420 | F38: 181738.41 | G38: 125.28 | H38: =K38/E38*1000 -> 377.63015 | I38: =$D38*$F38*12/1000 -> 2377.1384 | J38: =$E38*$G38/1000 -> 1180.1376 | K38: =I38+J38 -> 3557.276 | N38: =E38*H38/1000 -> 3557.276
A39: 2 | B39: МП г.о.Самара "Самарский метрополитен" (п.57) | C39: =E39/D39 -> 6740 | D39: 0.1 | E39: 674 | F39: 208351.27 | G39: 187.84 | H39: =K39/E39*1000+7.42 -> 566.21182 | I39: =$D$39*$F$39*12/1000 -> 250.02152 | J39: =$E$39*$G$39/1000 -> 126.60416 | K39: =I39+J39 -> 376.62568 | N39: =E39*H39/1000 -> 381.62676
B41: Число месяцев работы М = 12
D42: Потери в сетях ФГУП «ГНПРКЦ «ЦСКБ-Прогресс» на потребителя - | E42: =(E24+E32+E35+E38+E39)/(1-7/100)*7/100 -> 1566.086 | F42: тыс.кВт.ч | G42: 0.21 | H42: =E42/(E34+E33) -> 0.07
D43: Тариф покупки потерь на потребителя - | E43: =2216.76/1566.09*1000 -> 1415.4742 | F43: руб./тыс.кВт.ч
E45: руб./тыс.кВт.ч | G45: платежи от 3-х орг. В адрес ОАО "1253 ЦРБРЛВ" по один.тарифу
G46: Индивидуальный тариф | J46: проверка по 2-х став.
G47: руб./ МВт.мес. | H47: руб./МВт.ч | I47: одност. руб./МВт.ч
F49: Платежи в адрес ОАО "1253 ЦРБРЛВ" от :
F50: ОАО "МРСК Волги"
F51: ООО "Энерго"
F52: ЗАО "ЗаСеКо"
F53: ИТОГО
B59: 1 полугодие 2012 г.
B60: Уровень напряжения | E60: Ставка за содержание электрических сетей | F60: Ставка | G60: Тариф на услуги по передаче электрической энергии
F61: за оплату потерь электрической энергии в сетях
E62: ТСОД | F62: ТПОТ | H62: часов в год
E63: руб./МВт.мес. | F63: руб./МВт.ч. | G63: руб./МВт.ч.
B64: ВН | E64: ='1 И 2 ПОЛУГОДИЕ 2012'!B53 -> 364484.63 | F64: ='1 И 2 ПОЛУГОДИЕ 2012'!D53 -> 151.36 | G64: ='1 И 2 ПОЛУГОДИЕ 2012'!F53 -> 671 | H64: =(E64*12/(G64-F64)) -> 8417.0109
B65: СН1 | E65: ='1 И 2 ПОЛУГОДИЕ 2012'!B54 -> 684381.17 | F65: ='1 И 2 ПОЛУГОДИЕ 2012'!D54 -> 162.12 | G65: ='1 И 2 ПОЛУГОДИЕ 2012'!F54 -> 1153.65 | H65: =(E65*12/(G65-F65)) -> 8282.7288
B66: СН2 | E66: ='1 И 2 ПОЛУГОДИЕ 2012'!B55 -> 942948.34 | F66: ='1 И 2 ПОЛУГОДИЕ 2012'!D55 -> 414.16 | G66: ='1 И 2 ПОЛУГОДИЕ 2012'!F55 -> 1847.1 | H66: =(E66*12/(G66-F66)) -> 7896.6182
B67: НН | E67: ='1 И 2 ПОЛУГОДИЕ 2012'!B56 -> 1640145.1 | F67: ='1 И 2 ПОЛУГОДИЕ 2012'!D56 -> 472.06 | G67: ='1 И 2 ПОЛУГОДИЕ 2012'!F56 -> 2747.68 | H67: =(E67*12/(G67-F67)) -> 8648.9578
B68: Население | G68: ='1 И 2 ПОЛУГОДИЕ 2012'!F57 -> 437.28 | H68: =(E68*12/(G68-F68)) -> 0

Sheet 1п-е 2012
A1: Расчет по договорам оказания услуг по передаче электрической энергии на 1 полугодие 2012 г.
A2: ФГУП «ГНПРКЦ «ЦСКБ-Прогресс»
A3: Объемы организ.по стр-ре Самараэнерго
B4: Единые (котловые) тарифы на услуги по передаче электрической энергии на 2010 г.
B6: Уровень напряжения | D6: Ставка за содержание электрических сетей | E6: Ставка за оплату потерь электрической энергии в сетях | F6: Тариф на услуги по передаче электрической энергии
D8: ТСОД | E8: ТПОТ
D9: руб./МВт.мес. | E9: руб./МВт.ч | F9: руб./МВт.ч | G9: часов в год
B10: ВН | D10: 300621.82 | E10: 176.8 | F10: 592.41 | G10: =(D10*12/(F10-E10)) -> 8679.9207
B11: СН1 | D11: 490793.23 | E11: 180 | F11: 969.48 | G11: =(D11*12/(F11-E11)) -> 7459.9974
B12: СН2 | D12: 680321 | E12: 210 | F12: 1441.35 | G12: =(D12*12/(F12-E12)) -> 6630.0012 | H12: МРСК
B13: НН | D13: 851305.82 | E13: 432 | F13: 2296.17 | G13: =(D13*12/(F13-E13)) -> 5480.0098 | H13: =(365-53)*16 -> 4992 | I13: 16 час.в день, за "_" воскрес. | L13: 16 час.в день, за "_" воскрес.
B15: Показатели | D15: Полезный отпуск | F15: Единый (котловой) тариф | I15: Платежи за 1 полугодие, тыс.руб.
F16: двухставочный | H16: одно- ставочный | I16: по 2- став. | L16: по одностав.
D17: Мощность, Мвт | E17: ЭЭ, тыс.кВт.ч | F17: Ставка за содержание электрических сетей, руб./ МВт.мес. | G17: Ставка за оплату потерь электрической энергии в сетях, руб./МВт.ч | H17: по факту потребления электро- энергии, руб./МВт.ч | I17: Содержание | J17: Потери | K17: Итого | L17: Содер- жание | M17: Потери | N17: Итого
A18: 1 | B18: 2 | D18: 3 | E18: 4 | F18: 5 | G18: 6 | H18: 7 | I18: 8= ст.3 х ст.5 х 12 мес. | J18: 9= ст.4 х ст.6 | K18: 10=8+9 | L18: 11 | M18: 12 | N18: 13 | O18: потери, тыс.руб.
A19: I. | B19: Необходимая валовая выручка (НВВ) | I19: ='2012'!I19/2 -> 1372.4 | J19: =E42*E43/1000 -> 1090.8186 | K19: =ROUND((I19+J19),1) -> 2463.2 | L19: при работе с сетевыми по одностав.тарифу | N19: =N23-N31+N36 -> 2514.6138 | O19: =$E$42*$E$43/1000 -> 1090.8186
